Workbook
Name \0: #REF!
Name \0: #REF!
Name \0: #REF!
Name \0: #REF!
Name \1: #REF!
Name \1: #REF!
Name \1: #REF!
Name \1: #REF!
Name \11: #REF!
Name \11: #REF!
Name \11: #REF!
Name \11: #REF!
Name \2: #REF!
Name \2: #REF!
Name \2: #REF!
Name \a: #REF!
Name \a: #REF!
Name \a: #REF!
Name \a: #REF!
Name \b: #REF!
Name \B: #REF!
Name \B: #REF!
Name \b: #REF!
Name \c: #REF!
Name \c: #REF!
Name \c: #REF!
Name \c: #REF!
Name \D: #REF!
Name \D: #REF!
Name \D: #REF!
Name \E: #REF!
Name \E: #REF!
Name \E: #REF!
Name \F: #REF!
Name \F: #REF!
Name \fagf: #REF!
Name \fagf: #REF!
Name \fagf: #REF!
Name \I: #REF!
Name \I: #REF!
Name \I: #REF!
Name \p: #REF!
Name \p: #REF!
Name \p: #REF!
Name \p: #REF!
Name \R: #REF!
Name \R: #REF!
Name \S: #REF!
Name \S: #REF!
Name \S: #REF!
Name \S: #REF!
Name \SA: #REF!
Name \SA: #REF!
Name \SA: #REF!
Name \w: #REF!
Name \w: #REF!
Name \w: #REF!
Name \w: #REF!
Name \x: #REF!
Name \x: #REF!

Sheet APOIO ABC
A1: ITEM | B1: FONTE | C1: CÓDIGO | D1: DESCRIÇÃO | E1: Unid. | F1: QUANTIDADE | G1: PREÇO UNIT. | H1: TOTAL
A2: 4.1.1 | B2: COMPOSIÇÃO | C2: COMP_06 | D2: Meio-fio de concreto - MFC 03 - areia e brita comerciais - fôrma de madeira | E2: m | F2: 15327.09 | G2: 81.78 | H2: =TRUNC(G2*F2,2) -> 1253449.4
A3: 4.1.2 | B3: COMPOSIÇÃO | C3: COMP_07 | D3: Meio-fio de concreto - MFC 05 - areia e brita comerciais - fôrma de madeira | E3: m | F3: =I3+J3+K3+L3+M3+N3 -> 3234.96 | G3: 71.37 | H3: =TRUNC(G3*F3,2) -> 230879.09 | I3: 415.43 | J3: 2819.53
A4: 4.1.3 | B4: COMPOSIÇÃO | C4: COMP_08 | D4: Sarjeta triangular de concreto - STC 100-20 - escavação mecânica - areia e brita | E4: m | F4: 10893.87 | G4: 73.02 | H4: =TRUNC(G4*F4,2) -> 795470.38
A5: 4.1.4 | B5: COMPOSIÇÃO | C5: COMP_09 | D5: Valeta de proteção de cortes com revestimento de concreto - VPCC 120-30 - escavação mecânica - areia e brita comerciais | E5: m | F5: 1502.29 | G5: 122.46 | H5: =TRUNC(G5*F5,2) -> 183970.43
A6: 4.1.5 | B6: COMPOSIÇÃO | C6: COMP_10 | D6: Valeta de proteção de aterros com revestimento de concreto - VPAC 120-30 - escavação mecânica - areia e brita comerciais | E6: m | F6: 2323.67 | G6: 122.46 | H6: =TRUNC(G6*F6,2) -> 284556.62
A7: 4.1.6 | B7: COMPOSIÇÃO | C7: COMP_11 | D7: Entrada para descida d'água - EDA 03 A - areia e brita comerciais | E7: un | F7: 23 | G7: 230.63 | H7: =TRUNC(G7*F7,2) -> 5304.49
A8: 4.1.7 | B8: COMPOSIÇÃO | C8: COMP_12 | D8: Entrada para descida d'água - EDA 15 A - areia e brita comerciais | E8: un | F8: 26 | G8: 1417.34 | H8: =TRUNC(G8*F8,2) -> 36850.84
A9: 4.1.8 | B9: COMPOSIÇÃO | C9: COMP_13 | D9: Entrada para descida d'água - EDA 03 B - areia e brita comerciais | E9: un | F9: 3 | G9: 334.64 | H9: =TRUNC(G9*F9,2) -> 1003.92
A10: 4.1.9 | B10: COMPOSIÇÃO | C10: COMP_14 | D10: Entrada para descida d'água - EDA 15 B - areia e brita comerciais | E10: un | F10: 6 | G10: 1925.55 | H10: =TRUNC(G10*F10,2) -> 11553.3
A11: 4.1.10 | B11: COMPOSIÇÃO | C11: COMP_15 | D11: Descida d'água de aterros em degraus - DAD 110-26 - areia e brita comerciais | E11: m | F11: 16.45 | G11: 954.69 | H11: =TRUNC(G11*F11,2) -> 15704.65
A12: 4.1.11 | B12: COMPOSIÇÃO | C12: COMP_16 | D12: Descida d'água de aterros em degraus - DAD 60-36 - areia e brita comerciais | E12: m | F12: 24.93 | G12: 817.84 | H12: =TRUNC(G12*F12,2) -> 20388.75
A13: 4.1.12 | B13: COMPOSIÇÃO | C13: COMP_17 | D13: Descida d'água de cortes em degraus - DCD 60-30 - areia e brita comerciais | E13: m | F13: 15.86 | G13: 746.04 | H13: =TRUNC(G13*F13,2) -> 11832.19
A14: 4.1.13 | B14: COMPOSIÇÃO | C14: COMP_18 | D14: Descida d'água de aterros tipo rápido - DAR 60-30 - areia e brita comerciais | E14: m | F14: =I14+J14+K14+L14+M14+N14 -> 292.8 | G14: 442.5 | H14: =TRUNC(G14*F14,2) -> 129564 | I14: 278.68 | J14: 14.12
A15: 4.1.14 | B15: COMPOSIÇÃO | C15: COMP_19 | D15: Descida d'água de aterros tipo rápido com tampa - DAR 60-30 - areia e brita comerciais | E15: m | F15: 196.66 | G15: 470.93 | H15: =TRUNC(G15*F15,2) -> 92613.09
A16: 4.1.15 | B16: COMPOSIÇÃO | C16: COMP_20 | D16: Dissipador de energia - DES 120-360 - areia, brita e pedra de mão comerciais | E16: un | F16: 2 | G16: 1351.95 | H16: =TRUNC(G16*F16,2) -> 2703.9
A17: 4.1.16 | B17: COMPOSIÇÃO | C17: COMP_21 | D17: Dissipador de energia - DEB 180-263 - areia, brita e pedra de mão comerciais | E17: un | F17: 1 | G17: 1226.58 | H17: =TRUNC(G17*F17,2) -> 1226.58
A18: 4.1.17 | B18: COMPOSIÇÃO | C18: COMP_22 | D18: Dissipador de energia - DED 01 A - areia, brita e pedra de mão comerciais | E18: un | F18: 5 | G18: 866.35 | H18: =TRUNC(G18*F18,2) -> 4331.75
A19: 4.1.18 | B19: COMPOSIÇÃO | C19: COMP_23 | D19: Dissipador de energia - DED 01 B - areia e brita comerciais | E19: un | F19: 11 | G19: 821.28 | H19: =TRUNC(G19*F19,2) -> 9034.08
A20: 4.1.19 | B20: COMPOSIÇÃO | C20: COMP_24 | D20: Dreno longitudinal profundo para corte em solo - DPS 07 - tubo PEAD e brita comercial | E20: m | F20: 550.16 | G20: 246.11 | H20: =TRUNC(G20*F20,2) -> 135399.87
A21: 4.1.20 | B21: SICRO | C21: 4805749 | D21: Escavação manual de vala em material de 1ª categoria | E21: m³ | F21: 412.62 | G21: 90.95 | H21: =TRUNC(G21*F21,2) -> 37527.78
A22: 4.1.21 | B22: COMPOSIÇÃO | C22: COMP_25 | D22: Boca de BSTC D = 0,60 m - esconsidade 45° - areia e brita comerciais - alas retas | E22: un | F22: 1 | G22: 1063.34 | H22: =TRUNC(G22*F22,2) -> 1063.34
A23: 4.1.22 | B23: COMPOSIÇÃO | C23: COMP_26 | D23: Boca de BSTC D = 0,60 m - esconsidade 0° - areia e brita comerciais - alas esconsas | E23: un | F23: =I23+J23+K23+L23+M23+N23 -> 3 | G23: 1415.47 | H23: =TRUNC(G23*F23,2) -> 4246.41 | I23: 1 | J23: 2
A24: 4.1.23 | B24: COMPOSIÇÃO | C24: COMP_27 | D24: Boca de BSTC D = 0,60 m - esconsidade 0° - areia e brita comerciais - alas retas | E24: un | F24: 1 | G24: 962.03 | H24: =TRUNC(G24*F24,2) -> 962.03
A25: 4.1.24 | B25: COMPOSIÇÃO | C25: COMP_28 | D25: Corpo de BSTC D = 0,60 m PA1 - areia, brita e pedra de mão comerciais | E25: m | F25: =I25+J25+K25+L25+M25+N25 -> 56.5 | G25: 480.5 | H25: =TRUNC(G25*F25,2) -> 27148.25 | I25: 51.5 | J25: 5
A26: 4.1.25 | B26: COMPOSIÇÃO | C26: COMP_29 | D26: Caixa coletora de sarjeta - CCS 200-60 A - com grelha de concreto - areia e brita comerciais | E26: un | F26: =I26+J26+K26+L26+M26+N26 -> 6 | G26: 5799.15 | H26: =TRUNC(G26*F26,2) -> 34794.9 | I26: 4 | J26: 2
A27: 4.1.26 | B27: SICRO | C27: 5501706 | D27: Escavação mecânica com retroescavadeira em material de 1ª categoria | E27: m³ | F27: 537.23 | G27: 7.98 | H27: =TRUNC(G27*F27,2) -> 4287.09
A28: 4.1.27 | B28: SICRO | C28: 4815671 | D28: Reaterro e compactação com soquete vibratório | E28: m³ | F28: 302.38 | G28: 20.87 | H28: =TRUNC(G28*F28,2) -> 6310.67
A29: 4.2.3 | B29: COMPOSIÇÃO | C29: COMP_30 | D29: Sarjeta triangular de concreto - STC 125-25 - escavação mecânica - areia e brita comerciais | E29: m | F29: 467.41 | G29: 88.57 | H29: =TRUNC(G29*F29,2) -> 41398.5
A30: 4.3.1 | B30: SICRO | C30: 4915712 | D30: Limpeza de bueiro | E30: m³ | F30: 117.04 | G30: 26.85 | H30: =TRUNC(G30*F30,2) -> 3142.52
A31: 4.3.2 | B31: SICRO | C31: 4915633 | D31: Limpeza e desobstrução mecanizada de bueiros com diâmetro de até 1,00 m | E31: m | F31: 158.91 | G31: 23.91 | H31: =TRUNC(G31*F31,2) -> 3799.53
A32: 4.3.3 | B32: SICRO | C32: 1619006 | D32: Demolição mecânica de concreto simples com escavadeira hidráulica | E32: m³ | F32: 52.79 | G32: 53.74 | H32: =TRUNC(G32*F32,2) -> 2836.93
A33: 4.3.4 | B33: COTAÇÃO | C33: COTAÇÃO | D33: Destinação de resíduos sólidos em aterro licenciado (entulho) | E33: t | F33: =I33+J33+K33+L33+M33+N33 -> 128.812 | G33: 92 | H33: =TRUNC(G33*F33,2) -> 11850.7 | I33: 126.7 | J33: 2.112
A34: 4.3.5 | B34: COTAÇÃO | C34: COTAÇÃO | D34: Destinação de resíduos sólidos em aterro licenciado (material escavado) | E34: t | F34: 301.93 | G34: 109.25 | H34: =TRUNC(G34*F34,2) -> 32985.85
A35: 4.3.6 | B35: SICRO | C35: 5914647 | D35: Carga, manobra e descarga de agregados ou solos em caminhão basculante de 10 m³ - carga com carregadeira de 3,40 m³ (exclusa) e descarga livre | E35: t | F35: =I35+J35+K35+L35+M35+N35 -> 430.742 | G35: 2.21 | H35: =TRUNC(G35*F35,2) -> 951.93 | I35: 428.63 | J35: 2.112
A36: 4.3.7 | B36: SICRO | C36: 5914389 | D36: Transporte com caminhão basculante de 10 m³ - rodovia pavimentada | E36: tkm | F36: =I36+J36+K36+L36+M36+N36 -> 6525.7413 | G36: 1 | H36: =TRUNC(G36*F36,2) -> 6525.74 | I36: 6493.7445 | J36: 31.9968
A37: 4.3.9 | B37: COMPOSIÇÃO | C37: COMP_31 | D37: Boca de BSTC D = 0,80 m - esconsidade 0° - areia e brita comerciais - alas esconsas | E37: un | F37: 1 | G37: 2365.82 | H37: =TRUNC(G37*F37,2) -> 2365.82
A38: 4.3.10 | B38: COMPOSIÇÃO | C38: COMP_32 | D38: Boca de BSTC D = 0,80 m - esconsidade 15° - areia e brita comerciais - alas esconsas | E38: un | F38: 1 | G38: 2493.14 | H38: =TRUNC(G38*F38,2) -> 2493.14
A39: 4.3.11 | B39: COMPOSIÇÃO | C39: COMP_33 | D39: Boca de BDTC D = 0,80 m - esconsidade 0° - areia e brita comerciais - alas retas | E39: un | F39: 2 | G39: 1970.28 | H39: =TRUNC(G39*F39,2) -> 3940.56
A40: 4.3.12 | B40: COMPOSIÇÃO | C40: COMP_34 | D40: Boca de BSCC 1,50 x 1,50 m - esconsidade 0° - areia e brita comerciais | E40: un | F40: 17 | G40: 14420.36 | H40: =TRUNC(G40*F40,2) -> 245146.12
A41: 4.3.13 | B41: COMPOSIÇÃO | C41: COMP_35 | D41: Boca de BSCC 2,00 x 2,00 m - esconsidade 0° - areia e brita comerciais | E41: un | F41: 1 | G41: 22416.72 | H41: =TRUNC(G41*F41,2) -> 22416.72
A42: 4.3.15 | B42: COMPOSIÇÃO | C42: COMP_36 | D42: Corpo de BSTC D = 0,80 m PA1 - areia, brita e pedra de mão comerciais | E42: m | F42: 5 | G42: 782.27 | H42: =TRUNC(G42*F42,2) -> 3911.35
A43: 4.3.16 | B43: COMPOSIÇÃO | C43: COMP_37 | D43: Corpo de BDTC D = 0,80 m PA1 - areia, brita e pedra de mão comerciais | E43: m | F43: 5 | G43: 1495.7 | H43: =TRUNC(G43*F43,2) -> 7478.5
A44: 4.3.17 | B44: COMPOSIÇÃO | C44: COMP_38 | D44: Corpo de BSCC 1,50 x 1,50 m - moldado no local - altura do aterro 0,00 a 1,00 m - areia e brita comerciais | E44: m | F44: 44 | G44: 2998.2 | H44: =TRUNC(G44*F44,2) -> 131920.8
A45: 4.3.18 | B45: COMPOSIÇÃO | C45: COMP_39 | D45: Corpo de BSCC 2,00 x 2,00 m - moldado no local - altura do aterro 0,00 a 1,00 m - areia e brita comerciais | E45: m | F45: 5 | G45: 4178.85 | H45: =TRUNC(G45*F45,2) -> 20894.25
A46: 5.1 | B46: SICRO | C46: 5501700 | D46: Desmatamento, destocamento e limpeza de área com árvores de diâmetro até 0,15 m | E46: m² | F46: 105404.73 | G46: 0.64 | H46: =TRUNC(G46*F46,2) -> 67459.02
A47: 5.2 | B47: SICRO | C47: 5501701 | D47: Destocamento de árvores com diâmetro de 0,15 a 0,30 m | E47: un | F47: 528 | G47: 47.27 | H47: =TRUNC(G47*F47,2) -> 24958.56
A48: 5.3 | B48: SICRO | C48: 5501702 | D48: Destocamento de árvores com diâmetro maior que 0,30 m | E48: un | F48: 106 | G48: 118.18 | H48: =TRUNC(G48*F48,2) -> 12527.08
A49: 5.4 | B49: SICRO | C49: 5501710 | D49: Escavação, carga e transporte em material de 1ª categoria - DMT de 50 m | E49: m³ | F49: 7523.726 | G49: 3.38 | H49: =TRUNC(G49*F49,2) -> 25430.19
A50: 5.5 | B50: SICRO | C50: 5502161 | D50: Escavação, carga e transporte de material de 1ª categoria - DMT de 50 a 200 m - caminho de serviço pavimentado - com escavadeira e caminhão basculante de 14 m³ | E50: m³ | F50: 2707.306 | G50: 6.42 | H50: =TRUNC(G50*F50,2) -> 17380.9
A51: 5.6 | B51: SICRO | C51: 5502162 | D51: Escavação, carga e transporte de material de 1ª categoria - DMT de 200 a 400 m - caminho de serviço pavimentado - com escavadeira e caminhão basculante de 14 m³ | E51: m³ | F51: 12015.464 | G51: 7.28 | H51: =TRUNC(G51*F51,2) -> 87472.58
A52: 5.7 | B52: SICRO | C52: 5502164 | D52: Escavação, carga e transporte de material de 1ª categoria - DMT de 600 a 800 m - caminho de serviço pavimentado - com escavadeira e caminhão basculante de 14 m³ | E52: m³ | F52: 2.513 | G52: 7.74 | H52: =TRUNC(G52*F52,2) -> 19.45
A53: 5.8 | B53: SICRO | C53: 5502165 | D53: Escavação, carga e transporte de material de 1ª categoria - DMT de 800 a 1.000 m - caminho de serviço pavimentado - com escavadeira e caminhão basculante de 14 m³ | E53: m³ | F53: 3489.535 | G53: 7.97 | H53: =TRUNC(G53*F53,2) -> 27811.59
A54: 5.9 | B54: SICRO | C54: 5502166 | D54: Escavação, carga e transporte de material de 1ª categoria - DMT de 1.000 a 1.200 m - caminho de serviço pavimentado - com escavadeira e caminhão basculante de 14 m³ | E54: m³ | F54: 1683.605 | G54: 8.69 | H54: =TRUNC(G54*F54,2) -> 14630.52
A55: 5.10 | B55: SICRO | C55: 5502168 | D55: Escavação, carga e transporte de material de 1ª categoria - DMT de 1.400 a 1.600 m - caminho de serviço pavimentado - com escavadeira e caminhão basculante de 14 m³ | E55: m³ | F55: 3963.953 | G55: 9.03 | H55: =TRUNC(G55*F55,2) -> 35794.49
A56: 5.11 | B56: SICRO | C56: 5502169 | D56: Escavação, carga e transporte de material de 1ª categoria - DMT de 1.600 a 1.800 m - caminho de serviço pavimentado - com escavadeira e caminhão basculante de 14 m³ | E56: m³ | F56: 3963.953 | G56: 9.26 | H56: =TRUNC(G56*F56,2) -> 36706.2
A57: 5.12 | B57: SICRO | C57: 5502171 | D57: Escavação, carga e transporte de material de 1ª categoria - DMT de 2.000 a 2.500 m - caminho de serviço pavimentado - com escavadeira e caminhão basculante de 14 m³ | E57: m³ | F57: 500.647 | G57: 9.78 | H57: =TRUNC(G57*F57,2) -> 4896.32
A58: 5.13 | B58: COMPOSIÇÃO | C58: COMP_40 | D58: Escavação, carga e transporte de material de 1ª categoria - dmt de 3.000 a 3.500 m - caminho de serviço pavimentado - com escavadeira e caminhão basculante de 14 m³ | E58: m³ | F58: 1042.93 | G58: 11.5 | H58: =TRUNC(G58*F58,2) -> 11993.69
A59: 5.14 | B59: COMPOSIÇÃO | C59: COMP_41 | D59: Escavação, carga e transporte de material de 1ª categoria - dmt de 5.500 a 6.000 m - caminho de serviço pavimentado - com escavadeira e caminhão basculante de 14 m³ | E59: m³ | F59: 1317.953 | G59: 15.25 | H59: =TRUNC(G59*F59,2) -> 20098.78
A60: 5.15 | B60: COMPOSIÇÃO | C60: COMP_42 | D60: Escavação, carga e transporte de material de 1ª categoria - dmt de 6.000 a 6.500 m - caminho de serviço pavimentado - com escavadeira e caminhão basculante de 14 m³ | E60: m³ | F60: 7103.25 | G60: 16 | H60: =TRUNC(G60*F60,2) -> 113652
A61: 5.16 | B61: SICRO | C61: 5502187 | D61: Escavação, carga e transporte de material de 2ª categoria - DMT de 50 m | E61: m³ | F61: 138.9405 | G61: 8.71 | H61: =TRUNC(G61*F61,2) -> 1210.17
A62: 5.17 | B62: SICRO | C62: 5502637 | D62: Escavação, carga e transporte de material de 2ª categoria - DMT de 50 a 200 m - caminho de serviço pavimentado - com escavadeira e caminhão basculante de 14 m³ | E62: m³ | F62: 616.371 | G62: 9.8 | H62: =TRUNC(G62*F62,2) -> 6040.43
A63: 5.18 | B63: SICRO | C63: 5502638 | D63: Escavação, carga e transporte de material de 2ª categoria - DMT de 200 a 400 m - caminho de serviço pavimentado - com escavadeira e caminhão basculante de 14 m³ | E63: m³ | F63: 2574.7423 | G63: 10.15 | H63: =TRUNC(G63*F63,2) -> 26133.63
A64: 5.19 | B64: SICRO | C64: 5502640 | D64: Escavação, carga e transporte de material de 2ª categoria - DMT de 600 a 800 m - caminho de serviço pavimentado - com escavadeira e caminhão basculante de 14 m³ | E64: m³ | F64: 0.5385 | G64: 10.7 | H64: =TRUNC(G64*F64,2) -> 5.76
A65: 5.20 | B65: SICRO | C65: 5502641 | D65: Escavação, carga e transporte de material de 2ª categoria - DMT de 800 a 1.000 m - caminho de serviço pavimentado - com escavadeira e caminhão basculante de 14 m³ | E65: m³ | F65: 747.7575 | G65: 10.93 | H65: =TRUNC(G65*F65,2) -> 8172.98
A66: 5.21 | B66: SICRO | C66: 5502642 | D66: Escavação, carga e transporte de material de 2ª categoria - DMT de 1.000 a 1.200 m - caminho de serviço pavimentado - com escavadeira e caminhão basculante de 14 m³ | E66: m³ | F66: 360.7725 | G66: 11.11 | H66: =TRUNC(G66*F66,2) -> 4008.18
A67: 5.22 | B67: SICRO | C67: 5502643 | D67: Escavação, carga e transporte de material de 2ª categoria - DMT de 1.200 a 1.400 m - caminho de serviço pavimentado - com escavadeira e caminhão basculante de 14 m³ | E67: m³ | F67: 489.471 | G67: 11.35 | H67: =TRUNC(G67*F67,2) -> 5555.49
A68: 5.23 | B68: SICRO | C68: 5502644 | D68: Escavação, carga e transporte de material de 2ª categoria - DMT de 1.400 a 1.600 m - caminho de serviço pavimentado - com escavadeira e caminhão basculante de 14 m³ | E68: m³ | F68: 849.4185 | G68: 12.43 | H68: =TRUNC(G68*F68,2) -> 10558.27
A69: 5.24 | B69: SICRO | C69: 5502645 | D69: Escavação, carga e transporte de material de 2ª categoria - DMT de 1.600 a 1.800 m - caminho de serviço pavimentado - com escavadeira e caminhão basculante de 14 m³ | E69: m³ | F69: 87.579 | G69: 12.68 | H69: =TRUNC(G69*F69,2) -> 1110.5
A70: 5.25 | B70: SICRO | C70: 5502647 | D70: Escavação, carga e transporte de material de 2ª categoria - DMT de 2.000 a 2.500 m - caminho de serviço pavimentado - com escavadeira e caminhão basculante de 14 m³ | E70: m³ | F70: 107.28 | G70: 13.23 | H70: =TRUNC(G70*F70,2) -> 1419.31
A71: 5.26 | B71: COMPOSIÇÃO | C71: COMP_43 | D71: Escavação, carga e transporte de material de 2ª categoria - dmt de 3.000 a 3.500 m - caminho de serviço pavimentado - com escavadeira e caminhão basculante de 14 m³ | E71: m³ | F71: 223.485 | G71: 14.6 | H71: =TRUNC(G71*F71,2) -> 3262.88
A72: 5.27 | B72: COMPOSIÇÃO | C72: COMP_44 | D72: Escavação, carga e transporte de material de 2ª categoria - dmt de 5.500 a 6.000 m - caminho de serviço pavimentado - com escavadeira e caminhão basculante de 14 m³ | E72: m³ | F72: 282.42 | G72: 18.77 | H72: =TRUNC(G72*F72,2) -> 5301.02
A73: 5.28 | B73: COMPOSIÇÃO | C73: COMP_45 | D73: Escavação, carga e transporte de material de 2ª categoria - dmt de 6.000 a 6.500 m - caminho de serviço pavimentado - com escavadeira e caminhão basculante de 14 m³ | E73: m³ | F73: 1522.13 | G73: 19.61 | H73: =TRUNC(G73*F73,2) -> 29848.96
A74: 5.29 | B74: SICRO | C74: 5502663 | D74: Escavação e transporte de material de 3ª categoria - DMT de 0 a 50 m | E74: m³ | F74: 138.9405 | G74: 41.21 | H74: =TRUNC(G74*F74,2) -> 5725.73
A75: 5.30 | B75: SICRO | C75: 5502794 | D75: Escavação, carga e transporte de material de 3ª categoria - DMT de 50 a 200 m - caminho de serviço pavimentado - com caminhão basculante de 12 m³ | E75: m³ | F75: 616.371 | G75: 50.69 | H75: =TRUNC(G75*F75,2) -> 31243.84
A76: 5.31 | B76: SICRO | C76: 5502795 | D76: Escavação, carga e transporte de material de 3ª categoria - DMT de 200 a 400 m - caminho de serviço pavimentado - com caminhão basculante de 12 m³ | E76: m³ | F76: 2574.7423 | G76: 51.24 | H76: =TRUNC(G76*F76,2) -> 131929.79
A77: 5.32 | B77: SICRO | C77: 5502797 | D77: Escavação, carga e transporte de material de 3ª categoria - DMT de 600 a 800 m - caminho de serviço pavimentado - com caminhão basculante de 12 m³ | E77: m³ | F77: 0.5385 | G77: 51.93 | H77: =TRUNC(G77*F77,2) -> 27.96
A78: 5.33 | B78: SICRO | C78: 5502798 | D78: Escavação, carga e transporte de material de 3ª categoria - DMT de 800 a 1.000 m - caminho de serviço pavimentado - com caminhão basculante de 12 m³ | E78: m³ | F78: 747.7575 | G78: 52.32 | H78: =TRUNC(G78*F78,2) -> 39122.67
A79: 5.34 | B79: SICRO | C79: 5502799 | D79: Escavação, carga e transporte de material de 3ª categoria - DMT de 1.000 a 1.200 m - caminho de serviço pavimentado - com caminhão basculante de 12 m³ | E79: m³ | F79: 360.7725 | G79: 54.55 | H79: =TRUNC(G79*F79,2) -> 19680.13
A80: 5.35 | B80: SICRO | C80: 5502800 | D80: Escavação, carga e transporte de material de 3ª categoria - DMT de 1.200 a 1.400 m - caminho de serviço pavimentado - com caminhão basculante de 12 m³ | E80: m³ | F80: 489.471 | G80: 54.9 | H80: =TRUNC(G80*F80,2) -> 26871.95
A81: 5.36 | B81: SICRO | C81: 5502801 | D81: Escavação, carga e transporte de material de 3ª categoria - DMT de 1.400 a 1.600 m - caminho de serviço pavimentado - com caminhão basculante de 12 m³ | E81: m³ | F81: 849.4185 | G81: 55.13 | H81: =TRUNC(G81*F81,2) -> 46828.44
A82: 5.37 | B82: SICRO | C82: 5502802 | D82: Escavação, carga e transporte de material de 3ª categoria - DMT de 1.600 a 1.800 m - caminho de serviço pavimentado - com caminhão basculante de 12 m³ | E82: m³ | F82: 87.579 | G82: 55.47 | H82: =TRUNC(G82*F82,2) -> 4858
A83: 5.38 | B83: SICRO | C83: 5502804 | D83: Escavação, carga e transporte de material de 3ª categoria - DMT de 2.000 a 2.500 m - caminho de serviço pavimentado - com caminhão basculante de 12 m³ | E83: m³ | F83: 107.28 | G83: 56.28 | H83: =TRUNC(G83*F83,2) -> 6037.71
A84: 5.39 | B84: COMPOSIÇÃO | C84: COMP_46 | D84: Escavação, carga e transporte de material de 3ª categoria - DMT de 3.000 a 3.500 m - caminho de serviço pavimentado - com caminhão basculante de 12 m³ | E84: m³ | F84: 223.485 | G84: 58.18 | H84: =TRUNC(G84*F84,2) -> 13002.35
A85: 5.40 | B85: COMPOSIÇÃO | C85: COMP_47 | D85: Escavação, carga e transporte de material de 3ª categoria - DMT de 5.500 a 6.000 m - caminho de serviço pavimentado - com caminhão basculante de 12 m³ | E85: m³ | F85: 282.42 | G85: 64.32 | H85: =TRUNC(G85*F85,2) -> 18165.25
A86: 5.41 | B86: COMPOSIÇÃO | C86: COMP_48 | D86: Escavação, carga e transporte de material de 3ª categoria - DMT de 6.000 a 6.500 m - caminho de serviço pavimentado - com caminhão basculante de 12 m³ | E86: m³ | F86: 1522.13 | G86: 65.54 | H86: =TRUNC(G86*F86,2) -> 99760.4
A87: 5.42 | B87: SICRO | C87: 5503041 | D87: Compactação de aterros a 100% do Proctor intermediário | E87: m³ | F87: 3850.14 | G87: 6.99 | H87: =TRUNC(G87*F87,2) -> 26912.47
A88: 5.43 | B88: SICRO | C88: 5502978 | D88: Compactação de aterros a 100% do Proctor normal | E88: m³ | F88: =I88+J88+K88+L88+M88+N88 -> 30097.61 | G88: 6.06 | H88: =TRUNC(G88*F88,2) -> 182391.51 | I88: 24920.61 | J88: 5177
A89: 6.1 | B89: COMPOSIÇÃO | C89: COMP_49 | D89: Reciclagem com incorporação do revestimento asfáltico à base e adição de 35% de brita comercial - 100% Proctor modificado | E89: m³ | F89: 27193.6 | G89: 159.13 | H89: =TRUNC(G89*F89,2) -> 4327317.6
A90: 6.2 | B90: COMPOSIÇÃO | C90: COMP_50 | D90: Base ou sub-base de brita graduada com brita comercial - 100% Proctor modificado | E90: m³ | F90: 1412.64 | G90: 280.01 | H90: =TRUNC(G90*F90,2) -> 395553.32
A91: 6.3 | B91: SICRO | C91: 4011212 | D91: Varredura da superfície para execução de revestimento asfáltico | E91: m² | F91: 143816 | G91: 0.08 | H91: =TRUNC(G91*F91,2) -> 11505.28
A92: 6.4 | B92: SICRO | C92: 4011351 | D92: Imprimação com asfalto diluído | E92: m² | F92: 143816 | G92: 0.46 | H92: =TRUNC(G92*F92,2) -> 66155.36
A93: 6.5 | B93: SICRO | C93: 4011353 | D93: Pintura de ligação | E93: m² | F93: 143816 | G93: 0.33 | H93: =TRUNC(G93*F93,2) -> 47459.28
A94: 6.6 | B94: COMPOSIÇÃO | C94: COMP_51 | D94: Concreto asfáltico - faixa C-12,5 - areia e brita comerciais | E94: t | F94: 17257.92 | G94: 249.77 | H94: =TRUNC(G94*F94,2) -> 4310510.7
A95: 6.7 | B95: COMPOSIÇÃO | C95: COMP_52 | D95: Execução de passeio em piso intertravado, com bloco retangular cor natural de 20 x 10 cm, espessura 6 cm | E95: m² | F95: 25886.05 | G95: 92.98 | H95: =TRUNC(G95*F95,2) -> 2406884.9
A96: 6.8 | B96: COMPOSIÇÃO | C96: COMP_53 | D96: Meio-fio de concreto - MFC 06 - areia e brita comerciais - fôrma de madeira | E96: m | F96: 20709 | G96: 40.92 | H96: =TRUNC(G96*F96,2) -> 847412.28
A97: 6.10 | B97: COMPOSIÇÃO | C97: ANP | D97: Aquisição de CM-30 | E97: t | F97: 172.54 | G97: 7832.76 | H97: =TRUNC(G97*F97,2) -> 1351464.4
A98: 6.11 | B98: COMPOSIÇÃO | C98: ANP | D98: Aquisição de RR-1C | E98: t | F98: 64.71 | G98: 4081.49 | H98: =TRUNC(G98*F98,2) -> 264113.21
A99: 6.12 | B99: COMPOSIÇÃO | C99: ANP | D99: Aquisição de CAP 50/70 | E99: t | F99: 975.587 | G99: 5630.67 | H99: =TRUNC(G99*F99,2) -> 5493208.5
A100: 6.13 | B100: COMPOSIÇÃO | C100: ANP | D100: Transporte de CM-30 | E100: t | F100: 172.54 | G100: 644.23 | H100: =TRUNC(G100*F100,2) -> 111155.44
...

Sheet 4.RESUMO
A2: GOVERNO DO ESTADO DE PERNAMBUCO
A3: DEPARTAMENTO DE ESTRADAS DE RODAGEM DO ESTADO DE PERNAMBUCO
A5: CLIENTE: | B5: DEPARTAMENTO DE ESTRADAS DE RODAGEM DO ESTADO DE PERNAMBUCO | E5: DATA BASE: | F5: OUTUBRO/2025 SEM DESONERAÇÃO
A6: OBRA: | B6: ELABORAÇÃO DO PROJETO EXECUTIVO DE ENGENHARIA PARA RESTAURAÇÃO DA RODOVIA PE-219.
A7: LOCAL: | B7: PE-219 TRECHO: ENTR. PE-197 (PESQUEIRA) / CIMBRES EXTENSÃO: 18,30 KM
C8: R$ | E8: % | F8: VALOR / KM
A9: 1.0 | B9: =VLOOKUP(A9,'5.SINTETICO'!A:E,5,FALSE) -> ADMINISTRAÇAO | C9: =VLOOKUP(A9,'5.SINTETICO'!A:K,11,FALSE) -> 1700667 | E9: =C9/$C$19 -> 0.041630202 | F9: =C9/$E$20 -> 92932.623
A10: 2.0 | B10: =VLOOKUP(A10,'5.SINTETICO'!A:E,5,FALSE) -> CANTEIRODEOBRAS | C10: =VLOOKUP(A10,'5.SINTETICO'!A:K,11,FALSE) -> 578571.52 | E10: =C10/$C$19 -> 0.014162707 | F10: =C10/$E$20 -> 31615.93
A11: 3.0 | B11: =VLOOKUP(A11,'5.SINTETICO'!A:E,5,FALSE) -> MOBILIZAÇAO/DESMOBILIZAÇÃO | C11: =VLOOKUP(A11,'5.SINTETICO'!A:K,11,FALSE) -> 503143.82 | E11: =C11/$C$19 -> 0.012316332 | F11: =C11/$E$20 -> 27494.198
A12: 4.0 | B12: =VLOOKUP(A12,'5.SINTETICO'!A:E,5,FALSE) -> DRENAGEM | C12: =VLOOKUP(A12,'5.SINTETICO'!A:K,11,FALSE) -> 8460701.6 | E12: =C12/$C$19 -> 0.2071074 | F12: =C12/$E$20 -> 462333.42
A13: 5.0 | B13: =VLOOKUP(A13,'5.SINTETICO'!A:E,5,FALSE) -> TERRAPLENAGEM | C13: =VLOOKUP(A13,'5.SINTETICO'!A:K,11,FALSE) -> 1353697.8 | E13: =C13/$C$19 -> 0.033136828 | F13: =C13/$E$20 -> 73972.555
A14: 6.0 | B14: =VLOOKUP(A14,'5.SINTETICO'!A:E,5,FALSE) -> PAVIMENTAÇÃO | C14: =VLOOKUP(A14,'5.SINTETICO'!A:K,11,FALSE) -> 22968555 | E14: =C14/$C$19 -> 0.5622415 | F14: =C14/$E$20 -> 1255112.3
A15: 7.0 | B15: =VLOOKUP(A15,'5.SINTETICO'!A:E,5,FALSE) -> SINALIZAÇÃO | C15: =VLOOKUP(A15,'5.SINTETICO'!A:K,11,FALSE) -> 1044201 | E15: =C15/$C$19 -> 0.025560735 | F15: =C15/$E$20 -> 57060.163
A16: 8.0 | B16: =VLOOKUP(A16,'5.SINTETICO'!A:E,5,FALSE) -> OBRASCOMPLEMENTARES | C16: =VLOOKUP(A16,'5.SINTETICO'!A:K,11,FALSE) -> 2899086.1 | E16: =C16/$C$19 -> 0.070966002 | F16: =C16/$E$20 -> 158420
A17: 9.0 | B17: =VLOOKUP(A17,'5.SINTETICO'!A:E,5,FALSE) -> OBRASDEARTEESPECIAL | C17: =VLOOKUP(A17,'5.SINTETICO'!A:K,11,FALSE) -> 219157.47 | E17: =C17/$C$19 -> 0.0053647009 | F17: =C17/$E$20 -> 11975.818
A18: 10.0 | B18: =VLOOKUP(A18,'5.SINTETICO'!A:E,5,FALSE) -> PROTEÇÃOVEGETAL | C18: =VLOOKUP(A18,'5.SINTETICO'!A:K,11,FALSE) -> 1123978.6 | E18: =C18/$C$19 -> 0.02751359 | F18: =C18/$E$20 -> 61419.593
B19: TOTAL | C19: =SUM(C9:D18) -> 40851760 | E19: =SUM(E9:E18) -> 1 | F19: =C19/$E$20 -> 2232336.6 | G19: 32517771
B20: KM DO PROJETO | E20: 18.3 | F20: KM | G20: =C19-G19 -> 8333988.3
B21: VALOR POR KM | C21: =C19/E20 -> 2232336.6

Sheet 5.SINTETICO
A1: PLANILHAESTIMATIVADECUSTOSEMDESONERAÇÃO
A2: OBJETO: | B2: ='4.RESUMO'!B6 -> ELABORAÇÃO DO PROJETO EXECUTIVO DE ENGENHARIA PARA RESTAURAÇÃO DA RODOVIA PE-219. | J2: BDI | K2: 0.2123
A3: OBRA: | B3: ='4.RESUMO'!B7 -> PE-219 TRECHO: ENTR. PE-197 (PESQUEIRA) / CIMBRES EXTENSÃO: 18,30 KM | J3: BDIDIF. | K3: 0.15
A4: FONTES: | B4: SICRO OUTUBRO 2025,ANP OUTUBRO 2025 E COMPOSIÇÕES. | J4: DATABASE | K4: 45931 | L4: 40851760
A5: ITEM | B5: FONTE | C5: CÓDIGO | D5: COMPOSIÇÃOESPELHO | E5: DESCRIÇÃO | F5: Unid. | G5: QUANTIDADE | H5: CUSTOUNIT. | I5: BDI | J5: PREÇOUNIT. | K5: TOTAL
A6: 1.0 | E6: ADMINISTRAÇAO | K6: =K7 -> 1700667
A7: 1.1 | B7: COMPOSIÇÃO | C7: CP ADM | E7: Custocomadministraçãolocaldeobra | F7: un | G7: 1 | H7: 1402843.4 | I7: =$K$2 -> 0.2123 | J7: =TRUNC((1+I7)*H7,2) -> 1700667 | K7: =TRUNC(J7*G7,2) -> 1700667 | L7: =K7/$L$4 -> 0.041630202
A8: 2.0 | E8: CANTEIRODEOBRAS | K8: =SUM(K9:K14) -> 578571.52
A9: 2.1 | B9: COMPOSIÇÃO | C9: CP CANT | E9: Instalaçãodocanteirodeobras | F9: un | G9: 1 | H9: 71672.13 | I9: =$K$2 -> 0.2123 | J9: =TRUNC((1+I9)*H9,2) -> 86888.12 | K9: =TRUNC(J9*G9,2) -> 86888.12 | L9: =K9/$L$4 -> 0.0021269125
A10: 2.2 | B10: COMPOSIÇÃO | C10: COMP_001 | E10: Placa de Obra em Chapa de Aço Galvanizado | F10: m² | G10: 24 | H10: 487.58 | I10: =$K$2 -> 0.2123 | J10: =TRUNC((1+I10)*H10,2) -> 591.09 | K10: =TRUNC(J10*G10,2) -> 14186.16 | L10: =K10/$L$4 -> 0.00034725946
A11: 2.3 | B11: COMPOSIÇÃO | C11: COMP_002 | E11: Tapume Com Telha Metalica | F11: m² | G11: 563.4 | H11: 96.6 | I11: =$K$2 -> 0.2123 | J11: =TRUNC((1+I11)*H11,2) -> 117.1 | K11: =TRUNC(J11*G11,2) -> 65974.14 | L11: =K11/$L$4 -> 0.0016149645 | M11: =281.7*2 -> 563.4 | N11: AREADOCANTEIRO*2M
A12: 2.4 | B12: COMPOSIÇÃO | C12: COMP_003 | E12: Canteiro Itinerante | F12: mês | G12: 8 | H12: 4567.81 | I12: =$K$2 -> 0.2123 | J12: =TRUNC((1+I12)*H12,2) -> 5537.55 | K12: =TRUNC(J12*G12,2) -> 44300.4 | L12: =K12/$L$4 -> 0.0010844184
A13: 2.5 | B13: SICRO | C13: 0903802 | E13: Bacia de contenção para tanque de emulsão de 30.000 l - inclusive demolição | F13: un | G13: 6 | H13: 15545.71 | I13: =$K$2 -> 0.2123 | J13: =TRUNC((1+I13)*H13,2) -> 18846.06 | K13: =TRUNC(J13*G13,2) -> 113076.36 | L13: =K13/$L$4 -> 0.0027679679
A14: 2.6 | B14: SICRO | C14: 0903810 | E14: Instalação da usina de asfalto a quente capacidade de 120 t/h | F14: un | G14: 1 | H14: 209639.81 | I14: =$K$2 -> 0.2123 | J14: =TRUNC((1+I14)*H14,2) -> 254146.34 | K14: =TRUNC(J14*G14,2) -> 254146.34 | L14: =K14/$L$4 -> 0.0062211847
A15: 3.0 | E15: MOBILIZAÇAO/DESMOBILIZAÇÃO | K15: =K16 -> 503143.82
A16: 3.1 | B16: COMPOSIÇÃO | C16: COMP_MOB | E16: Custodemobilizaçãoedesmobilizaçãodeequipamentos(leves,médiosepesados) | F16: un | G16: 1 | H16: 415032.44 | I16: =$K$2 -> 0.2123 | J16: =TRUNC((1+I16)*H16,2) -> 503143.82 | K16: =TRUNC(J16*G16,2) -> 503143.82 | L16: =K16/$L$4 -> 0.012316332
A17: 4.0 | E17: DRENAGEM | K17: =SUM(K19:K71) -> 8460701.6
A18: 4.1 | E18: DRENAGEMSUPERFICIALEPROFUNDA-IMPLANTAÇÃO
A19: 4.1.1 | B19: SICRO | C19: 2003373 | E19: Meio-fio de concreto - MFC 03 - areia e brita comerciais - fôrma de madeira | F19: m | G19: 15327.09 | H19: 68.33 | I19: =$K$2 -> 0.2123 | J19: =TRUNC((1+I19)*H19,2) -> 82.83 | K19: =TRUNC(J19*G19,2) -> 1269542.9 | L19: =K19/$L$4 -> 0.031076822
A20: 4.1.2 | B20: SICRO | C20: 2003377 | E20: Meio-fio de concreto - MFC 05 - areia e brita comerciais - fôrma de madeira | F20: m | G20: 415.43 | H20: 59.81 | I20: =$K$2 -> 0.2123 | J20: =TRUNC((1+I20)*H20,2) -> 72.5 | K20: =TRUNC(J20*G20,2) -> 30118.67 | L20: =K20/$L$4 -> 0.00073726739
A21: 4.1.3 | B21: SICRO | C21: 2003257 | E21: Sarjeta triangular de concreto - STC 100-20 - escavação mecânica - areia e brita | F21: m | G21: 10893.87 | H21: 57.84 | I21: =$K$2 -> 0.2123 | J21: =TRUNC((1+I21)*H21,2) -> 70.11 | K21: =TRUNC(J21*G21,2) -> 763769.22 | L21: =K21/$L$4 -> 0.018696116
A22: 4.1.4 | B22: SICRO | C22: 2003309 | E22: Valeta de proteção de cortes com revestimento de concreto - VPCC 120-30 - escavação mecânica - areia e brita comerciais | F22: m | G22: 1502.29 | H22: 99.34 | I22: =$K$2 -> 0.2123 | J22: =TRUNC((1+I22)*H22,2) -> 120.42 | K22: =TRUNC(J22*G22,2) -> 180905.76 | L22: =K22/$L$4 -> 0.0044283468
A23: 4.1.5 | B23: SICRO | C23: 2003315 | E23: Valeta de proteção de aterros com revestimento de concreto - VPAC 120-30 - escavação mecânica - areia e brita comerciais | F23: m | G23: 2323.67 | H23: 99.34 | I23: =$K$2 -> 0.2123 | J23: =TRUNC((1+I23)*H23,2) -> 120.42 | K23: =TRUNC(J23*G23,2) -> 279816.34 | L23: =K23/$L$4 -> 0.0068495542
A24: 4.1.6 | B24: SICRO | C24: 2003107 | E24: Entrada para descida d'água - EDA 03 A - areia e brita comerciais | F24: un | G24: 23 | H24: 190.54 | I24: =$K$2 -> 0.2123 | J24: =TRUNC((1+I24)*H24,2) -> 230.99 | K24: =TRUNC(J24*G24,2) -> 5312.77 | L24: =K24/$L$4 -> 0.00013004997
A25: 4.1.7 | B25: SICRO | C25: 2003143 | E25: Entrada para descida d'água - EDA 15 A - areia e brita comerciais | F25: un | G25: 26 | H25: 1166.2 | I25: =$K$2 -> 0.2123 | J25: =TRUNC((1+I25)*H25,2) -> 1413.78 | K25: =TRUNC(J25*G25,2) -> 36758.28 | L25: =K25/$L$4 -> 0.00089979674
A26: 4.1.8 | B26: SICRO | C26: 2003119 | E26: Entrada para descida d'água - EDA 03 B - areia e brita comerciais | F26: un | G26: 3 | H26: 276.24 | I26: =$K$2 -> 0.2123 | J26: =TRUNC((1+I26)*H26,2) -> 334.88 | K26: =TRUNC(J26*G26,2) -> 1004.64 | L26: =K26/$L$4 -> 2.4592331e-05
A27: 4.1.9 | B27: SICRO | C27: 2003163 | E27: Entrada para descida d'água - EDA 15 B - areia e brita comerciais | F27: un | G27: 6 | H27: 1580.4 | I27: =$K$2 -> 0.2123 | J27: =TRUNC((1+I27)*H27,2) -> 1915.91 | K27: =TRUNC(J27*G27,2) -> 11495.46 | L27: =K27/$L$4 -> 0.00028139449
A28: 4.1.10 | B28: SICRO | C28: 2003411 | E28: Descida d'água de aterros em degraus - DAD 110-26 - areia e brita comerciais | F28: m | G28: 16.45 | H28: 799.04 | I28: =$K$2 -> 0.2123 | J28: =TRUNC((1+I28)*H28,2) -> 968.67 | K28: =TRUNC(J28*G28,2) -> 15934.62 | L28: =K28/$L$4 -> 0.00039005958
A29: 4.1.11 | B29: SICRO | C29: 2003407 | E29: Descida d'água de aterros em degraus - DAD 60-36 - areia e brita comerciais | F29: m | G29: 24.93 | H29: 686.56 | I29: =$K$2 -> 0.2123 | J29: =TRUNC((1+I29)*H29,2) -> 832.31 | K29: =TRUNC(J29*G29,2) -> 20749.48 | L29: =K29/$L$4 -> 0.00050792133
A30: 4.1.12 | B30: SICRO | C30: 2003399 | E30: Descida d'água de cortes em degraus - DCD 60-30 - areia e brita comerciais | F30: m | G30: 15.86 | H30: 626.32 | I30: =$K$2 -> 0.2123 | J30: =TRUNC((1+I30)*H30,2) -> 759.28 | K30: =TRUNC(J30*G30,2) -> 12042.18 | L30: =K30/$L$4 -> 0.00029477751
... A45: 4.1.27 | B45: SICRO | C45: 4815671 | E45: Reaterro e compactação com soquete vibratório | F45: m³ | G45: 302.38 | H45: 19.34 | I45: =$K$2 -> 0.2123 | J45: =TRUNC((1+I45)*H45,2) -> 23.44 | K45: =TRUNC(J45*G45,2) -> 7087.78 | L45: =K45/$L$4 -> 0.00017349999
A46: 4.1.28 | B46: SICRO | C46: 2003613 | E46: Boca de saída para dreno subsuperficial - BSD 03 - areia e brita comerciais | F46: un | G46: 914 | H46: 158.47 | I46: 0.2123 | J46: =TRUNC((1+I46)*H46,2) -> 192.11 | K46: =TRUNC(J46*G46,2) -> 175588.54 | L46: =K46/$L$4 -> 0.0042981879
A47: 4.1.29 | B47: COMPOSIÇÃO | C47: COMP_005 | E47: Dreno de pavimento em microvala com geocomposto drenante H = 0,60 m - inclusive corte, enchimento com areia e selo asfáltico | F47: m | G47: 37506 | H47: 97.37 | I47: 0.2123 | J47: =TRUNC((1+I47)*H47,2) -> 118.04 | K47: =TRUNC(J47*G47,2) -> 4427208.2 | L47: =K47/$L$4 -> 0.10837252
A48: 4.2 | E48: DRENAGEMSUPERFICIAL-LIMPEZA
A49: 4.2.1 | B49: SICRO | C49: 2003377 | E49: Meio-fio de concreto - MFC 05 - areia e brita comerciais - fôrma de madeira | F49: m | G49: 2819.53 | H49: 59.81 | I49: =$K$2 -> 0.2123 | J49: =TRUNC((1+I49)*H49,2) -> 72.5 | K49: =TRUNC(J49*G49,2) -> 204415.92 | L49: =K49/$L$4 -> 0.0050038462
A50: 4.2.2 | B50: SICRO | C50: 2003393 | E50: Descida d'água de aterros tipo rápido - DAR 60-30 - areia e brita comerciais | F50: m | G50: 14.12 | H50: 370.73 | I50: =$K$2 -> 0.2123 | J50: =TRUNC((1+I50)*H50,2) -> 449.43 | K50: =TRUNC(J50*G50,2) -> 6345.95 | L50: =K50/$L$4 -> 0.00015534092
A51: 4.2.3 | B51: SICRO | C51: 2003319 | E51: Sarjeta triangular de concreto - STC 125-25 - escavação mecânica - areia e brita comerciais | F51: m | G51: 467.41 | H51: 70.03 | I51: =$K$2 -> 0.2123 | J51: =TRUNC((1+I51)*H51,2) -> 84.89 | K51: =TRUNC(J51*G51,2) -> 39678.43 | L51: =K51/$L$4 -> 0.00097127836
A52: 4.3 | E52: OAC'SEXISTENTES-LIMPEZAEPROLONGAMENTO
A53: 4.3.1 | B53: SICRO | C53: 4915712 | E53: Limpeza de bueiro | F53: m³ | G53: 117.04 | H53: 23.67 | I53: =$K$2 -> 0.2123 | J53: =TRUNC((1+I53)*H53,2) -> 28.69 | K53: =TRUNC(J53*G53,2) -> 3357.87 | L53: =K53/$L$4 -> 8.219646e-05
A54: 4.3.2 | B54: SICRO | C54: 4915633 | E54: Limpeza e desobstrução mecanizada de bueiros com diâmetro de até 1,00 m | F54: m | G54: 158.91 | H54: 23.43 | I54: =$K$2 -> 0.2123 | J54: =TRUNC((1+I54)*H54,2) -> 28.4 | K54: =TRUNC(J54*G54,2) -> 4513.04 | L54: =K54/$L$4 -> 0.00011047358
A55: 4.3.3 | B55: SICRO | C55: 1619006 | E55: Demolição mecânica de concreto simples com escavadeira hidráulica | F55: m³ | G55: 52.79 | H55: 43.71 | I55: =$K$2 -> 0.2123 | J55: =TRUNC((1+I55)*H55,2) -> 52.98 | K55: =TRUNC(J55*G55,2) -> 2796.81 | L55: =K55/$L$4 -> 6.8462412e-05
A56: 4.3.4 | B56: COTAÇÃO | C56: COTAÇÃO | E56: Destinaçãoderesíduossólidosematerrolicenciado(entulho) | F56: t | G56: 126.7 | H56: 81.42 | I56: =$K$3 -> 0.15 | J56: =TRUNC((1+I56)*H56,2) -> 93.63 | K56: =TRUNC(J56*G56,2) -> 11862.92 | L56: =K56/$L$4 -> 0.00029038945
A57: 4.3.5 | B57: COTAÇÃO | C57: COTAÇÃO 02 | E57: Destinaçãoderesíduossólidosematerrolicenciado(materialescavado) | F57: t | G57: 301.93 | H57: 96.68 | I57: =$K$3 -> 0.15 | J57: =TRUNC((1+I57)*H57,2) -> 111.18 | K57: =TRUNC(J57*G57,2) -> 33568.57 | L57: =K57/$L$4 -> 0.00082171663
A58: 4.3.6 | B58: SICRO | C58: 5914647 | E58: Carga, manobra e descarga de agregados ou solos em caminhão basculante de 10 m³ - carga com carregadeira de 3,40 m³ (exclusa) e descarga livre | F58: t | G58: 428.63 | H58: 1.84 | I58: =$K$2 -> 0.2123 | J58: =TRUNC((1+I58)*H58,2) -> 2.23 | K58: =TRUNC(J58*G58,2) -> 955.84 | L58: =K58/$L$4 -> 2.3397768e-05 | M58: dmtmediadotrecho | N58: dmt+distaest0
A59: 4.3.7 | B59: SICRO | C59: 5914389 | E59: Transporte com caminhão basculante de 10 m³ - rodovia pavimentada | F59: tkm | G59: 6493.7445 | H59: 0.83 | I59: =$K$2 -> 0.2123 | J59: =TRUNC((1+I59)*H59,2) -> 1 | K59: =TRUNC(J59*G59,2) -> 6493.74 | L59: =K59/$L$4 -> 0.00015895864 | M59: =18.3/2 -> 9.15 | N59: =M59+6 -> 15.15
A60: 4.3.8 | B60: SICRO | C60: 0804377 | E60: Boca de BSTC D = 0,60 m - esconsidade 0° - areia e brita comerciais - alas esconsas | F60: un | G60: 2 | H60: 1158.63 | I60: =$K$2 -> 0.2123 | J60: =TRUNC((1+I60)*H60,2) -> 1404.6 | K60: =TRUNC(J60*G60,2) -> 2809.2 | L60: =K60/$L$4 -> 6.8765704e-05
A61: 4.3.9 | B61: SICRO | C61: 0804385 | E61: Boca de BSTC D = 0,80 m - esconsidade 0° - areia e brita comerciais - alas esconsas | F61: un | G61: 1 | H61: 1924.66 | I61: =$K$2 -> 0.2123 | J61: =TRUNC((1+I61)*H61,2) -> 2333.26 | K61: =TRUNC(J61*G61,2) -> 2333.26 | L61: =K61/$L$4 -> 5.7115288e-05
A62: 4.3.10 | B62: SICRO | C62: 0804387 | E62: Boca de BSTC D = 0,80 m - esconsidade 15° - areia e brita comerciais - alas esconsas | F62: un | G62: 1 | H62: 2027.85 | I62: =$K$2 -> 0.2123 | J62: =TRUNC((1+I62)*H62,2) -> 2458.36 | K62: =TRUNC(J62*G62,2) -> 2458.36 | L62: =K62/$L$4 -> 6.0177579e-05
A63: 4.3.11 | B63: SICRO | C63: 0804213 | E63: Boca de BDTC D = 0,80 m - esconsidade 0° - areia e brita comerciais - alas retas | F63: un | G63: 2 | H63: 1593.12 | I63: =$K$2 -> 0.2123 | J63: =TRUNC((1+I63)*H63,2) -> 1931.33 | K63: =TRUNC(J63*G63,2) -> 3862.66 | L63: =K63/$L$4 -> 9.4553088e-05
A64: 4.3.12 | B64: SICRO | C64: 0705225 | E64: Boca de BSCC 1,50 x 1,50 m - esconsidade 0° - areia e brita comerciais | F64: un | G64: 17 | H64: 11990.9 | I64: =$K$2 -> 0.2123 | J64: =TRUNC((1+I64)*H64,2) -> 14536.56 | K64: =TRUNC(J64*G64,2) -> 247121.52 | L64: =K64/$L$4 -> 0.0060492259
A65: 4.3.13 | B65: SICRO | C65: 0705233 | E65: Boca de BSCC 2,00 x 2,00 m - esconsidade 0° - areia e brita comerciais | F65: un | G65: 1 | H65: 18621.28 | I65: =$K$2 -> 0.2123 | J65: =TRUNC((1+I65)*H65,2) -> 22574.57 | K65: =TRUNC(J65*G65,2) -> 22574.57 | L65: =K65/$L$4 -> 0.00055259725
A66: 4.3.14 | B66: SICRO | C66: 0804021 | E66: Corpo de BSTC D = 0,60 m PA1 - areia, brita e pedra de mão comerciais | F66: m | G66: 5 | H66: 386.54 | I66: =$K$2 -> 0.2123 | J66: =TRUNC((1+I66)*H66,2) -> 468.6 | K66: =TRUNC(J66*G66,2) -> 2343 | L66: =K66/$L$4 -> 5.7353711e-05
A67: 4.3.15 | B67: SICRO | C67: 0804029 | E67: Corpo de BSTC D = 0,80 m PA1 - areia, brita e pedra de mão comerciais | F67: m | G67: 5 | H67: 636.68 | I67: =$K$2 -> 0.2123 | J67: =TRUNC((1+I67)*H67,2) -> 771.84 | K67: =TRUNC(J67*G67,2) -> 3859.2 | L67: =K67/$L$4 -> 9.4468391e-05
A68: 4.3.16 | B68: SICRO | C68: 0804181 | E68: Corpo de BDTC D = 0,80 m PA1 - areia, brita e pedra de mão comerciais | F68: m | G68: 5 | H68: 1213.89 | I68: =$K$2 -> 0.2123 | J68: =TRUNC((1+I68)*H68,2) -> 1471.59 | K68: =TRUNC(J68*G68,2) -> 7357.95 | L68: =K68/$L$4 -> 0.00018011342
A69: 4.3.17 | B69: SICRO | C69: 0705169 | E69: Corpo de BSCC 1,50 x 1,50 m - moldado no local - altura do aterro 0,00 a 1,00 m - areia e brita comerciais | F69: m | G69: 44 | H69: 2512.91 | I69: =$K$2 -> 0.2123 | J69: =TRUNC((1+I69)*H69,2) -> 3046.4 | K69: =TRUNC(J69*G69,2) -> 134041.6 | L69: =K69/$L$4 -> 0.0032811708
A70: 4.3.18 | B70: SICRO | C70: 0705183 | E70: Corpo de BSCC 2,00 x 2,00 m - moldado no local - altura do aterro 0,00 a 1,00 m - areia e brita comerciais | F70: m | G70: 5 | H70: 3511.52 | I70: =$K$2 -> 0.2123 | J70: =TRUNC((1+I70)*H70,2) -> 4257.01 | K70: =TRUNC(J70*G70,2) -> 21285.05 | L70: =K70/$L$4 -> 0.00052103141
A71: 4.3.19 | B71: SICRO | C71: 2003477 | E71: Caixa coletora de sarjeta - CCS 200-60 A - com grelha de concreto - areia e brita comerciais | F71: un | G71: 2 | H71: 4850.29 | I71: =$K$2 -> 0.2123 | J71: =TRUNC((1+I71)*H71,2) -> 5880 | K71: =TRUNC(J71*G71,2) -> 11760 | L71: =K71/$L$4 -> 0.0002878701
A72: 5.0 | E72: TERRAPLENAGEM | K72: =SUM(K73:K115) -> 1353697.8
A73: 5.1 | B73: SICRO | C73: 5501700 | E73: Desmatamento, destocamento e limpeza de área com árvores de diâmetro até 0,15 m | F73: m² | G73: 105404.73 | H73: 0.72 | I73: =$K$2 -> 0.2123 | J73: =TRUNC((1+I73)*H73,2) -> 0.87 | K73: =TRUNC(J73*G73,2) -> 91702.11 | L73: =K73/$L$4 -> 0.002244753
A74: 5.2 | B74: SICRO | C74: 5501701 | E74: Destocamento de árvores com diâmetro de 0,15 a 0,30 m | F74: un | G74: 528 | H74: 53.47 | I74: =$K$2 -> 0.2123 | J74: =TRUNC((1+I74)*H74,2) -> 64.82 | K74: =TRUNC(J74*G74,2) -> 34224.96 | L74: =K74/$L$4 -> 0.00083778423
A75: 5.3 | B75: SICRO | C75: 5501702 | E75: Destocamento de árvores com diâmetro maior que 0,30 m | F75: un | G75: 106 | H75: 133.67 | I75: =$K$2 -> 0.2123 | J75: =TRUNC((1+I75)*H75,2) -> 162.04 | K75: =TRUNC(J75*G75,2) -> 17176.24 | L75: =K75/$L$4 -> 0.00042045288 | M75: 553195
A76: 5.4 | B76: SICRO | C76: 5501710 | E76: Escavação, carga e transporte em material de 1ª categoria - DMT de 50 m | F76: m³ | G76: 7523.726 | H76: 3.77 | I76: =$K$2 -> 0.2123 | J76: =TRUNC((1+I76)*H76,2) -> 4.57 | K76: =TRUNC(J76*G76,2) -> 34383.42 | L76: =K76/$L$4 -> 0.00084166313
A77: 5.5 | B77: SICRO | C77: 5502161 | E77: Escavação, carga e transporte de material de 1ª categoria - DMT de 50 a 200 m - caminho de serviço pavimentado - com escavadeira e caminhão basculante de 14 m³ | F77: m³ | G77: 2707.306 | H77: 5.68 | I77: =$K$2 -> 0.2123 | J77: =TRUNC((1+I77)*H77,2) -> 6.88 | K77: =TRUNC(J77*G77,2) -> 18626.26 | L77: =K77/$L$4 -> 0.00045594756
A78: 5.6 | B78: SICRO | C78: 5502162 | E78: Escavação, carga e transporte de material de 1ª categoria - DMT de 200 a 400 m - caminho de serviço pavimentado - com escavadeira e caminhão basculante de 14 m³ | F78: m³ | G78: 12015.464 | H78: 6.43 | I78: =$K$2 -> 0.2123 | J78: =TRUNC((1+I78)*H78,2) -> 7.79 | K78: =TRUNC(J78*G78,2) -> 93600.46 | L78: =K78/$L$4 -> 0.0022912222
A79: 5.7 | B79: SICRO | C79: 5502164 | E79: Escavação, carga e transporte de material de 1ª categoria - DMT de 600 a 800 m - caminho de serviço pavimentado - com escavadeira e caminhão basculante de 14 m³ | F79: m³ | G79: 2.513 | H79: 6.81 | I79: =$K$2 -> 0.2123 | J79: =TRUNC((1+I79)*H79,2) -> 8.25 | K79: =TRUNC(J79*G79,2) -> 20.73 | L79: =K79/$L$4 -> 5.0744448e-07
A80: 5.8 | B80: SICRO | C80: 5502165 | E80: Escavação, carga e transporte de material de 1ª categoria - DMT de 800 a 1.000 m - caminho de serviço pavimentado - com escavadeira e caminhão basculante de 14 m³ | F80: m³ | G80: 3489.535 | H80: 7 | I80: =$K$2 -> 0.2123 | J80: =TRUNC((1+I80)*H80,2) -> 8.48 | K80: =TRUNC(J80*G80,2) -> 29591.25 | L80: =K80/$L$4 -> 0.0007243568
A81: 5.9 | B81: SICRO | C81: 5502166 | E81: Escavação, carga e transporte de material de 1ª categoria - DMT de 1.000 a 1.200 m - caminho de serviço pavimentado - com escavadeira e caminhão basculante de 14 m³ | F81: m³ | G81: 1683.605 | H81: 7.65 | I81: =$K$2 -> 0.2123 | J81: =TRUNC((1+I81)*H81,2) -> 9.27 | K81: =TRUNC(J81*G81,2) -> 15607.01 | L81: =K81/$L$4 -> 0.00038204009
A82: 5.10 | B82: SICRO | C82: 5502168 | E82: Escavação, carga e transporte de material de 1ª categoria - DMT de 1.400 a 1.600 m - caminho de serviço pavimentado - com escavadeira e caminhão basculante de 14 m³ | F82: m³ | G82: 3963.953 | H82: 7.93 | I82: =$K$2 -> 0.2123 | J82: =TRUNC((1+I82)*H82,2) -> 9.61 | K82: =TRUNC(J82*G82,2) -> 38093.58 | L82: =K82/$L$4 -> 0.00093248321
A83: 5.11 | B83: SICRO | C83: 5502169 | E83: Escavação, carga e transporte de material de 1ª categoria - DMT de 1.600 a 1.800 m - caminho de serviço pavimentado - com escavadeira e caminhão basculante de 14 m³ | F83: m³ | G83: 3963.953 | H83: 8.12 | I83: =$K$2 -> 0.2123 | J83: =TRUNC((1+I83)*H83,2) -> 9.84 | K83: =TRUNC(J83*G83,2) -> 39005.29 | L83: =K83/$L$4 -> 0.00095480073
A84: 5.12 | B84: SICRO | C84: 5502171 | E84: Escavação, carga e transporte de material de 1ª categoria - DMT de 2.000 a 2.500 m - caminho de serviço pavimentado - com escavadeira e caminhão basculante de 14 m³ | F84: m³ | G84: 500.647 | H84: 8.55 | I84: =$K$2 -> 0.2123 | J84: =TRUNC((1+I84)*H84,2) -> 10.36 | K84: =TRUNC(J84*G84,2) -> 5186.7 | L84: =K84/$L$4 -> 0.00012696393
A85: 5.13 | B85: COMPOSIÇÃO | C85: COMP_006 | E85: Escavação, carga e transporte de material de 1ª categoria - dmt de 3.000 a 3.500 m - caminho de serviço pavimentado - com escavadeira e caminhão basculante de 14 m³ | F85: m³ | G85: 1042.93 | H85: 10.03 | I85: =$K$2 -> 0.2123 | J85: =TRUNC((1+I85)*H85,2) -> 12.15 | K85: =TRUNC(J85*G85,2) -> 12671.59 | L85: =K85/$L$4 -> 0.00031018468
A86: 5.14 | B86: COMPOSIÇÃO | C86: COMP_007 | E86: Escavação, carga e transporte de material de 1ª categoria - dmt de 5.500 a 6.000 m - caminho de serviço pavimentado - com escavadeira e caminhão basculante de 14 m³ | F86: m³ | G86: 1317.953 | H86: 13.22 | I86: =$K$2 -> 0.2123 | J86: =TRUNC((1+I86)*H86,2) -> 16.02 | K86: =TRUNC(J86*G86,2) -> 21113.6 | L86: =K86/$L$4 -> 0.00051683453
A87: 5.15 | B87: COMPOSIÇÃO | C87: COMP_008 | E87: Escavação, carga e transporte de material de 1ª categoria - dmt de 6.000 a 6.500 m - caminho de serviço pavimentado - com escavadeira e caminhão basculante de 14 m³ | F87: m³ | G87: 7103.25 | H87: 13.86 | I87: =$K$2 -> 0.2123 | J87: =TRUNC((1+I87)*H87,2) -> 16.8 | K87: =TRUNC(J87*G87,2) -> 119334.6 | L87: =K87/$L$4 -> 0.0029211618
... A115: 5.43 | B115: SICRO | C115: 5502978 | E115: Compactação de aterros a 100% do Proctor normal | F115: m³ | G115: 24920.61 | H115: 5.73 | I115: =$K$2 -> 0.2123 | J115: =TRUNC((1+I115)*H115,2) -> 6.94 | K115: =TRUNC(J115*G115,2) -> 172949.03 | L115: =K115/$L$4 -> 0.004233576
A116: 6.0 | E116: PAVIMENTAÇÃO | K116: =SUM(K117:K138) -> 22968555
A117: 6.1 | B117: COMPOSIÇÃO | C117: COMP_025 | E117: Reciclagem com incorporação do revestimento asfáltico à base e adição de 35% de brita comercial e adição de 3% de cimento - 100% Proctor modificado | F117: m³ | G117: 27193.6 | H117: 160.06 | I117: =$K$2 -> 0.2123 | J117: =TRUNC((1+I117)*H117,2) -> 194.04 | K117: =TRUNC(J117*G117,2) -> 5276646.1 | L117: =K117/$L$4 -> 0.1291657
A118: 6.2 | B118: SICRO | C118: 4011276 | E118: Base ou sub-base de brita graduada com brita comercial - 100% Proctor modificado | F118: m³ | G118: 1412.64 | H118: 10.57 | I118: =$K$2 -> 0.2123 | J118: =TRUNC((1+I118)*H118,2) -> 12.81 | K118: =TRUNC(J118*G118,2) -> 18095.91 | L118: =K118/$L$4 -> 0.00044296525
A119: 6.3 | B119: COMPOSIÇÃO | C119: COMP_015 | E119: Mistura BGS | F119: m³ | G119: 1412.64 | H119: 249.57 | I119: 0.15 | J119: =TRUNC((1+I119)*H119,2) -> 287 | K119: =TRUNC(J119*G119,2) -> 405427.68 | L119: =K119/$L$4 -> 0.0099243627
A120: 6.4 | B120: SICRO | C120: 4011212 | E120: Varredura da superfície para execução de revestimento asfáltico | F120: m² | G120: 143816 | H120: 0.08 | I120: =$K$2 -> 0.2123 | J120: =TRUNC((1+I120)*H120,2) -> 0.09 | K120: =TRUNC(J120*G120,2) -> 12943.44 | L120: =K120/$L$4 -> 0.00031683923
A121: 6.5 | B121: SICRO | C121: 4011351 | E121: Imprimação com asfalto diluído | F121: m² | G121: 7848 | H121: 0.61 | I121: =$K$2 -> 0.2123 | J121: =TRUNC((1+I121)*H121,2) -> 0.73 | K121: =TRUNC(J121*G121,2) -> 5729.04 | L121: =K121/$L$4 -> 0.00014023974
A122: 6.6 | B122: SICRO | C122: 4011353 | E122: Pintura de ligação | F122: m² | G122: 271936 | H122: 0.46 | I122: =$K$2 -> 0.2123 | J122: =TRUNC((1+I122)*H122,2) -> 0.55 | K122: =TRUNC(J122*G122,2) -> 149564.8 | L122: =K122/$L$4 -> 0.0036611593
A123: 6.7 | B123: SICRO | C123: 4011463 | E123: Concreto asfáltico - faixa C-12,5 - areia e brita comerciais | F123: t | G123: 17257.92 | H123: 190.96 | I123: =$K$2 -> 0.2123 | J123: =TRUNC((1+I123)*H123,2) -> 231.5 | K123: =TRUNC(J123*G123,2) -> 3995208.5 | L123: =K123/$L$4 -> 0.097797709
A124: 6.8 | B124: SICRO | C124: 4011372 | E124: Tratamento superficial duplo com banho diluído - brita comercial | F124: m² | G124: 135968 | H124: 6.94 | I124: 0.2123 | J124: =TRUNC((1+I124)*H124,2) -> 8.41 | K124: =TRUNC(J124*G124,2) -> 1143490.9 | L124: =K124/$L$4 -> 0.027991227
E125: PAVIMENTOPARAPASSEIO | L125: =K125/$L$4 -> 0
A126: 6.9 | B126: COMPOSIÇÃO | C126: COMP_016 | E126: Execução de passeio em piso intertravado, com bloco retangular cor natural de 20 x 10 cm, espessura 6 cm | F126: m² | G126: 25886.05 | H126: 64.93 | I126: =$K$2 -> 0.2123 | J126: =TRUNC((1+I126)*H126,2) -> 78.71 | K126: =TRUNC(J126*G126,2) -> 2037491 | L126: =K126/$L$4 -> 0.049875232
A127: 6.10 | B127: SICRO | C127: 2003379 | E127: Meio-fio de concreto - MFC 06 - areia e brita comerciais - fôrma de madeira | F127: m | G127: 20709 | H127: 34.11 | I127: =$K$2 -> 0.2123 | J127: =TRUNC((1+I127)*H127,2) -> 41.35 | K127: =TRUNC(J127*G127,2) -> 856317.15 | L127: =K127/$L$4 -> 0.020961573
A128: 6.11 | B128: SICRO | C128: 5502978 | E128: Compactação de aterros a 100% do Proctor normal | F128: m³ | G128: 5177 | H128: 5.73 | I128: =$K$2 -> 0.2123 | J128: =TRUNC((1+I128)*H128,2) -> 6.94 | K128: =TRUNC(J128*G128,2) -> 35928.38 | L128: =K128/$L$4 -> 0.00087948182
E129: AQUISIÇÃODEMATERIALBETUMINOSO | L129: =K129/$L$4 -> 0
A130: 6.12 | B130: COMPOSIÇÃO | C130: COMP_017 | D130: ANP | E130: AquisiçãodeCM-30 | F130: t | G130: 9.38 | H130: =BETUMINOSO!$D$64 -> 5576 | I130: =$K$2 -> 0.2123 | J130: =TRUNC((1+I130)*H130,2) -> 6759.78 | K130: =TRUNC(J130*G130,2) -> 63406.73 | L130: =K130/$L$4 -> 0.0015521175
A131: 6.13 | B131: COMPOSIÇÃO | C131: COMP_018 | D131: ANP | E131: AquisiçãodeRR-1C | F131: t | G131: 64.71 | H131: =BETUMINOSO!$J$94 -> 3018.14 | I131: =$K$2 -> 0.2123 | J131: =TRUNC((1+I131)*H131,2) -> 3658.89 | K131: =TRUNC(J131*G131,2) -> 236766.77 | L131: =K131/$L$4 -> 0.0057957545
A132: 6.14 | B132: COMPOSIÇÃO | C132: COMP_019 | D132: ANP | E132: AquisiçãodeCAP50/70 | F132: t | G132: 976.109 | H132: =BETUMINOSO!$D$33 -> 4044 | I132: =$K$2 -> 0.2123 | J132: =TRUNC((1+I132)*H132,2) -> 4902.54 | K132: =TRUNC(J132*G132,2) -> 4785413.4 | L132: =K132/$L$4 -> 0.11714094
A133: 6.15 | B133: COMPOSIÇÃO | C133: COMP_020 | D133: ANP | E133: AquisiçãodeRR-2C | F133: t | G133: 709.76 | H133: =BETUMINOSO!$D$126 -> 3129 | I133: =$K$2 -> 0.2123 | J133: =TRUNC((1+I133)*H133,2) -> 3793.28 | K133: =TRUNC(J133*G133,2) -> 2692318.4 | L133: =K133/$L$4 -> 0.065904589
E134: TRANSPORTEDEMATERIALBETUMINOSO | L134: =K134/$L$4 -> 0
A135: 6.16 | B135: COMPOSIÇÃO | C135: COMP_021 | D135: ANP | E135: TransportedeCM-30 | F135: t | G135: =G130 -> 9.38 | H135: =BETUMINOSO!$D$65 -> 558.98 | I135: =$K$2 -> 0.2123 | J135: =TRUNC((1+I135)*H135,2) -> 677.65 | K135: =TRUNC(J135*G135,2) -> 6356.35 | L135: =K135/$L$4 -> 0.0001555955
A136: 6.17 | B136: COMPOSIÇÃO | C136: COMP_022 | D136: ANP | E136: TransportedeRR-1C | F136: t | G136: =G131 -> 64.71 | H136: =BETUMINOSO!$J$95 -> 1338.74 | I136: =$K$2 -> 0.2123 | J136: =TRUNC((1+I136)*H136,2) -> 1622.95 | K136: =TRUNC(J136*G136,2) -> 105021.09 | L136: =K136/$L$4 -> 0.002570785
A137: 6.18 | B137: COMPOSIÇÃO | C137: COMP_023 | D137: ANP | E137: TransportedeCAP50/70 | F137: t | G137: =G132 -> 976.109 | H137: =BETUMINOSO!$D$34 -> 558.98 | I137: =$K$2 -> 0.2123 | J137: =TRUNC((1+I137)*H137,2) -> 677.65 | K137: =TRUNC(J137*G137,2) -> 661460.26 | L137: =K137/$L$4 -> 0.01619172
A138: 6.19 | B138: COMPOSIÇÃO | C138: COMP_024 | D138: ANP | E138: TransportedeRR-2C | F138: t | G138: =G133 -> 709.76 | H138: =BETUMINOSO!$D$127 -> 558.98 | I138: =$K$2 -> 0.2123 | J138: =TRUNC((1+I138)*H138,2) -> 677.65 | K138: =TRUNC(J138*G138,2) -> 480968.86 | L138: =K138/$L$4 -> 0.011773516
A139: 7.0 | E139: SINALIZAÇÃO | K139: =SUM(K141:K163) -> 1044201
A140: 7.1 | E140: SINALIZAÇÃOVERTICAL
A141: 7.1.1 | B141: SICRO | C141: 5213476 | E141: Placa delineador em aço - 0,50 x 0,60 m - película retrorrefletiva tipo I + IV - fornecimento e implantação | F141: un | G141: 423 | H141: 182.36 | I141: =$K$2 -> 0.2123 | J141: =TRUNC((1+I141)*H141,2) -> 221.07 | K141: =TRUNC(J141*G141,2) -> 93512.61 | L141: =K141/$L$4 -> 0.0022890718
...

Sheet 6.CURVA ABC
A1: DEMONSTRATIVO DA CURVA ABC
A2: OBJETO: | B2: ='4.RESUMO'!B6 -> ELABORAÇÃO DO PROJETO EXECUTIVO DE ENGENHARIA PARA RESTAURAÇÃO DA RODOVIA PE-219. | J2: BDI | K2: 0.2123
A3: OBRA: | B3: ='4.RESUMO'!B7 -> PE-219 TRECHO: ENTR. PE-197 (PESQUEIRA) / CIMBRES EXTENSÃO: 18,30 KM | J3: BDI DIF. | K3: 0.15
A4: FONTES: | B4: SICRO OUTUBRO 2025, ANP OUTUBRO 2025 E COMPOSIÇÕES. | J4: DATA BASE | K4: 45931
A5: ITEM | B5: FONTE | C5: CÓDIGO | D5: DESCRIÇÃO | E5: Unid. | F5: QUANTIDADE | G5: CUSTO UNIT. | H5: PREÇO UNIT. | I5: TOTAL | J5: % | K5: % ACUMULADO
D6: Reciclagem com incorporação do revestimento asfáltico à base e adição de35% brita comercial e 3% de cimento- 100% Proctor modificado | E6: m³ | F6: 27193.6 | G6: 160.06 | H6: =TRUNC((1+L6)*G6,2) -> 194.04 | I6: =TRUNC(F6*H6,2) -> 5276646.1 | J6: =I6/$I$161 -> 0.1291657 | K6: =J6 -> 0.1291657 | L6: 0.2123
D7: Aquisição de CAP 50/70 | E7: t | F7: 976.109 | G7: 4044 | H7: =TRUNC((1+L7)*G7,2) -> 4902.54 | I7: =TRUNC(F7*H7,2) -> 4785413.4 | J7: =I7/$I$161 -> 0.11714094 | K7: =J7+K6 -> 0.24630664 | L7: 0.2123
D8: Dreno de pavimento em microvala com geocomposto drenante H = 0,60 m - inclusive corte, enchimento com areia e selo asfáltico | E8: m | F8: 37506 | G8: 97.37 | H8: =TRUNC((1+L8)*G8,2) -> 118.04 | I8: =TRUNC(F8*H8,2) -> 4427208.2 | J8: =I8/$I$161 -> 0.10837252 | K8: =J8+K7 -> 0.35467916 | L8: 0.2123
D9: Concreto asfáltico - faixa C-12,5 - areia e brita comerciais | E9: t | F9: 17257.92 | G9: 190.96 | H9: =TRUNC((1+L9)*G9,2) -> 231.5 | I9: =TRUNC(F9*H9,2) -> 3995208.5 | J9: =I9/$I$161 -> 0.097797709 | K9: =J9+K8 -> 0.45247687 | L9: 0.2123
D10: Aquisição de RR-2C | E10: t | F10: 709.76 | G10: 3129 | H10: =TRUNC((1+L10)*G10,2) -> 3793.28 | I10: =TRUNC(F10*H10,2) -> 2692318.4 | J10: =I10/$I$161 -> 0.065904589 | K10: =J10+K9 -> 0.51838146 | L10: 0.2123
D11: Execução de passeio em piso intertravado, com bloco retangular cor natural de 20 x 10 cm, espessura 6 cm | E11: m² | F11: 25886.05 | G11: 64.93 | H11: =TRUNC((1+L11)*G11,2) -> 78.71 | I11: =TRUNC(F11*H11,2) -> 2037491 | J11: =I11/$I$161 -> 0.049875232 | K11: =J11+K10 -> 0.56825669 | L11: 0.2123
D12: Defensa semimaleável simples - fornecimento e implantação | E12: m | F12: 4768 | G12: 344.43 | H12: =TRUNC((1+L12)*G12,2) -> 417.55 | I12: =TRUNC(F12*H12,2) -> 1990878.4 | J12: =I12/$I$161 -> 0.048734214 | K12: =J12+K11 -> 0.6169909 | L12: 0.2123
D13: Administração Local da obra | E13: un | F13: 1 | G13: 1402843.4 | H13: =TRUNC((1+L13)*G13,2) -> 1700667 | I13: =TRUNC(F13*H13,2) -> 1700667 | J13: =I13/$I$161 -> 0.041630202 | K13: =J13+K12 -> 0.65862111 | L13: 0.2123
D14: Meio-fio de concreto - MFC 03 - areia e brita comerciais - fôrma de madeira | E14: m | F14: 15327.09 | G14: 68.33 | H14: =TRUNC((1+L14)*G14,2) -> 82.83 | I14: =TRUNC(F14*H14,2) -> 1269542.9 | J14: =I14/$I$161 -> 0.031076822 | K14: =J14+K13 -> 0.68969793 | L14: 0.2123
D15: Tratamento superficial duplo com banho diluído - brita comercial | E15: m² | F15: 135968 | G15: 6.94 | H15: =TRUNC((1+L15)*G15,2) -> 8.41 | I15: =TRUNC(F15*H15,2) -> 1143490.9 | J15: =I15/$I$161 -> 0.027991227 | K15: =J15+K14 -> 0.71768916 | L15: 0.2123
D16: Hidrossemeadura | E16: m² | F16: 145404.73 | G16: 6.38 | H16: =TRUNC((1+L16)*G16,2) -> 7.73 | I16: =TRUNC(F16*H16,2) -> 1123978.6 | J16: =I16/$I$161 -> 0.02751359 | K16: =J16+K15 -> 0.74520275 | L16: 0.2123
D17: Meio-fio de concreto - MFC 06 - areia e brita comerciais - fôrma de madeira | E17: m | F17: 20709 | G17: 34.11 | H17: =TRUNC((1+L17)*G17,2) -> 41.35 | I17: =TRUNC(F17*H17,2) -> 856317.15 | J17: =I17/$I$161 -> 0.020961573 | K17: =J17+K16 -> 0.76616432 | L17: 0.2123
D18: Sarjeta triangular de concreto - STC 100-20 - escavação mecânica - areia e brita comerciais | E18: m | F18: 10893.87 | G18: 57.84 | H18: =TRUNC((1+L18)*G18,2) -> 70.11 | I18: =TRUNC(F18*H18,2) -> 763769.22 | J18: =I18/$I$161 -> 0.018696116 | K18: =J18+K17 -> 0.78486043 | L18: 0.2123
... D160: Escavação, carga e transporte de material de 2ª categoria - DMT de 600 a 800 m - caminho de serviço pavimentado - com escavadeira e caminhão basculante de 14 m³ | E160: m³ | F160: 0.54 | G160: 9.58 | H160: =TRUNC((1+L160)*G160,2) -> 11.61 | I160: =TRUNC(F160*H160,2) -> 6.26 | J160: =I160/$I$161 -> 1.5323697e-07 | K160: =J160+K159 -> 1 | L160: 0.2123
D161: TOTAL | I161: =SUM(I6:I160)-0.25 -> 40851760
I162: {='4.RESUMO'!C19:D19} -> 40851760 | J162: 0
I163: =I161-I162 -> 0

Sheet 7.BDI
B2: GOVERNO DO ESTADO DE PERNAMBUCO
B3: SECRETARIA DE MOBILIDADE E INFRAESTRUTURA - SEMOBI/PE
B4: DEPARTAMENTO DE ESTRADAS DE RODAGEM - DER/PE
B6: RODOVIA: | C6: PE-219
B7: TRECHO: | C7: ENTR. PE-197 (PESQUEIRA) / CIMBRES
B8: EXTENSÃO: | C8: 18.3
B9: DATA BASE: | C9: OUTUBRO/2025
B10: TIPO: | C10: SEM DESONERAÇÃO
B12: COMPOSIÇÃO DAS TAXAS DE BENEFÍCIOS E DESPESAS INDIRETAS (BDI)
C14: DETALHAMENTO DO BDI - SEM DESONERAÇÃO
C15: Despesas Indiretas | E15: % | F15: % sobre CD
C16: Administração Central | E16: 0.038
C17: Custos Financeiros | E17: 0.0032
C18: Seguros e Garantias Contratuais | E18: 0.005
C19: Riscos | E19: 0.0102
C20: Subtotal Despesas Indiretas | E20: =SUM(E16:F19) -> 0.0564 | F20: =SUM(F16:F19) -> 0
C21: Benefícios | E21: % | F21: % sobre CD
C22: Lucro Operacional | E22: 0.0708
C23: Subtotal Benefícios | E23: =SUM(E22) -> 0.0708 | F23: =SUM(F22) -> 0
C24: Tributos | E24: % | F24: % sobre CD
C25: PIS | E25: 0.0065
C26: COFINS | E26: 0.03
C27: ISSQN | E27: =H43 -> 0.03
C28: CPRB | E28: 0
C29: Subtotal Tributos | E29: =SUM(E25:F28) -> 0.0665 | F29: =SUM(F25:F28) -> 0
C30: BDI com Impostos | E30: =(((1+E16+E17+E18)*(1+E19)*(1+E23))/(1-E29)-1) -> 0.21231679 | F30: =((1+(F16/100+F22/100))/(1-(E17/100+E18/100+E19/100+E25/100+E26/100+E27/100+E28/100))-1)*100 -> 0.084972141
C31: BDI SEM DESONERAÇÃO | F31: =E30 -> 0.21231679
B33: PERCENTUAL DO ISSQN INCIDENTE NA COMPOSIÇÃO DO BDI:
B34: Em atendimento ao item 9.2.2 do Acórdão nº 32/2008 – Plenário, que determina a previsão dos percentuais de recolhimento a título de ISS a serem aplicados na composição de LDI dos licitantes, com base nas alíquotas adotadas pelos municípios situados na região da obra, apresentamos a planilha e cálculo a seguir:
B35: MUNICÍPIO | C35: KM INICIAL | D35: KM FINAL | E35: EXTENSÃO | F35: ALÍQUOTA | G35: DEDUÇÃO | H35: ALÍQUOTA | I35: PROPORÇÃO (%)
E36: (KM)
B37: PESQUEIRA/PE | C37: 0 | D37: 18.3 | E37: =D37-C37 -> 18.3 | F37: 0.05 | G37: 0.4 | H37: =F37*(1-G37) -> 0.03 | I37: =E37/$E$42 -> 1
B42: EXTENSÃO TOTAL DO TRECHO | E42: =SUM(E37:E41) -> 18.3 | I42: =SUM(I37:I41) -> 1
B43: MÉDIA PONDERADA | H43: =SUMPRODUCT(I37:I41,H37:H41) -> 0.03
B45: OBSERVAÇÃO:
B46: O percentual de ISSQN adotado foi proveniente das alíquotas dos municípios situados na área de influência da obra.
B47: Código Tributário do Município de Pesqueira, Lei nº 3.075/2013. Capítulo V, Seção I, Art. 75, Anexo I.
B52: GOVERNO DO ESTADO DE PERNAMBUCO
B53: SECRETARIA DE MOBILIDADE E INFRAESTRUTURA - SEMOBI/PE
B54: DEPARTAMENTO DE ESTRADAS DE RODAGEM - DER/PE
B56: RODOVIA: | C56: =C6 -> PE-219
B57: TRECHO: | C57: =C7 -> ENTR. PE-197 (PESQUEIRA) / CIMBRES
B58: EXTENSÃO: | C58: =C8 -> 18.3
B59: DATA BASE: | C59: =C9 -> OUTUBRO/2025
B60: TIPO: | C60: =C10 -> SEM DESONERAÇÃO
B62: COMPOSIÇÃO DAS TAXAS DE BENEFÍCIOS E DESPESAS INDIRETAS - DIFERENCIADO (BDI DIFERENCIADO)
C64: DETALHAMENTO DO BDI DIFERENCIADO - SEM DESONERAÇÃO
C65: Despesas Indiretas | E65: %
C66: Administração Central | E66: 0.015
C67: Custos Financeiros | E67: 0.003
C68: Seguros e Garantias Contratuais | E68: 0.0056
C69: Riscos | E69: 0.0085
C70: Subtotal Despesas Indiretas | E70: =SUM(E66:F69) -> 0.0321
C71: Benefícios | E71: %
C72: Lucro Operacional | E72: 0.0399
C73: Subtotal Benefícios | E73: =SUM(E72) -> 0.0399
C74: Tributos | E74: %
C75: PIS | E75: 0.0065
C76: COFINS | E76: 0.03
C77: ISSQN | E77: =H93 -> 0.03
C78: CPRB | E78: 0
D79: Subtotal Tributos | E79: =SUM(E75:F78) -> 0.0665
C80: BDI com Impostos | E80: =(((1+E66+E67+E68)*(1+E69)*(1+E72))/(1-E79)-1) -> 0.14996186
C81: BDI DIFERENCIADO SEM DESONERAÇÃO | F81: =E80 -> 0.14996186
B83: PERCENTUAL DO ISSQN INCIDENTE NA COMPOSIÇÃO DO BDI:
B84: Em atendimento ao item 9.2.2 do Acórdão nº 32/2008 – Plenário, que determina a previsão dos percentuais de recolhimento a título de ISS a serem aplicados na composição de LDI dos licitantes, com base nas alíquotas adotadas pelos municípios situados na região da obra, apresentamos a planilha e cálculo a seguir:
B85: MUNICÍPIO | C85: KM INICIAL | D85: KM FINAL | E85: EXTENSÃO | F85: ALÍQUOTA | G85: DEDUÇÃO | H85: ALÍQUOTA | I85: PROPORÇÃO (%)
E86: (KM)
B87: =B37 -> PESQUEIRA/PE | C87: =C37 -> 0 | D87: =D37 -> 18.3 | E87: =D87-C87 -> 18.3 | F87: =F37 -> 0.05 | G87: =G37 -> 0.4 | H87: =F87*(1-G87) -> 0.03 | I87: =E87/$E$42 -> 1
B92: EXTENSÃO TOTAL DO TRECHO | E92: =SUM(E87:E91) -> 18.3 | I92: =SUM(I87:I91) -> 1
B93: MÉDIA PONDERADA | H93: =SUMPRODUCT(I87:I91,H87:H91) -> 0.03
B95: OBSERVAÇÃO:
B96: O percentual de ISSQN adotado foi proveniente das alíquotas dos municípios situados na área de influência da obra.
B97: =B47 -> Código Tributário do Município de Pesqueira, Lei nº 3.075/2013. Capítulo V, Seção I, Art. 75, Anexo I.

Sheet Mobilização e desmobilização
B2: GOVERNO DO ESTADO DE PERNAMBUCO
B3: SECRETARIA DE MOBILIDADE E INFRAESTRUTURA - SEMOBI/PE
B4: DEPARTAMENTO DE ESTRADAS DE RODAGEM - DER/PE
B6: OBRA: | D6: ELABORAÇÃO DO PROJETO EXECUTIVO DE ENGENHARIA PARA RESTAURAÇÃO DA RODOVIA PE-219. | Q6: DATA BASE: | S6: OUT/2025 SEM DESONERAÇÃO
B7: LOCAL: | D7: PE-219 TRECHO: ENTR. PE-197 (PESQUEIRA) / CIMBRES EXTENSÃO: 18,30 KM
B11: MOBILIZAÇÃO E DESMOBILIZAÇÃO DE EQUIPAMENTOS E VEÍCULOS
C13: Manual de Custos de Infraestrutura de Transportes - Volume 08 - Mobilização e Desmobilização
C14: DADOS DE ENTRADA:
H15: Tabela 01 - Velocidades médias - modo rodoviário
H16: Velocidade Rodovia Pav (P) - km/h | J16: Caminhões e veículos transportadores | N16: 60
J17: Cavalo mecânico com reboque ou dolly | N17: 30
H18: Velocidade Rodovia Revestimento Primário (RP) - km/h | J18: Caminhões e veículos transportadores | N18: 50
J19: Cavalo mecânico com reboque ou dolly | N19: 25
H20: Velocidade Rodovia Leito Natural (LN) - km/h | J20: Caminhões e veículos transportadores | N20: 40
J21: Cavalo mecânico com reboque ou dolly | N21: 20
H22: DMT Capital - Canteiro (km) | K22: Recife | L22: /PE | M22: PAV | N22: 227
M23: NP | N23: 0
C25: ITEM | D25: CÓDIGO | E25: DISCRIMINAÇÃO | I25: ORIGEM | J25: QUANTIDADE | K25: EQUIPAMENTO TRANSPORTADOR | L25: DISTANCIA MOBILIZAÇÃO DM (km) | N25: VELOCIDADE MÉDIA - V (km/h) | P25: TEMPO DE VIAGEM (h) | Q25: FATOR DE UTILIZAÇÃO (FU) | R25: IDA/ VOLTA (K) | S25: CUSTO HORÁRIO - CH (R$) | T25: CUSTO TOTAL MOBILIZAÇÃO - Cmob (R$)
L26: PAV | M26: NP | N26: PAV | O26: NP
D27: EQUIPAMENTOS AUTOPROPELIDOS
C28: 1 | D28: E9571 | E28: =VLOOKUP(D28,EQ!$A:$C,2,0) -> Caminhão tanque com capacidade de 10.000 l - 188 kW | I28: =$K$22 -> Recife | J28: 3 | K28: =D28 -> E9571 | L28: =$N$22 -> 227 | M28: =$N$23 -> 0 | N28: =$N$16 -> 60 | O28: =$N$20 -> 40 | P28: =(L28/N28)+(M28/O28) -> 3.7833333 | Q28: 1 | R28: 1 | S28: =VLOOKUP(K28,EQ!$A:$C,3,0) -> 355.6851 | T28: =TRUNC(P28*Q28*R28*J28*S28,2) -> 4037.02
C29: 9 | D29: E9785 | E29: =VLOOKUP(D29,EQ!$A:$C,2,0) -> Guindaste móvel sobre pneus com 2 eixos com capacidade máxima de 55 t - 186 kW | I29: =$K$22 -> Recife | J29: 1 | K29: =D29 -> E9785 | L29: =$N$22 -> 227 | M29: =$N$23 -> 0 | N29: =$N$16 -> 60 | O29: =$N$20 -> 40 | P29: =(L29/N29)+(M29/O29) -> 3.7833333 | Q29: 1 | R29: 1 | S29: =VLOOKUP(K29,EQ!$A:$C,3,0) -> 510.9686 | T29: =TRUNC(P29*Q29*R29*J29*S29,2) -> 1933.16
C30: 2 | D30: E9592 | E30: =VLOOKUP(D30,EQ!$A:$C,2,0) -> Caminhão carroceria com capacidade de 15 t - 188 kW | I30: =$K$22 -> Recife | J30: 1 | K30: =D30 -> E9592 | L30: =$N$22 -> 227 | M30: =$N$23 -> 0 | N30: =$N$16 -> 60 | O30: =$N$20 -> 40 | P30: =(L30/N30)+(M30/O30) -> 3.7833333 | Q30: 1 | R30: 1 | S30: =VLOOKUP(K30,EQ!$A:$C,3,0) -> 280.3525 | T30: =TRUNC(P30*Q30*R30*J30*S30,2) -> 1060.66
C31: 6 | D31: E9579 | E31: =VLOOKUP(D31,EQ!$A:$C,2,0) -> Caminhão basculante com capacidade de 10 m³ - 210 kW | I31: =$K$22 -> Recife | J31: 9 | K31: =D31 -> E9579 | L31: =$N$22 -> 227 | M31: =$N$23 -> 0 | N31: =$N$16 -> 60 | O31: =$N$20 -> 40 | P31: =(L31/N31)+(M31/O31) -> 3.7833333 | Q31: 1 | R31: 1 | S31: =VLOOKUP(K31,EQ!$A:$C,3,0) -> 309.0751 | T31: =TRUNC(P31*Q31*R31*J31*S31,2) -> 10524
C32: 7 | D32: E9686 | E32: =VLOOKUP(D32,EQ!$A:$C,2,0) -> Caminhão guindauto com capacidade de elevação de 6,2 t e carroceria de 7 t - 136 kW | I32: =$K$22 -> Recife | J32: 1 | K32: =D32 -> E9686 | L32: =$N$22 -> 227 | M32: =$N$23 -> 0 | N32: =$N$16 -> 60 | O32: =$N$20 -> 40 | P32: =(L32/N32)+(M32/O32) -> 3.7833333 | Q32: 1 | R32: =IF(D32=K32,1,2) -> 1 | S32: =VLOOKUP(K32,EQ!$A:$C,3,0) -> 316.3314 | T32: =TRUNC(P32*Q32*R32*J32*S32,2) -> 1196.78
C33: 2 | D33: E9199 | E33: =VLOOKUP(D33,EQ!$A:$C,2,0) -> Caminhão com sistema de hidrojateamento de alta pressão e vácuo para limpeza e desobstrução de bueiros com capacidade total de 15.600 l - 188 kW | I33: =$K$22 -> Recife | J33: 1 | K33: =D33 -> E9199 | L33: =$N$22 -> 227 | M33: =$N$23 -> 0 | N33: =$N$16 -> 60 | O33: =$N$20 -> 40 | P33: =(L33/N33)+(M33/O33) -> 3.7833333 | Q33: 1 | R33: 1 | S33: =VLOOKUP(K33,EQ!$A:$C,3,0) -> 409.1411 | T33: =TRUNC(P33*Q33*R33*J33*S33,2) -> 1547.91
C34: 5 | D34: E9667 | E34: =VLOOKUP(D34,EQ!$A:$C,2,0) -> Caminhão basculante com capacidade de 14 m³ - 210 kW | I34: =$K$22 -> Recife | J34: 10 | K34: =D34 -> E9667 | L34: =$N$22 -> 227 | M34: =$N$23 -> 0 | N34: =$N$16 -> 60 | O34: =$N$20 -> 40 | P34: =(L34/N34)+(M34/O34) -> 3.7833333 | Q34: 1 | R34: 1 | S34: =VLOOKUP(K34,EQ!$A:$C,3,0) -> 321.1662 | T34: =TRUNC(P34*Q34*R34*J34*S34,2) -> 12150.78
C35: 8 | D35: E9672 | E35: =VLOOKUP(D35,EQ!$A:$C,2,0) -> Caminhão basculante para rocha com capacidade de 12 m³ - 210 kW | I35: =$K$22 -> Recife | J35: 1 | K35: =D35 -> E9672 | L35: =$N$22 -> 227 | M35: =$N$23 -> 0 | N35: =$N$16 -> 60 | O35: =$N$20 -> 40 | P35: =(L35/N35)+(M35/O35) -> 3.7833333 | Q35: 1 | R35: =IF(D35=K35,1,2) -> 1 | S35: =VLOOKUP(K35,EQ!$A:$C,3,0) -> 350.8662 | T35: =TRUNC(P35*Q35*R35*J35*S35,2) -> 1327.44
C36: 2 | D36: E9520 | E36: =VLOOKUP(D36,EQ!$A:$C,2,0) -> Caminhão com caçamba térmica com capacidade de 6 m³ - 136 kW | I36: =$K$22 -> Recife | J36: 1 | K36: =D36 -> E9520 | L36: =$N$22 -> 227 | M36: =$N$23 -> 0 | N36: =$N$16 -> 60 | O36: =$N$20 -> 40 | P36: =(L36/N36)+(M36/O36) -> 3.7833333 | Q36: 1 | R36: 1 | S36: =VLOOKUP(K36,EQ!$A:$C,3,0) -> 203.7368 | T36: =TRUNC(P36*Q36*R36*J36*S36,2) -> 770.8
C37: 2 | D37: E9509 | E37: =VLOOKUP(D37,EQ!$A:$C,2,0) -> Caminhão tanque distribuidor de asfalto com capacidade de 6.000 l - 7 kW/136 kW | I37: =$K$22 -> Recife | J37: 1 | K37: =D37 -> E9509 | L37: =$N$22 -> 227 | M37: =$N$23 -> 0 | N37: =$N$16 -> 60 | O37: =$N$20 -> 40 | P37: =(L37/N37)+(M37/O37) -> 3.7833333 | Q37: 1 | R37: 1 | S37: =VLOOKUP(K37,EQ!$A:$C,3,0) -> 333.8549 | T37: =TRUNC(P37*Q37*R37*J37*S37,2) -> 1263.08
C38: 8 | D38: E9687 | E38: =VLOOKUP(D38,EQ!$A:$C,2,0) -> Caminhão carroceria com capacidade de 5 t - 120 kW | I38: =$K$22 -> Recife | J38: 1 | K38: =D38 -> E9687 | L38: =$N$22 -> 227 | M38: =$N$23 -> 0 | N38: =$N$16 -> 60 | O38: =$N$20 -> 40 | P38: =(L38/N38)+(M38/O38) -> 3.7833333 | Q38: 1 | R38: =IF(D38=K38,1,2) -> 1 | S38: =VLOOKUP(K38,EQ!$A:$C,3,0) -> 175.1944 | T38: =TRUNC(P38*Q38*R38*J38*S38,2) -> 662.81
C39: 3 | D39: E9645 | E39: =VLOOKUP(D39,EQ!$A:$C,2,0) -> Caminhão demarcador de faixas com sistema de pintura a quente - 5 kW/30,10 kW/136 kW | I39: =$K$22 -> Recife | J39: 1 | K39: =D39 -> E9645 | L39: =$N$22 -> 227 | M39: =$N$23 -> 0 | N39: =$N$16 -> 60 | O39: =$N$20 -> 40 | P39: =(L39/N39)+(M39/O39) -> 3.7833333 | Q39: 1 | R39: 1 | S39: =VLOOKUP(K39,EQ!$A:$C,3,0) -> 689.5744 | T39: =TRUNC(P39*Q39*R39*J39*S39,2) -> 2608.88
C40: 3 | D40: E9082 | E40: =VLOOKUP(D40,EQ!$A:$C,2,0) -> Bate-estaca hidráulico para defensas montado em caminhão guindauto com capacidade de 6,2 t e carroceria de 5 t - 152 kW | I40: =$K$22 -> Recife | J40: 1 | K40: =D40 -> E9082 | L40: =$N$22 -> 227 | M40: =$N$23 -> 0 | N40: =$N$16 -> 60 | O40: =$N$20 -> 40 | P40: =(L40/N40)+(M40/O40) -> 3.7833333 | Q40: 1 | R40: 1 | S40: =VLOOKUP(K40,EQ!$A:$C,3,0) -> 391.4404 | T40: =TRUNC(P40*Q40*R40*J40*S40,2) -> 1480.94
C41: 3 | D41: E9605 | E41: =VLOOKUP(D41,EQ!$A:$C,2,0) -> Caminhão tanque com capacidade de 6.000 l - 136 kW | I41: =$K$22 -> Recife | J41: 1 | K41: =D41 -> E9605 | L41: =$N$22 -> 227 | M41: =$N$23 -> 0 | N41: =$N$16 -> 60 | O41: =$N$20 -> 40 | P41: =(L41/N41)+(M41/O41) -> 3.7833333 | Q41: 1 | R41: 1 | S41: =VLOOKUP(K41,EQ!$A:$C,3,0) -> 279.3222 | T41: =TRUNC(P41*Q41*R41*J41*S41,2) -> 1056.76
C42: 9 | D42: E9792 | E42: =VLOOKUP(D42,EQ!$A:$C,2,0) -> Caminhão para hidrossemeadura com capacidade de 7.500 l - 77,2 kW/235 kW | I42: =$K$22 -> Recife | J42: 1 | K42: =D42 -> E9792 | L42: =$N$22 -> 227 | M42: =$N$23 -> 0 | N42: =$N$16 -> 60 | O42: =$N$20 -> 40 | P42: =(L42/N42)+(M42/O42) -> 3.7833333 | Q42: 1 | R42: 1 | S42: =VLOOKUP(K42,EQ!$A:$C,3,0) -> 591.0242 | T42: =TRUNC(P42*Q42*R42*J42*S42,2) -> 2236.04
D43: EQUIPAMENTOS TRANSPORTADOS
C44: 10 | D44: =D74 -> E9584 | E44: =E74 -> Carregadeira de pneus com capacidade de 1,72 m³ - 113 kW | I44: =$K$22 -> Recife | J44: 1 | K44: =K74 -> E9665 | L44: =$N$22 -> 227 | M44: =$N$23 -> 0 | N44: 30 | O44: 20 | P44: =(L44/N44)+(M44/O44) -> 7.5666667 | Q44: =R74 -> 0.66699611 | R44: 2 | S44: =VLOOKUP(K44,EQ!$A:$C,3,0) -> 415.7346 | T44: =TRUNC(P44*Q44*R44*J44*S44,2) -> 4196.37
C45: 8 | D45: =D75 -> E9127 | E45: =E75 -> Escavadeira hidráulica com martelo hidráulico de 520 kg - 75 kW | I45: =$K$22 -> Recife | J45: 2 | K45: =K75 -> E9665 | L45: =$N$22 -> 227 | M45: =$N$23 -> 0 | N45: =$N$17 -> 30 | O45: 20 | P45: =(L45/N45)+(M45/O45) -> 7.5666667 | Q45: =R75 -> 0.81833463 | R45: 2 | S45: =VLOOKUP(K45,EQ!$A:$C,3,0) -> 415.7346 | T45: =TRUNC(P45*Q45*R45*J45*S45,2) -> 10297.02
C46: 9 | D46: =D76 -> E9540 | E46: =E76 -> Trator sobre esteiras com lâmina - 127 kW | I46: =$K$22 -> Recife | J46: 2 | K46: =K76 -> E9665 | L46: =$N$22 -> 227 | M46: =$N$23 -> 0 | N46: =$N$17 -> 30 | O46: 20 | P46: =(L46/N46)+(M46/O46) -> 7.5666667 | Q46: =R76 -> 0.8641863 | R46: 2 | S46: =VLOOKUP(K46,EQ!$A:$C,3,0) -> 415.7346 | T46: =TRUNC(P46*Q46*R46*J46*S46,2) -> 10873.97
C47: 10 | D47: =D77 -> E9524 | E47: =E77 -> Motoniveladora - 93 kW | I47: =$K$22 -> Recife | J47: 2 | K47: =K77 -> E9666 | L47: =$N$22 -> 227 | M47: =$N$23 -> 0 | N47: =$N$17 -> 30 | O47: 20 | P47: =(L47/N47)+(M47/O47) -> 7.5666667 | Q47: =R77 -> 0.83108108 | R47: 2 | S47: =VLOOKUP(K47,EQ!$A:$C,3,0) -> 463.9457 | T47: =TRUNC(P47*Q47*R47*J47*S47,2) -> 11670.11
C48: 11 | D48: =D78 -> E9762 | E48: =E78 -> Rolo compactador de pneus autopropelido de 27 t - 85 kW | I48: =$K$22 -> Recife | J48: 2 | K48: =K78 -> E9665 | L48: =$N$22 -> 227 | M48: =$N$23 -> 0 | N48: =$N$17 -> 30 | O48: 20 | P48: =(L48/N48)+(M48/O48) -> 7.5666667 | Q48: =R78 -> 0.49688716 | R48: 2 | S48: =VLOOKUP(K48,EQ!$A:$C,3,0) -> 415.7346 | T48: =TRUNC(P48*Q48*R48*J48*S48,2) -> 6252.28
C49: 12 | D49: =D79 -> E9685 | E49: =E79 -> Rolo compactador pé de carneiro vibratório autopropelido por pneus de 11,6 t - 82 kW | I49: =$K$22 -> Recife | J49: 2 | K49: =K79 -> E9018 | L49: =$N$22 -> 227 | M49: =$N$23 -> 0 | N49: =$N$17 -> 30 | O49: 20 | P49: =(L49/N49)+(M49/O49) -> 7.5666667 | Q49: =R79 -> 0.31513828 | R49: 2 | S49: =VLOOKUP(K49,EQ!$A:$C,3,0) -> 552.5394 | T49: =TRUNC(P49*Q49*R49*J49*S49,2) -> 5270.22
C50: 13 | D50: =D80 -> E9772 | E50: =E80 -> Retroescavadeira de pneus com caçamba de escavação trapezoidal ou triangular com seção de corte de 0,15 a 0,20 m² - 58 kW | I50: =$K$22 -> Recife | J50: 1 | K50: =K80 -> E9665 | L50: =$N$22 -> 227 | M50: =$N$23 -> 0 | N50: =$N$17 -> 30 | O50: 20 | P50: =(L50/N50)+(M50/O50) -> 7.5666667 | Q50: =R80 -> 1.0620545 | R50: 2 | S50: =VLOOKUP(K50,EQ!$A:$C,3,0) -> 415.7346 | T50: =TRUNC(P50*Q50*R50*J50*S50,2) -> 6681.86
C51: 14 | D51: =D81 -> E9774 | E51: =E81 -> Retroescavadeira de pneus com caçamba de escavação trapezoidal ou triangular com seção de corte de 0,30 a 0,50 m² - 58 kW | I51: =$K$22 -> Recife | J51: 1 | K51: =K81 -> E9665 | L51: =$N$22 -> 227 | M51: =$N$23 -> 0 | N51: =$N$17 -> 30 | O51: 20 | P51: =(L51/N51)+(M51/O51) -> 7.5666667 | Q51: =R81 -> 0.6536965 | R51: 2 | S51: =VLOOKUP(K51,EQ!$A:$C,3,0) -> 415.7346 | T51: =TRUNC(P51*Q51*R51*J51*S51,2) -> 4112.69
C52: 10 | D52: =D82 -> E9526 | E52: =E82 -> Retroescavadeira de pneus - capacidade da caçamba da pá-carregadeira de 0,76 m³ e da retroescavadeira de 0,29 m³ - 58 kW | I52: =$K$22 -> Recife | J52: 1 | K52: =K82 -> E9665 | L52: =$N$22 -> 227 | M52: =$N$23 -> 0 | N52: =$N$17 -> 30 | O52: 20 | P52: =(L52/N52)+(M52/O52) -> 7.5666667 | Q52: =R82 -> 0.6536965 | R52: 2 | S52: =VLOOKUP(K52,EQ!$A:$C,3,0) -> 415.7346 | T52: =TRUNC(P52*Q52*R52*J52*S52,2) -> 4112.69
C53: 8 | D53: =D83 -> E9541 | E53: =E83 -> Trator sobre esteiras com lâmina - 259 kW | I53: =$K$22 -> Recife | J53: 2 | K53: =K83 -> E9018 | L53: =$N$22 -> 227 | M53: =$N$23 -> 0 | N53: =$N$17 -> 30 | O53: 20 | P53: =(L53/N53)+(M53/O53) -> 7.5666667 | Q53: =R83 -> 0.72765772 | R53: 2 | S53: =VLOOKUP(K53,EQ!$A:$C,3,0) -> 552.5394 | T53: =TRUNC(P53*Q53*R53*J53*S53,2) -> 12169
C54: 9 | D54: =D84 -> E9515 | E54: =E84 -> Escavadeira hidráulica sobre esteiras com caçamba com capacidade de 1,56 m³ - 118 kW | I54: =$K$22 -> Recife | J54: 2 | K54: =K84 -> E9018 | L54: =$N$22 -> 227 | M54: =$N$23 -> 0 | N54: =$N$17 -> 30 | O54: 20 | P54: =(L54/N54)+(M54/O54) -> 7.5666667 | Q54: =R84 -> 1.1143455 | R54: 2 | S54: =VLOOKUP(K54,EQ!$A:$C,3,0) -> 552.5394 | T54: =TRUNC(P54*Q54*R54*J54*S54,2) -> 18635.78
C55: 10 | D55: =D85 -> E9565 | E55: =E85 -> Trator sobre esteiras com lâmina e escarificador - 259 kW | I55: =$K$22 -> Recife | J55: 1 | K55: =K85 -> E9018 | L55: =$N$22 -> 227 | M55: =$N$23 -> 0 | N55: =$N$17 -> 30 | O55: 20 | P55: =(L55/N55)+(M55/O55) -> 7.5666667 | Q55: =R85 -> 1.7505685 | R55: 2 | S55: =VLOOKUP(K55,EQ!$A:$C,3,0) -> 552.5394 | T55: =TRUNC(P55*Q55*R55*J55*S55,2) -> 14637.83
C56: 11 | D56: =D86 -> E9574 | E56: =E86 -> Perfuratriz sobre esteiras - 145 kW | I56: =$K$22 -> Recife | J56: 2 | K56: =K86 -> E9666 | L56: =$N$22 -> 227 | M56: =$N$23 -> 0 | N56: =$N$17 -> 30 | O56: 20 | P56: =(L56/N56)+(M56/O56) -> 7.5666667 | Q56: =R86 -> 0.72567568 | R56: 2 | S56: =VLOOKUP(K56,EQ!$A:$C,3,0) -> 463.9457 | T56: =TRUNC(P56*Q56*R56*J56*S56,2) -> 10190
... C58: 13 | D58: =D88 -> E9577 | E58: =E88 -> Trator agrícola sobre pneus - 77 kW | I58: =$K$22 -> Recife | J58: 2 | K58: =K88 -> E9665 | L58: =$N$22 -> 227 | M58: =$N$23 -> 0 | N58: =$N$17 -> 30 | O58: 20 | P58: =(L58/N58)+(M58/O58) -> 7.5666667 | Q58: =R88 -> 0.40700389 | R58: 2 | S58: =VLOOKUP(K58,EQ!$A:$C,3,0) -> 415.7346 | T58: =TRUNC(P58*Q58*R58*J58*S58,2) -> 5121.28
C59: 14 | D59: =D89 -> E9514 | E59: =E89 -> Distribuidor de agregados sobre pneus autopropelido - 130 kW | I59: =$K$22 -> Recife | J59: 1 | K59: =K89 -> E9665 | L59: =$N$22 -> 227 | M59: =$N$23 -> 0 | N59: =$N$17 -> 30 | O59: 20 | P59: =(L59/N59)+(M59/O59) -> 7.5666667 | Q59: =R86 -> 0.72567568 | R59: 2 | S59: =VLOOKUP(K59,EQ!$A:$C,3,0) -> 415.7346 | T59: =TRUNC(P59*Q59*R59*J59*S59,2) -> 4565.55
C60: 13 | D60: =D90 -> E9530 | E60: =E90 -> Rolo compactador liso vibratório autopropelido por pneus de 11 t - 97 kW | I60: =$K$22 -> Recife | J60: 1 | K60: =K90 -> E9665 | L60: =$N$22 -> 227 | M60: =$N$23 -> 0 | N60: =$N$17 -> 30 | O60: 20 | P60: =(L60/N60)+(M60/O60) -> 7.5666667 | Q60: =R87 -> 0.7311284 | R60: 2 | S60: =VLOOKUP(K60,EQ!$A:$C,3,0) -> 415.7346 | T60: =TRUNC(P60*Q60*R60*J60*S60,2) -> 4599.85
C61: 14 | D61: =D91 -> E9558 | E61: =E91 -> Tanque de estocagem de asfalto com capacidade de 30.000 l | I61: =$K$22 -> Recife | J61: 6 | K61: =K91 -> E9665 | L61: =$N$22 -> 227 | M61: =$N$23 -> 0 | N61: =$N$17 -> 30 | O61: 20 | P61: =(L61/N61)+(M61/O61) -> 7.5666667 | Q61: =R88 -> 0.40700389 | R61: 2 | S61: =VLOOKUP(K61,EQ!$A:$C,3,0) -> 415.7346 | T61: =TRUNC(P61*Q61*R61*J61*S61,2) -> 15363.86
C62: 14 | D62: =D92 -> E9681 | E62: =E92 -> Rolo compactador liso tandem vibratório autopropelido de 10,4 t - 82 kW | I62: =$K$22 -> Recife | J62: 1 | K62: =K92 -> E9665 | L62: =$N$22 -> 227 | M62: =$N$23 -> 0 | N62: =$N$17 -> 30 | O62: 20 | P62: =(L62/N62)+(M62/O62) -> 7.5666667 | Q62: =R89 -> 0.56031128 | R62: 2 | S62: =VLOOKUP(K62,EQ!$A:$C,3,0) -> 415.7346 | T62: =TRUNC(P62*Q62*R62*J62*S62,2) -> 3525.17
C63: 13 | D63: =D93 -> E9545 | E63: =E93 -> Vibroacabadora de asfalto sobre esteiras - 97 kW | I63: =$K$22 -> Recife | J63: 1 | K63: =K93 -> E9665 | L63: =$N$22 -> 227 | M63: =$N$23 -> 0 | N63: =$N$17 -> 30 | O63: 20 | P63: =(L63/N63)+(M63/O63) -> 7.5666667 | Q63: =R90 -> 0.49304103 | R63: 2 | S63: =VLOOKUP(K63,EQ!$A:$C,3,0) -> 415.7346 | T63: =TRUNC(P63*Q63*R63*J63*S63,2) -> 3101.94
C64: 14 | D64: =D94 -> E9689 | E64: =E94 -> Usina de asfalto a quente gravimétrica com capacidade de 100/140 t/h - 260 kW | I64: =$K$22 -> Recife | J64: 1 | K64: =K94 -> E9665 | L64: =$N$22 -> 227 | M64: =$N$23 -> 0 | N64: =$N$17 -> 30 | O64: 20 | P64: =(L64/N64)+(M64/O64) -> 7.5666667 | Q64: =R91 -> 0.58521401 | R64: 2 | S64: =VLOOKUP(K64,EQ!$A:$C,3,0) -> 415.7346 | T64: =TRUNC(P64*Q64*R64*J64*S64,2) -> 3681.84
C65: TOTAL GERAL DE EQUIPAMENTOS DE GRANDE PORTE (R$) | T65: =SUM(T28:T64) -> 207516.22
C66: CUSTO TOTAL DA MOBILIZAÇÃO E DESMOBILIZAÇÃO | T66: =T65*2 -> 415032.44
C67: BDI = | S67: 0.2123 | T67: =T66*S67 -> 88111.387
C68: TOTAL (R$) | T68: =T66+T67 -> 503143.83
D72: CÁLCULO DO FATOR DE UTILIZAÇÃO (FU)
D73: Código | E73: Equipamento | I73: ÁREA (m²) | J73: PESO (kg) | K73: EQUIPAMENTO TRANSPORTADOR | L73: ÁREA DO EQP TRANSPORTADOR | N73: CARGA ÚTIL TRANSPORTADOR (KG) | P73: FUA | Q73: FUC | R73: FU
D74: E9584 | E74: =VLOOKUP(D74,EQ!$A:$B,2,0) -> Carregadeira de pneus com capacidade de 1,72 m³ - 113 kW | I74: 17.1418 | J74: 9959 | K74: E9665 | L74: 25.7 | N74: 21986 | P74: =I74/L74 -> 0.66699611 | Q74: =J74/N74 -> 0.45297007 | R74: =IF(Q74>=P74,Q74,P74) -> 0.66699611
D75: E9127 | E75: =VLOOKUP(D75,EQ!$A:$B,2,0) -> Escavadeira hidráulica com martelo hidráulico de 520 kg - 75 kW | I75: 21.0312 | J75: 13700 | K75: E9665 | L75: 25.7 | N75: 21986 | P75: =I75/L75 -> 0.81833463 | Q75: =J75/N75 -> 0.62312381 | R75: =IF(Q75>=P75,Q75,P75) -> 0.81833463
D76: E9540 | E76: =VLOOKUP(D76,EQ!$A:$B,2,0) -> Trator sobre esteiras com lâmina - 127 kW | I76: 16.116 | J76: 19000 | K76: E9665 | L76: 25.7 | N76: 21986 | P76: =I76/L76 -> 0.62708171 | Q76: =J76/N76 -> 0.8641863 | R76: =IF(Q76>=P76,Q76,P76) -> 0.8641863
D77: E9524 | E77: =VLOOKUP(D77,EQ!$A:$B,2,0) -> Motoniveladora - 93 kW | I77: 24.6 | J77: 15669 | K77: E9666 | L77: 29.6 | N77: 29387 | P77: =I77/L77 -> 0.83108108 | Q77: =J77/N77 -> 0.53319495 | R77: =IF(Q77>=P77,Q77,P77) -> 0.83108108
D78: E9762 | E78: =VLOOKUP(D78,EQ!$A:$B,2,0) -> Rolo compactador de pneus autopropelido de 27 t - 85 kW | I78: 12.77 | J78: 11700 | K78: E9665 | L78: 25.7 | N78: 29387 | P78: =I78/L78 -> 0.49688716 | Q78: =J78/N78 -> 0.39813523 | R78: =IF(Q78>=P78,Q78,P78) -> 0.49688716
D79: E9685 | E79: =VLOOKUP(D79,EQ!$A:$B,2,0) -> Rolo compactador pé de carneiro vibratório autopropelido por pneus de 11,6 t - 82 kW | I79: 12.99 | J79: 12390 | K79: E9018 | L79: 41.22 | N79: 52893 | P79: =I79/L79 -> 0.31513828 | Q79: =J79/N79 -> 0.2342465 | R79: =IF(Q79>=P79,Q79,P79) -> 0.31513828
D80: E9772 | E80: =VLOOKUP(D80,EQ!$A:$B,2,0) -> Retroescavadeira de pneus com caçamba de escavação trapezoidal ou triangular com seção de corte de 0,15 a 0,20 m² - 58 kW | I80: 27.2948 | J80: 6792 | K80: E9665 | L80: 25.7 | N80: 29387 | P80: =I80/L80 -> 1.0620545 | Q80: =J80/N80 -> 0.23112261 | R80: =IF(Q80>=P80,Q80,P80) -> 1.0620545
D81: E9774 | E81: =VLOOKUP(D81,EQ!$A:$B,2,0) -> Retroescavadeira de pneus com caçamba de escavação trapezoidal ou triangular com seção de corte de 0,30 a 0,50 m² - 58 kW | I81: 16.8 | J81: 6792 | K81: E9665 | L81: 25.7 | N81: 21986 | P81: =I81/L81 -> 0.6536965 | Q81: =J81/N81 -> 0.30892386 | R81: =IF(Q81>=P81,Q81,P81) -> 0.6536965
D82: E9526 | E82: =VLOOKUP(D82,EQ!$A:$B,2,0) -> Retroescavadeira de pneus - capacidade da caçamba da pá-carregadeira de 0,76 m³ e da retroescavadeira de 0,29 m³ - 58 kW | I82: 16.8 | J82: 6792 | K82: E9665 | L82: 25.7 | N82: 21986 | P82: =I82/L82 -> 0.6536965 | Q82: =J82/N82 -> 0.30892386 | R82: =IF(Q82>=P82,Q82,P82) -> 0.6536965
D83: E9541 | E83: =VLOOKUP(D83,EQ!$A:$B,2,0) -> Trator sobre esteiras com lâmina - 259 kW | I83: 16.09 | J83: 38488 | K83: E9018 | L83: 41.22 | N83: 52893 | P83: =I83/L83 -> 0.39034449 | Q83: =J83/N83 -> 0.72765772 | R83: =IF(Q83>=P83,Q83,P83) -> 0.72765772
D84: E9515 | E84: =VLOOKUP(D84,EQ!$A:$B,2,0) -> Escavadeira hidráulica sobre esteiras com caçamba com capacidade de 1,56 m³ - 118 kW | I84: 28.4 | J84: 24500 | K84: =K83 -> E9018 | L84: 25.7 | N84: 21986 | P84: =I84/L84 -> 1.1050584 | Q84: =J84/N84 -> 1.1143455 | R84: =IF(Q84>=P84,Q84,P84) -> 1.1143455
D85: E9565 | E85: =VLOOKUP(D85,EQ!$A:$B,2,0) -> Trator sobre esteiras com lâmina e escarificador - 259 kW | I85: 24.06 | J85: 38488 | K85: =K84 -> E9018 | L85: 25.7 | N85: 21986 | P85: =I85/L85 -> 0.93618677 | Q85: =J85/N85 -> 1.7505685 | R85: =IF(Q85>=P85,Q85,P85) -> 1.7505685
D86: E9574 | E86: =VLOOKUP(D86,EQ!$A:$B,2,0) -> Perfuratriz sobre esteiras - 145 kW | I86: 21.48 | J86: 13500 | K86: E9666 | L86: 29.6 | N86: 29387 | P86: =I86/L86 -> 0.72567568 | Q86: =J86/N86 -> 0.4593868 | R86: =IF(Q86>=P86,Q86,P86) -> 0.72567568
D87: E9117 | E87: =VLOOKUP(D87,EQ!$A:$B,2,0) -> Carregadeira de pneus para rocha com capacidade de 2,50 m³ - 105 kW | I87: 18.79 | J87: 12019 | K87: E9665 | L87: 25.7 | N87: 21986 | P87: =I87/L87 -> 0.7311284 | Q87: =J87/N87 -> 0.54666606 | R87: =IF(Q87>=P87,Q87,P87) -> 0.7311284
D88: E9577 | E88: =VLOOKUP(D88,EQ!$A:$B,2,0) -> Trator agrícola sobre pneus - 77 kW | I88: 10.46 | J88: 5775 | K88: E9665 | L88: 25.7 | N88: 21986 | P88: =I88/L88 -> 0.40700389 | Q88: =J88/N88 -> 0.26266715 | R88: =IF(Q88>=P88,Q88,P88) -> 0.40700389
D89: E9514 | E89: =VLOOKUP(D89,EQ!$A:$B,2,0) -> Distribuidor de agregados sobre pneus autopropelido - 130 kW | I89: 14.4 | J89: 1200 | K89: =K87 -> E9665 | L89: 25.7 | N89: 21986 | P89: =I89/L89 -> 0.56031128 | Q89: =J89/N89 -> 0.054580187 | R89: =IF(Q89>=P89,Q89,P89) -> 0.56031128
D90: E9530 | E90: =VLOOKUP(D90,EQ!$A:$B,2,0) -> Rolo compactador liso vibratório autopropelido por pneus de 11 t - 97 kW | I90: 12.6179 | J90: 10840 | K90: E9665 | L90: 25.7 | N90: 21986 | P90: =I90/L90 -> 0.49096887 | Q90: =J90/N90 -> 0.49304103 | R90: =IF(Q90>=P90,Q90,P90) -> 0.49304103
D91: E9558 | E91: =VLOOKUP(D91,EQ!$A:$B,2,0) -> Tanque de estocagem de asfalto com capacidade de 30.000 l | I91: 15.04 | J91: 8445 | K91: E9665 | L91: 25.7 | N91: 21986 | P91: =I91/L91 -> 0.58521401 | Q91: =J91/N91 -> 0.38410807 | R91: =IF(Q91>=P91,Q91,P91) -> 0.58521401
D92: E9681 | E92: =VLOOKUP(D92,EQ!$A:$B,2,0) -> Rolo compactador liso tandem vibratório autopropelido de 10,4 t - 82 kW | I92: 9.38 | J92: 11800 | K92: E9665 | L92: 25.7 | N92: 21986 | P92: =I92/L92 -> 0.36498054 | Q92: =J92/N92 -> 0.53670518 | R92: =IF(Q92>=P92,Q92,P92) -> 0.53670518
D93: E9545 | E93: =VLOOKUP(D93,EQ!$A:$B,2,0) -> Vibroacabadora de asfalto sobre esteiras - 97 kW | I93: 16.38 | J93: 15800 | K93: E9665 | L93: 25.7 | N93: 21986 | P93: =I93/L93 -> 0.63735409 | Q93: =J93/N93 -> 0.71863913 | R93: =IF(Q93>=P93,Q93,P93) -> 0.71863913
D94: E9689 | E94: =VLOOKUP(D94,EQ!$A:$B,2,0) -> Usina de asfalto a quente gravimétrica com capacidade de 100/140 t/h - 260 kW | I94: 67.2 | J94: 49000 | K94: E9665 | L94: 25.7 | N94: 21986 | P94: =I94/L94 -> 2.614786 | Q94: =J94/N94 -> 2.228691 | R94: =IF(Q94>=P94,Q94,P94) -> 2.614786

Sheet EQ
A1: Código | B1: Descrição | C1: Custo Produtivo (R$/h)
A2: E9001 | B2: Conjunto vibratório para tubos de concreto com encaixe PB e 3 jogos de fôrmas - D = 0,60 m - 2,20 kW | C2: 18.5651
A3: E9002 | B3: Conjunto vibratório para tubos de concreto com encaixe PB e 3 jogos de fôrmas - D = 0,80 m - 2,20 kW | C3: 24.3315
A4: E9003 | B4: Conjunto vibratório para tubos de concreto com encaixe PB e 3 jogos de fôrmas - D = 1,00 m - 2,20 kW | C4: 25.4425
A5: E9004 | B5: Conjunto vibratório para tubos de concreto com encaixe PB e 3 jogos de fôrmas - D = 1,20 m - 2,20 kW | C5: 32.0689
A6: E9005 | B6: Conjunto vibratório para tubos de concreto com encaixe PB e 3 jogos de fôrmas - D = 1,50 m - 2,20 kW | C6: 37.9534
A7: E9006 | B7: Equipamento para sondagem manual | C7: 1.5046
A8: E9007 | B8: Bomba de pistão triplex com capacidade de 7,80 m³/h (130 l/min) - 8,20 kW | C8: 42.5214
A9: E9008 | B9: Transportador manual de tubos de concreto com capacidade de 1 t | C9: 2.4762
A10: E9009 | B10: Embarcação rebocadora - 268 kW | C10: 428.7206
A11: E9010 | B11: Balança plataforma digital à bateria, com mesa de 75 x 75 cm e capacidade de 500 kg | C11: 1.2223
A12: E9011 | B12: Carro manual modelo plataforma de 200 x 80 cm com capacidade de 800 kg | C12: 0.565
A13: E9014 | B13: Deflectômetro de impacto (FWD) instalado em picape com reboque e faixa de carga de 7 a 120 kN - 147 kW | C13: 376.3458
... A565: A9362 | B565: Tanque para hidrossemeadura com capacidade de 7.500 l - 77,2 kW | C565: 206.6266

Sheet 01-Canteiro
B2: GOVERNO DO ESTADO DE PERNAMBUCO
B3: SECRETARIA DE MOBILIDADE E INFRAESTRUTURA - SEMOBI/PE
B4: DEPARTAMENTO DE ESTRADAS DE RODAGEM - DER/PE
B6: OBRA: | C6: PE-219
B7: TRECHO: | C7: TRECHO: ENTR. PE-197 (PESQUEIRA) / CIMBRES EXTENSÃO: 18,30 KM
B10: DATA BASE: | C10: 45931
B11: TIPO: | C11: SEM DESONERAÇÃO
B13: METODOLOGIA E CRITÉRIOS ADOTADOS PARA O CANTEIRO DE OBRAS - MANUAL DE CUSTOS DE INFRAESTRUTURA DE TRANSPORTES - VOLUME 06
B15: PARÂMETROS DA OBRA CONSIDERADOS
B17: NATUREZA DA OBRA
C19: X | D19: Construção | G19: Restauração | J19: Conservação Rotineira
D20: OAE - Construção | G20: OAE - Restauração | J20: Intervenções Pontuais
B23: PORTE DA OBRA
D25: Restrita | F25: X | G25: Obras contínuas
B28: INSTALAÇÕES INDUSTRIAIS
D30: Central de Britagem (m³/h) | J30: Usina de Concreto (m³/h)
D31: Usina de Asfalto a Quente (t/h) | J31: Usina de Asfalto a Frio (t/h)
D32: Usina de Solos (m³/h) | J32: Fábrica de Premoldados
B34: PADRÃO DE CONSTRUÇÃO
D36: Provisório | G36: Permanente | I36: X | J36: Containers
B39: CENTROS REGIONAL
B41: PV | C41: 10.8 | D41: Km | F41: PESQUEIRA | H41: Município | J41: PE | K41: UF
B42: LN | D42: km
B44: FATORES DE AJUSTE
G45: Tabela 35 - Fatores de Ajuste de Mobiliário e Aparelhagem (Manual de Custos-Vol. 06 -Canteiro de Obras)
D46: K2 - FATOR DE MOBILIÁRIO E APARELHAGEM | G46: Canteiros de Obras | K46: Fator K2
G47: Construção e restauração rodoviária de pequeno ou médio porte | K47: 1.05
G48: Construção e restauração rodoviária de grande porte | K48: 1.04
G49: Conservação rodoviária | K49: 1.11
G50: Construção ou recuperação, reforço e alargamento de obras de arte especiais de pequeno porte | K50: 1.06
G51: Construção ou recuperação, reforço e alargamento de obras de arte especiais de médio ou grande porte | K51: 1.04
G52: Construção ferroviária | K52: 1.05
G53: Inervenções Pontuais | K53: 1.13
D55: K3 - FATOR DE DISTÂNCIA DO CANTEIRO AOS CENTROS FORNECEDORES | G55: Condição do Pavimento | H55: Equação - Fator K3 | J55: Extensão | K55: Fator K3
G56: Leito Natural | H56: 1 + 0,0014 x DT | J56: =C42 -> 0 | K56: =TRUNC(IF(J56=0,0,(1+(0.0014*J56))),3) -> 0
G57: Revestimento Primário | H57: 1 + 0,0009 x DT | J57: 0 | K57: =TRUNC(IF(J57=0,0,(1+(0.0009*J57))),3) -> 0
G58: Rodovia Pavimentada | H58: 1 + 0,0008 x DT | J58: =C41 -> 10.8 | K58: =TRUNC(IF(J58=0,0,(1+(0.0008*J58))),3) -> 1.008
B59: CUSTO MÉDIO DA CONSTRUÇÃO CIVIL
C61: PE | D61: UF | F61: 1672.62 | G61: CMCC (R$/m²) | I61: X | J61: Desonerado | M61: Onerado
C63: PE | D63: UF | F63: 1780.31 | G63: CMCC (R$/m²) | J63: Desonerado | L63: X | M63: Onerado
B66: RELAÇÃO ENTRE ÁREA COBERTA X TERRENO
C68: Conservação rodoviária | F68: Porte Único
C69: Relação entre as áreas cobertas edificadas e as áreas totais dos terrenos | F69: 0.5
B71: FATOR DE EQUIVALÊNCIA DE ÁREA TERRENO - FEAT
D73: 0.03 | E73: Custo equivalente das áreas totais do terreno em relação ao custo básico da construção civil, para uso de contêiners
B77: TABELA 21 - Instalações e áreas de referência dos canteiros-tipo de obras de conservação rodoviária
C78: Instalações | E78: Área referência (m²) | F78: Contêiner | J78: Unidade | K78: Quantidade | L78: Valor Unitário | M78: Valor Total
F79: Código SICRO | G79: Descrição
C80: Escritório e seção técnica | E80: 29.74 | F80: M0066 | G80: Contêiner com revestimento térmico, janela e banheiro - L = 2,44 m e C = 12,19 m (2 TEU) | J80: un | K80: 1 | L80: 143119.25 | M80: =TRUNC(K80*L80,2) -> 143119.25
C81: Refeitório e Cozinha | E81: =59.44/2 -> 29.72 | F81: M0057 | G81: Contêiner com janela - L = 4,88 m e C = 6,09 m (1 TEU duplo) | J81: un | K81: 1 | L81: 151644.75 | M81: =TRUNC(K81*L81,2) -> 151644.75
C82: Instalações sanitárias e vestiário | E82: 14.86 | F82: M0041 | G82: Contêiner com 2 banheiros - L = 2,44 m e C = 6,09 m (1 TEU) | J82: un | K82: 1 | L82: 92336.8 | M82: =TRUNC(K82*L82,2) -> 92336.79
C83: Guarita | E83: 7.44 | F83: M0071 | G83: Contêiner com 3 janelas para guarita - L = 2,44 m e C = 3,05 m (1/2 TEU) | J83: un | K83: 1 | L83: 51574.921 | M83: =TRUNC(K83*L83,2) -> 51574.92
C84: Almoxarifado | E84: 29.72 | F84: M0057 | G84: Contêiner com janela - L = 4,88 m e C = 6,09 m (1 TEU duplo) | J84: un | K84: 1 | L84: 151644.75 | M84: =TRUNC(K84*L84,2) -> 151644.75
C85: Depósito de cimento | E85: 29.72 | F85: M0057 | G85: Contêiner com janela - L = 4,88 m e C = 6,09 m (1 TEU duplo) | J85: un | K85: 1 | L85: 151644.75 | M85: =TRUNC(K85*L85,2) -> 151644.75
C86: Laboratório | E86: 14.86 | F86: M0042 | G86: Contêiner com janela - L = 2,44 m e C = 6,09 m (1 TEU) | J86: un | K86: 1 | L86: 43777.879 | M86: =TRUNC(K86*L86,2) -> 43777.87
C87: Área Total Coberta (AC) | E87: =SUM((E80*K80),(E81*K81),(E82*K82),(E83*K83),(E84*K84),(E85*K85),(E86*K86)) -> 156.06 | G87: Número de Contêiners ( QCi ) | J87: Und | K87: =SUM(K80:K86) -> 7
C88: Área do Terreno ( AT ) | E88: =E87/F69 -> 312.12 | G88: Custo total Cci | L88: R$ | M88: =SUM(M80:M86) -> 785743.08
C89: Área Descoberta (AD) | E89: =E88-E87 -> 156.06
C90: Tabela 21 - Instalações e áreas de referência dos canteiros-tipo de obras de conservação rodoviárias (Manual de Custos-Vol. 06 -Canteiro de Obras)
B92: CUSTO TOTAL PARA INSTALAÇÃO DO CANTEIRO COM PREVISÃO EXCLUSIVA DE CONTÊINERS
H94: Onde:
H95: CCR é o custo total do canteiro de obras de conservação rodoviária exclusivamente em contêiner (R$)
H96: P representa o prazo da obra (meses);
H97: n é a vida útil do container (meses);
H98: k2 é o Fator de Ajuste de Mobiliário e Aparelhagem
H99: QCi é a quantidade de contêineres do canteiro;
H100: CCi é o custo dos contêineres (R$);
C101: k2 = | D101: =$K$47 -> 1.05 | E101: AT = | F101: =E88 -> 312.12 | H101: AT - Representa a área total do terreno;
C102: P = | D102: 8 | E102: FEAT = | F102: =D73 -> 0.03 | H102: FEAT - Representa o fator de equivalência de áreas totais;
C103: N= | D103: 120 | E103: CMCC = | F103: =F63 -> 1780.31 | H103: CMCC - Representa o custo médio da construção civil por metro quadrado;
C104: CP= | D104: 1 | H104: CP é o coeficiente de proporcionalidade (adimensional)
C105: ∑QCi X CCi = | D105: =M88 -> 785743.08 | H105: A vida útil adotada para contêiners é de 10 anos - 120 meses
C108: CCR= | D108: =((((D102/120)*D101*D105))+(F101*F102*F103))*D104 -> 71672.126
C109: BDI = | D109: 0.2131
C110: CUSTO TOTAL | D110: =TRUNC((D108*D109+D108),2) -> 86945.45 | E110: Valor com desoneração com BDI

Sheet 01-ADM-Resumo
B1: PE-219 TRECHO: ENTR. PE-197 (PESQUEIRA) / CIMBRES EXTENSÃO: 18,30 KM
A5: RESUMO DAS PARCELAS DA ADMINISTRAÇÃO LOCAL
E6: Data-base: | F6: 45931
B7: Prazo: | C7: 8 | D7: meses | F7: Não desonerado
A8: Item | B8: Discriminação | C8: Unidade | D8: Quantidade | E8: Custo unitário (R$) | F8: Custo total (R$)
A9: 1. | B9: Parcela Fixa Principal
A10: 1.1 | B10: Mão de Obra | C10: mês | D10: 8 | E10: ='02-ADM-Fixa'!G37 -> 57952.906 | F10: =E10*D10 -> 463623.24
A11: 1.2 | B11: Veículos | C11: mês | D11: 8 | E11: ='02-ADM-Fixa'!J53 -> 37228.026 | F11: =E11*D11 -> 297824.21
A12: Subtotal do Item 1 | F12: =SUM(F10:F11) -> 761447.45
A13: 2. | B13: Parcela Vinculada
A14: 2.1 | B14: Equipe de produção de terraplenagem | C14: mês | D14: 2 | E14: ='03-ADM-Vinculada'!G21 -> 8287.4949 | F14: =E14*D14 -> 16574.99
A15: 2.2 | B15: Equipe de produção de pavimentação | C15: mês | D15: 6 | E15: ='03-ADM-Vinculada'!G33 -> 11033.02 | F15: =E15*D15 -> 66198.121
A16: 2.3 | B16: Equipe de topografia | C16: mês | D16: 2 | E16: ='03-ADM-Vinculada'!G46 -> 17601.76 | F16: =E16*D16 -> 35203.52
A17: 2.4 | B17: Equipe de medicina e segurança do trabalho | C17: mês | D17: 8 | E17: ='03-ADM-Vinculada'!G54 -> 7702.3911 | F17: =E17*D17 -> 61619.129
A18: Subtotal do Item 2 | F18: =SUM(F14:F17) -> 179595.76
A19: 3. | B19: Parcela Variável
A20: 3.1 | B20: Equipes de frente de serviço | C20: eq x mês | D20: ='04-ADM-Variavel'!G10 -> 18.861029 | E20: ='05-ADM-Variavel$'!G15 -> 8830.5136 | F20: =E20*D20 -> 166552.58
A21: 3.2 | B21: Laboratório de solos | C21: eq x mês | D21: ='04-ADM-Variavel'!G11 -> 3.8301087 | E21: ='05-ADM-Variavel$'!G26 -> 19748.148 | F21: =E21*D21 -> 75637.556
A22: 3.3 | B22: Laboratório de asfaltos | C22: eq x mês | D22: ='04-ADM-Variavel'!G12 -> 4.2004044 | E22: ='05-ADM-Variavel$'!G37 -> 22493.674 | F22: =E22*D22 -> 94482.526
A23: 3.4 | B23: Laboratório de concreto | C23: eq x mês | D23: ='04-ADM-Variavel'!G13 -> 0.19141 | E23: ='05-ADM-Variavel$'!G48 -> 22493.674 | F23: =E23*D23 -> 4305.5141
A24: 3.5 | B24: Controle e Manejo Florestal | C24: eq x mês | D24: ='04-ADM-Variavel'!G14 -> 0.20941897 | E24: ='05-ADM-Variavel$'!G53 -> 4014.9522 | F24: =E24*D24 -> 840.80714
A25: Subtotal do Item 3 | F25: =SUM(F20:F24) -> 341818.98
A26: 4. | B26: Manutenção dos Canteiros de Obras e Acampamentos
A27: 4.1 | B27: Equipe de manutenção | C27: mês | D27: 6 | E27: ='06-Manutenção Canteiro'!G28 -> 8863.1841 | F27: =E27*D27 -> 53179.105
A28: Subtotal do Item 4 | F28: =F27 -> 53179.105
A30: Subtotal | F30: =F25+F18+F12+F28 -> 1336041.3
A32: 5. | B32: Despesas Diversas
A33: 5.1 | B33: Despesas Diversas | C33: % | D33: 0.05 | F33: =F30*D33 -> 66802.065
A35: Custo total da Administração Local | F35: =F33+F30 -> 1402843.4
A36: OBS: As parcelas de custo incluem mão de obra e veículos

Sheet 02-ADM-Fixa
B1: PE-219 TRECHO: ENTR. PE-197 (PESQUEIRA) / CIMBRES EXTENSÃO: 18,30 KM
A5: ADMINISTRAÇÃO LOCAL
A6: PARCELA FIXA - DIMENSIONAMENTO
A8: Quantidades das equipes da parcela fixa e complementar | D8: Homens
A9: Total das equipes de parcela fixa e complementar | D9: =E37 -> 6
F11: Data-base: | G11: ='01-ADM-Resumo'!$F$6 -> 45931 | H11: Não desonerado
A12: Administração local - parcela fixa principal - mão de obra
A13: Código | B13: Discriminação | C13: Código SICRO | D13: Unidade | E13: Quantidade | F13: Custo Unitário (R$) | G13: Custo Totral (R$)
A14: 1. | B14: Mão de obra (principal fixa)
A15: 1.1. | B15: Gerência Técnica
A16: 1.1.1. | B16: Geral
A17: 1.1.1.1. | B17: Engenheiro Chefe | C17: P9955 | D17: mês
A18: 1.1.1.2. | B18: Engenheiro supervisor | C18: P9819 | D18: mês | E18: 0.5 | F18: =VLOOKUP(C18,[2]MO!$A$6:$F$115,6,0) -> 27534.562 | G18: =F18*E18 -> 13767.281
A19: 1.1.1.3. | B19: Engenheiro Mecânico | C19: P9891 | D19: mês
A20: 1.1.1.4. | B20: Encarregado geral | C20: P9840 | D20: mês | E20: 1 | F20: =VLOOKUP(C20,[2]MO!$A$6:$F$115,6,0) -> 11551.203 | G20: =F20*E20 -> 11551.203
A21: 1.1.1.5. | B21: Técnico de meio ambiente | C21: P9897 | D21: mês
A22: 1.1.1.6. | B22: Motorista | C22: P9948 | D22: mês
A23: 1.1.1.7. | B23: Secretária | C23: P9878 | D23: mês
A24: 1.1.2. | B24: Auxiliar
A25: 1.1.2.1. | B25: Engenheiro auxiliar | C25: P9946 | D25: mês | E25: 0.5 | F25: =VLOOKUP(C25,[2]MO!$A$6:$F$150,6,0) -> 25005.828 | G25: =F25*E25 -> 12502.914
A26: 1.1.2.2. | B26: Auxiliar técnico | C26: P9903 | D26: mês | E26: 1 | F26: =VLOOKUP(C26,[2]MO!$A$6:$F$115,6,0) -> 4887.4143 | G26: =F26*E26 -> 4887.4143
A27: 1.2. | B27: Gerência Administrativa
A28: 1.2.1. | B28: Geral
A29: 1.2.1.1. | B29: Chefe do setor administrativo | C29: P9883 | D29: mês
A30: 1.2.1.2. | B30: Encarregado administrativo | C30: P9809 | D30: mês
A31: 1.2.1.3. | B31: Porteiro | C31: P9896 | D31: mês
A32: 1.2.1.4. | B32: Vigia | C32: P9827 | D32: mês | E32: 2 | F32: =VLOOKUP(C32,[2]MO!$A$6:$F$115,6,0) -> 4985.9787 | G32: =F32*E32 -> 9971.9574
A33: 1.2.1.5. | B33: Motorista | C33: P9948 | D33: mês
A34: 1.2.2. | B34: Auxiliar
A35: 1.2.2.1. | B35: Auxiliar administrativo | C35: P9806 | D35: mês | E35: 1 | F35: =VLOOKUP(C35,[2]MO!$A$6:$F$115,6,0) -> 5272.1359 | G35: =F35*E35 -> 5272.1359
A36: 1.2.2.2. | B36: Faxineiro | C36: P9842 | D36: mês
A37: 1A.Total da mão de obra da parcela principal fixa | E37: =TRUNC(SUM(E15:E36),0) -> 6 | G37: =SUM(G15:G36) -> 57952.906
A38: OBS: Ajustes segundo o Memorando-Circular n° 491/2018/DIREX/DNIT
A41: Administração local - parcela fixa principal - veículos
A42: Código | B42: Discriminação | C42: Código SICRO | D42: Unidade | E42: Quantidade | F42: Utilização (h) | H42: Custo horário (R$) | J42: Custo Total
F43: Produtiva | G43: Improdutiva | H43: Produtivo | I43: Improdutivo
A44: 2. | B44: Veículos (principal fixa)
A45: 2.1. | B45: Gerência Técnica
A46: 2.1.1. | B46: Geral
A47: 2.1.1.1. | B47: Veículo leve - 53 kW | C47: E9093 | D47: mês | E47: 1 | F47: 44 | G47: 176 | H47: =VLOOKUP($C47,[2]EQ!$A$5:$D$526,3,FALSE) -> 35.8043 | I47: =VLOOKUP($C47,[2]EQ!$A$5:$D$526,4,FALSE) -> 6.6485 | J47: =E47*(H47*F47+I47*G47) -> 2745.5252
A48: 2.1.1.2. | B48: Ônibus coletivo | C48: E9560 | D48: mês | E48: 1 | F48: 44 | G48: 176 | H48: =VLOOKUP($C48,[2]EQ!$A$5:$D$526,3,FALSE) -> 336.0436 | I48: =VLOOKUP($C48,[2]EQ!$A$5:$D$526,4,FALSE) -> 111.9124 | J48: =E48*(H48*F48+I48*G48) -> 34482.501
A49: 2.1.2. | B49: Auxiliar
A50: 2.1.2.1. | B50: Veículo leve - 53 kW | C50: E9093 | D50: mês | F50: 44 | G50: 176 | H50: =VLOOKUP($C50,[2]EQ!$A$5:$D$526,3,FALSE) -> 35.8043 | I50: =VLOOKUP($C50,[2]EQ!$A$5:$D$526,4,FALSE) -> 6.6485 | J50: =E50*(H50*F50+I50*G50) -> 0
A51: 2.2. | B51: Gerência Administrativa
A52: 2.2.1. | B52: Veículo leve - 53 kW | C52: E9093 | D52: mês | F52: 44 | G52: 176 | H52: =VLOOKUP($C52,[2]EQ!$A$5:$D$526,3,FALSE) -> 35.8043 | I52: =VLOOKUP($C52,[2]EQ!$A$5:$D$526,4,FALSE) -> 6.6485 | J52: =E52*(H52*F52+I52*G52) -> 0
A53: 2A. Total da parcela principal fixa | E53: =SUM(E47:E52) -> 2 | J53: =SUM(J45:J52) -> 37228.026

Sheet 03-ADM-Vinculada
B1: PE-219 TRECHO: ENTR. PE-197 (PESQUEIRA) / CIMBRES EXTENSÃO: 18,30 KM
A5: ADMINISTRAÇÃO LOCAL
A6: PARCELA VINCULADA - DIMENSIONAMENTO
A8: Quantidades das equipes da parcela vinculada | D8: Homens | H8: Data-base: | I8: ='01-ADM-Resumo'!$F$6 -> 45931
A9: Total das equipes de parcela vinculada | D9: =E33+E46+E54+E21+E79 -> 5 | I9: Não desonerado
A11: Equipe de produção de terraplenagem
A12: Código | B12: Discriminação | C12: Código SICRO | D12: Unidade | E12: Quantidade | F12: Custo Unitário (R$) | G12: Custo Totral (R$)
A13: 1. | B13: Equipe de Produção de Terraplenagem
A14: 1.1. | B14: Mão de obra
A15: 1.1.1. | B15: Encarregado de terraplenagem | C15: P9884 | D15: mês | E15: 1 | F15: =VLOOKUP(C15,[2]MO!$A$6:$F$115,6,FALSE) -> 8287.4949 | G15: =F15*E15 -> 8287.4949
A16: 1.2. | B16: Veículos
B17: Discriminação | C17: Código SICRO | D17: Unidade | E17: Quantidade | F17: Utilização (h) | H17: Custo horário (R$) | J17: Custo Total
F18: Produtiva | G18: Improdutiva | H18: Produtivo | I18: Improdutivo
A19: 1.2.1. | B19: Veículo leve - 53 kW | C19: E9093 | D19: mês | F19: 44 | G19: 176 | H19: =VLOOKUP(C19,[2]EQ!$A$5:$C$520,3,FALSE) -> 35.8043 | I19: =VLOOKUP(C19,[2]EQ!$A$5:$D$520,4,FALSE) -> 6.6485 | J19: =E19*(H19*F19+I19*G19) -> 0
A21: Total da Equipe de Produção de Terraplenagem | E21: =SUM(E13:E15) -> 1 | G21: =G15+J19 -> 8287.4949
A23: Equipe de produção de pavimentação
A24: Código | B24: Discriminação | C24: Código SICRO | D24: Unidade | E24: Quantidade | F24: Custo Unitário (R$) | G24: Custo Totral (R$)
A25: 1. | B25: Equipe de Produção de Pavimentação
A26: 1.1. | B26: Mão de obra
A27: 1.1.1. | B27: Encarregado de pavimentação | C27: P9893 | D27: mês | E27: 1 | F27: =VLOOKUP(C27,[2]MO!$A$6:$F$115,6,FALSE) -> 8287.4949 | G27: =F27*E27 -> 8287.4949
A28: 1.2. | B28: Veículos
B29: Discriminação | C29: Código SICRO | D29: Unidade | E29: Quantidade | F29: Utilização (h) | H29: Custo horário (R$) | J29: Custo Total
F30: Produtiva | G30: Improdutiva | H30: Produtivo | I30: Improdutivo
A31: 1.2.1. | B31: Veículo leve - 53 kW | C31: E9093 | D31: mês | E31: 1 | F31: 44 | G31: 176 | H31: =VLOOKUP($C31,[2]EQ!$A$5:$D$526,3,FALSE) -> 35.8043 | I31: =VLOOKUP($C31,[2]EQ!$A$5:$D$526,4,FALSE) -> 6.6485 | J31: =E31*(H31*F31+I31*G31) -> 2745.5252
A33: Total da Equipe de Produção de Pavimentação | E33: =SUM(E25:E27) -> 1 | G33: =G27+J31 -> 11033.02
A35: Equipe de topografia proposta para as obras de infraestrutura de transportes
A36: Código | B36: Discriminação | C36: Código SICRO | D36: Unidade | E36: Quantidade | F36: Custo Unitário (R$) | G36: Custo Totral (R$)
A37: 2. | B37: Equipe de Topografia
A38: 2.1. | B38: Mão de obra
A39: 2.1.1. | B39: Topógrafo | C39: P9949 | D39: mês | E39: 1 | F39: =VLOOKUP(C39,[2]MO!$A$6:$F$150,6,FALSE) -> 8892.4903 | G39: =F39*E39 -> 8892.4903
A40: 2.1.2. | B40: Auxiliar de topografia | C40: P9950 | D40: mês | E40: 1 | F40: =VLOOKUP(C40,[2]MO!$A$6:$F$150,6,FALSE) -> 5963.7447 | G40: =F40*E40 -> 5963.7447
A41: 2.2. | B41: Veículos
B42: Discriminação | C42: Código SICRO | D42: Unidade | E42: Quantidade | F42: Utilização (h) | H42: Custo horário (R$) | J42: Custo Total
F43: Produtiva | G43: Improdutiva | H43: Produtivo | I43: Improdutivo
A44: 2.2.1. | B44: Veículo leve - 53 kW | C44: E9093 | D44: mês | E44: 1 | F44: 44 | G44: 176 | H44: =VLOOKUP($C44,[2]EQ!$A$5:$D$526,3,FALSE) -> 35.8043 | I44: =VLOOKUP($C44,[2]EQ!$A$5:$D$526,4,FALSE) -> 6.6485 | J44: =E44*(H44*F44+I44*G44) -> 2745.5252
A46: 1A.Total da mão de obra da parcela vinculada | E46: =SUM(E37:E40) -> 2 | G46: =(SUM(G37:G40))+J44 -> 17601.76
A48: Mão de obra da equipe de medicina e segurança do trabalho
A49: Código | B49: Discriminação | C49: Código SICRO | D49: Unidade | E49: Quantidade | F49: Custo Unitário (R$) | G49: Custo Totral (R$)
A50: 3.1 | B50: Técnico de segurança do trabalho | C50: P9876 | D50: mês | E50: 1 | F50: =VLOOKUP(C50,[2]MO!$A$6:$F$115,6,FALSE) -> 7702.3911 | G50: =F50*E50 -> 7702.3911
A51: 3.2 | B51: Engenheiro de segurança do trabalho | C51: P9864 | D51: mês | F51: =VLOOKUP(C51,[2]MO!$A$6:$F$115,6,FALSE) -> 25094.22 | G51: =F51*E51 -> 0
A52: 3.3 | B52: Médico do trabalho | C52: P9851 | D52: mês | F52: =VLOOKUP(C52,[2]MO!$A$6:$F$115,6,FALSE) -> 18389.418 | G52: =F52*E52 -> 0
A53: 3.4 | B53: Médico de câmara hiperbárica | C53: P9951 | D53: mês | F53: =VLOOKUP(C53,[2]MO!$A$6:$F$150,6,FALSE) -> 20969.817 | G53: =F53*E53 -> 0
A54: Total da mão de obra da equipe de medicina e segurança do trabalho | E54: =SUM(E50:E53) -> 1 | G54: =SUM(G50:G53) -> 7702.3911
A69: Equipe de produção de OAE
A70: Código | B70: Discriminação | C70: Código SICRO | D70: Unidade | E70: Quantidade | F70: Custo Unitário (R$) | G70: Custo Totral (R$)
A71: 1. | B71: Equipe de Produção de OAE
A72: 1.1. | B72: Mão de obra
A73: 1.1.1. | B73: Encarregado de obras de artes especiais | C73: P9869 | D73: mês | E73: 0 | F73: =VLOOKUP(C73,[2]MO!$A$6:$F$115,6,FALSE) -> 8287.4949 | G73: =F73*E73 -> 0
A74: 1.2. | B74: Veículos
B75: Discriminação | C75: Código SICRO | D75: Unidade | E75: Quantidade | F75: Utilização (h) | H75: Custo horário (R$) | J75: Custo Total
F76: Produtiva | G76: Improdutiva | H76: Produtivo | I76: Improdutivo
A77: 1.2.1. | B77: Veículo leve - 53 kW | C77: E9093 | D77: mês | E77: 0 | F77: 44 | G77: 176 | H77: =VLOOKUP($C77,[2]EQ!$A$5:$D$526,3,FALSE) -> 35.8043 | I77: =VLOOKUP($C77,[2]EQ!$A$5:$D$526,4,FALSE) -> 6.6485 | J77: =E77*(H77*F77+I77*G77) -> 0
A79: Total da Equipe de Produção de OAE | E79: =SUM(E71:E73) -> 0 | G79: =G73+J77 -> 0

Sheet 04-ADM-Variavel
B1: PE-219 TRECHO: ENTR. PE-197 (PESQUEIRA) / CIMBRES EXTENSÃO: 18,30 KM
A5: ADMINISTRAÇÃO LOCAL
A6: PARCELA VARIÁVEL - DIMENSIONAMENTO
E7: Data-base: | F7: ='01-ADM-Resumo'!$F$6 -> 45931
F8: Não desonerado
A9: Quantidades das equipes da parcela variável | D9: Homens | E9: Equipes | F9: HxM | G9: Equipes
A10: Total das equipes de frente de serviço | D10: ='05-ADM-Variavel$'!E15 -> 1.5 | E10: =G25+G36+G48+G68+G75+G90+G98+G103 -> 18.861029 | F10: =TRUNC(D10*E10,0) -> 28 | G10: =G105 -> 18.861029
A11: Total da equipe de laboratório de solos | D11: ='05-ADM-Variavel$'!E26 -> 3 | E11: =G122 -> 3.8301087 | F11: =D11*E11 -> 11.490326 | G11: =G122 -> 3.8301087
A12: Total da equipe de laboratório de asfalto | D12: ='05-ADM-Variavel$'!E37 -> 3 | E12: =(G130) -> 4.2004044 | F12: =D12*E12 -> 12.601213 | G12: =G130 -> 4.2004044
A13: Total da equipe de laboratório de concreto | D13: ='05-ADM-Variavel$'!E48 -> 3 | E13: =(G152) -> 0.19141 | F13: =D13*E13 -> 0.57423 | G13: =G152 -> 0.19141
A14: Total da equipe de controle e manejo florestal | D14: ='05-ADM-Variavel$'!E53 -> 0.5 | E14: =G75 -> 0.20941897 | F14: =D14*E14 -> 0.10470948 | G14: =G75 -> 0.20941897
A15: Total das equipes | F15: =SUM(F10:F14) -> 52.770479 | G15: =SUM(G10:G14) -> 27.292371
A16: Média de HxM mensal | F16: =ROUNDUP(F15/'01-ADM-Resumo'!$C$7,0) -> 7
A18: Demonstrativo
A20: Equipes de acompanhamento das frentes de serviço de terraplenagem
A21: Item da Planilha | B21: Código SICRO | C21: Discriminação | D21: Unidade | E21: Quantidade | F21: Produção Horária | G21: Efs
A22: 5.42 | B22: 5503041 | C22: Compactação de aterros a 100% do Proctor intermediário | D22: m³ | E22: 3850.14 | F22: 134.56 | G22: =E22/(F22*182.49) -> 0.15679112
A23: 5.43 | B23: 5502978 | C23: Compactação de aterros a 100% do Proctor normal | D23: m³ | E23: 24920.61 | F23: 168.2 | G23: =E23/(F23*182.49) -> 0.8118833
A24: 6.9 | B24: 5502978 | C24: Compactação de aterros a 100% do Proctor normal | D24: m³ | E24: 5177 | F24: 168.2 | G24: =E24/(F24*182.49) -> 0.16866039
A25: Total de Equipes para Terraplenagem | G25: =SUM(G22:G24) -> 1.1373348
A27: Equipes de acompanhamento das frentes de serviço de pavimentação
A28: Item da Planilha | B28: Código SICRO | C28: Discriminação | D28: Unidade | E28: Quantidade | F28: Produção Horária | G28: Efs
A29: 6.1 | B29: 4011484 | C29: Reciclagem com incorporação do revestimento asfáltico à base e adição de brita comercial - 100% Proctor modificado | D29: m³ | E29: 27193.6 | F29: 90.84 | G29: =E29/(F29*182.49) -> 1.6404028
A30: 6.2 | B30: 4011276 | C30: Base ou sub-base de brita graduada com brita comercial - 100% Proctor modificado | D30: m³ | E30: 1412.64 | F30: 113.18 | G30: =E30/(F30*182.49) -> 0.068394746
A31: 6.3 | B31: 4011212 | C31: Varredura da superfície para execução de revestimento asfáltico | D31: m² | E31: 143816 | F31: 2430.24 | G31: =E31/(F31*182.49) -> 0.32427911
A32: 6.4 | B32: 4011351 | C32: Imprimação com asfalto diluído | D32: m² | E32: 7848 | F32: 1125 | G32: =E32/(F32*182.49) -> 0.038226752
A33: 6.5 | B33: 4011353 | C33: Pintura de ligação | D33: m² | E33: 271936 | F33: 1500 | G33: =E33/(F33*182.49) -> 0.99342795
A34: 6.6 | B34: 4011372 | C34: Tratamento superficial duplo com banho diluído - brita comercial | D34: m² | E34: 135968 | F34: 283.02 | G34: =E34/(F34*182.49) -> 2.6325735
A35: 6.7 | B35: 4011463 | C35: Concreto asfáltico - faixa C-12,5 - areia e brita comerciais | D35: t | E35: 17257.92 | F35: 99.6 | G35: =E35/(F35*182.49) -> 0.94948923
A36: Total de Equipes para Pavimentação | G36: =SUM(G29:G35) -> 6.6467941
A38: Equipes de acompanhamento das frentes de serviço de drenagem
A39: Item da Planilha | B39: Código SICRO | C39: Discriminação | D39: Unidade | E39: Quantidade | F39: Efsdu | G39: Efs
A40: 4.1.1 | B40: 2003373 | C40: Meio-fio de concreto - MFC 03 - areia e brita comerciais - fôrma de madeira | D40: m | E40: 15327.09 | F40: 0.0001 | G40: =E40*F40 -> 1.532709
A41: 4.1.2 | B41: 2003377 | C41: Meio-fio de concreto - MFC 05 - areia e brita comerciais - fôrma de madeira | D41: m | E41: 415.43 | F41: 0.0001 | G41: =E41*F41 -> 0.041543
A42: 4.1.3 | B42: 2003257 | C42: Sarjeta triangular de concreto - STC 100-20 - escavação mecânica - areia e brita comerciais | D42: m | E42: 10893.87 | F42: 0.0002 | G42: =E42*F42 -> 2.178774
A43: 4.1.4 | B43: 2003309 | C43: Valeta de proteção de cortes com revestimento de concreto - VPCC 120-30 - escavação mecânica - areia e brita comerciais | D43: m | E43: 1502.29 | F43: 0.00029 | G43: =E43*F43 -> 0.4356641
A44: 4.1.5 | B44: 2003315 | C44: Valeta de proteção de aterros com revestimento de concreto - VPAC 120-30 - escavação mecânica - areia e brita comerciais | D44: m | E44: 2323.67 | F44: 0.00029 | G44: =E44*F44 -> 0.6738643
A45: 4.2.1 | B45: 2003377 | C45: Meio-fio de concreto - MFC 05 - areia e brita comerciais - fôrma de madeira | D45: m | E45: 2819.53 | F45: 0.0001 | G45: =E45*F45 -> 0.281953
A46: 4.2.3 | B46: 2003319 | C46: Sarjeta triangular de concreto - STC 125-25 - escavação mecânica - areia e brita comerciais | D46: m | E46: 467.41 | F46: 0.0002 | G46: =E46*F46 -> 0.093482
A47: 6.8 | B47: 2003379 | C47: Meio-fio de concreto - MFC 06 - areia e brita comerciais - fôrma de madeira | D47: m | E47: 20709 | F47: 0.0001 | G47: =E47*F47 -> 2.0709
A48: Total de Equipes para Drenagem | G48: =SUM(G40:G47) -> 7.3088894
A50: Equipes de acompanhamento das frentes de serviço de obras de arte correntes
A51: Item da Planilha | B51: Código SICRO | C51: Discriminação | E51: Quantidade | F51: Efsdu | G51: Efs
A52: 4.1.21 | B52: 804099 | C52: Boca de BSTC D = 0,60 m - esconsidade 45° - areia e brita comerciais - alas retas | D52: un | E52: 1 | F52: 0.00171 | G52: =E52*F52 -> 0.00171
A53: 4.1.22 | B53: 804377 | C53: Boca de BSTC D = 0,60 m - esconsidade 0° - areia e brita comerciais - alas esconsas | D53: un | E53: 1 | F53: 0.00171 | G53: =E53*F53 -> 0.00171
A54: 4.1.23 | B54: 804081 | C54: Boca de BSTC D = 0,60 m - esconsidade 0° - areia e brita comerciais - alas retas | D54: un | E54: 1 | F54: 0.00171 | G54: =E54*F54 -> 0.00171
A55: 4.1.24 | B55: 804021 | C55: Corpo de BSTC D = 0,60 m PA1 - areia, brita e pedra de mão comerciais | D55: m | E55: 51.5 | F55: 0.00124 | G55: =E55*F55 -> 0.06386
A56: 4.3.8 | B56: 804377 | C56: Boca de BSTC D = 0,60 m - esconsidade 0° - areia e brita comerciais - alas esconsas | D56: un | E56: 2 | F56: 0.00171 | G56: =E56*F56 -> 0.00342
A57: 4.3.9 | B57: 804385 | C57: Boca de BSTC D = 0,80 m - esconsidade 0° - areia e brita comerciais - alas esconsas | D57: un | E57: 1 | F57: 0.00301 | G57: =E57*F57 -> 0.00301
A58: 4.3.10 | B58: 804387 | C58: Boca de BSTC D = 0,80 m - esconsidade 15° - areia e brita comerciais - alas esconsas | D58: un | E58: 1 | F58: 0.00301 | G58: =E58*F58 -> 0.00301
A59: 4.3.11 | B59: 804213 | C59: Boca de BDTC D = 0,80 m - esconsidade 0° - areia e brita comerciais - alas retas | D59: un | E59: 2 | F59: 0.00316 | G59: =E59*F59 -> 0.00632
A60: 4.3.12 | B60: 705225 | C60: Boca de BSCC 1,50 x 1,50 m - esconsidade 0° - areia e brita comerciais | D60: un | E60: 17 | F60: 0.01405 | G60: =E60*F60 -> 0.23885
A61: 4.3.13 | B61: 705233 | C61: Boca de BSCC 2,00 x 2,00 m - esconsidade 0° - areia e brita comerciais | D61: un | E61: 1 | F61: 0.02237 | G61: =E61*F61 -> 0.02237
A62: 4.3.14 | B62: 804021 | C62: Corpo de BSTC D = 0,60 m PA1 - areia, brita e pedra de mão comerciais | D62: m | E62: 5 | F62: 0.0002 | G62: =E62*F62 -> 0.001
A63: 4.3.15 | B63: 804029 | C63: Corpo de BSTC D = 0,80 m PA1 - areia, brita e pedra de mão comerciais | D63: m | E63: 5 | F63: 0.00028 | G63: =E63*F63 -> 0.0014
... A66: 4.3.18 | B66: 705183 | C66: Corpo de BSCC 2,00 x 2,00 m - moldado no local - altura do aterro 0,00 a 1,00 m - areia e brita comerciais | D66: m | E66: 5 | F66: 0.00171 | G66: =E66*F66 -> 0.00855
A68: Total de Equipes para Obra de Arte Correntes: | G68: =SUM(G52:G67) -> 0.4054
A70: Equipes de acompanhamento das frentes de serviço de manejo florestal
A71: Item da Planilha | B71: Código SICRO | C71: Discriminação | D71: Unidade | E71: Quantidade | F71: Produção Horária | G71: Tr
A72: 5.2 | B72: 5501701 | C72: Destocamento de árvores com diâmetro de 0,15 a 0,30 m | D72: un | E72: 528 | F72: 20.75 | G72: =E72/(F72*182.49) -> 0.13943659
A73: 5.3 | B73: 5501702 | C73: Destocamento de árvores com diâmetro maior que 0,30 m | D73: un | E73: 106 | F73: 8.3 | G73: =E73/(F73*182.49) -> 0.069982379
A75: Total de Técnicos para Controle e Manejo Florestal | G75: =SUM(G72:G73) -> 0.20941897
A77: Equipes de acompanhamento das frentes de serviço de sinalização e segurança de transito
A78: Item da Planilha | B78: Código SICRO | C78: Discriminação | D78: Unidade | E78: Quantidade | F78: Produção Horária | G78: Efs
C79: SINALIZAÇÃO HORIZONTAL
A80: 7.2.1 | B80: 5213408 | C80: Pintura de faixa com termoplástico por aspersão - espessura de 1,5 mm | D80: m² | E80: 5530.15 | F80: 95.4 | G80: =0.2*(E80/(F80*182.49)) -> 0.063530089
A81: 7.3.1 | B81: 5219606 | C81: Tacha refletiva em plástico injetado - bidirecional tipo II - com um pino - fornecimento e colocação | D81: un | E81: 4622 | F81: 36 | G81: =0.2*(E81/(F81*182.49)) -> 0.14070786
C82: SINALIZAÇÃO VERTICAL
A83: 7.1.1 | B83: 5213476 | C83: Placa delineador em aço - 0,50 x 0,60 m - película retrorrefletiva tipo I + IV - fornecimento e implantação | D83: un | E83: 423 | F83: 3 | G83: =0.2*(E83/(F83*182.49)) -> 0.15452902
A84: 7.1.2 | B84: 5213472 | C84: Placa de marco quilométrico em aço - 0,60 x 0,865 m - película retrorrefletiva tipo I + I - fornecimento e implantação | D84: un | E84: 19 | F84: 3 | G84: =0.2*(E84/(F84*182.49)) -> 0.0069410196
A85: 7.1.3 | B85: 5213441 | C85: Placa de regulamentação em aço D = 0,80 m - película retrorrefletiva tipo I + SI - fornecimento e implantação | D85: un | E85: 19 | F85: 3 | G85: =0.2*(E85/(F85*182.49)) -> 0.0069410196
A86: 7.1.4 | B86: 5213449 | C86: Placa de regulamentação em aço, R2 lado 0,80 m - película retrorrefletiva tipo I + SI - fornecimento e implantação | D86: un | E86: 2 | F86: 3 | G86: =0.2*(E86/(F86*182.49)) -> 0.00073063364
A87: 7.1.5 | B87: 5213465 | C87: Placa de advertência em aço, lado de 0,80 m - película retrorrefletiva tipo I + SI - fornecimento e implantação | D87: un | E87: 23 | F87: 3 | G87: =0.2*(E87/(F87*182.49)) -> 0.0084022869
A88: 7.1.6 | B88: 5213570 | C88: Placa em aço - película I + I - fornecimento e implantação | D88: m² | E88: 47.1 | F88: 3 | G88: =0.2*(E88/(F88*182.49)) -> 0.017206422
A89: 7.1.7 | B89: 5216111 | C89: Suporte para placa de sinalização em madeira de lei tratada 8 x 8 cm - fornecimento e implantação | D89: un | E89: 522 | F89: 4 | G89: =0.2*(E89/(F89*182.49)) -> 0.14302154
A90: Total de Equipes para Sinalização | G90: =SUM(G79:G89) -> 0.54200988
A92: Equipes de acompanhamento das frentes de serviço de obras complementares
A93: Item da Planilha | B93: Código SICRO | C93: Discriminação | D93: Unidade | E93: Quantidade | F93: Produção Horária | G93: Efs
A94: 8.1 | B94: 3713604 | C94: Defensa semimaleável simples - fornecimento e implantação | D94: m | E94: 4640 | F94: 66.4 | G94: =0.2*(E94/(F94*182.49)) -> 0.07658449
A95: 8.2 | B95: 3713605 | C95: Ancoragem de defensa semimaleável simples - fornecimento e implantação | D95: m | E95: 704 | F95: 7.38 | G95: =0.2*(E95/(F95*182.49)) -> 0.10454595
A96: 8.3 | B96: 3713608 | C96: Cerca com 4 fios de arame farpado e mourão de madeira a cada 2,5 m e esticador a cada 50 m | D96: m | E96: 18650 | F96: 10 | G96: =0.2*(E96/(F96*182.49)) -> 2.0439476
A97: 8.4 | B97: 3713604 | C97: Defensa semimaleável simples - fornecimento e implantação - em OAE | D97: m | E97: 128 | F97: 66.4 | G97: =0.2*(E97/(F97*182.49)) -> 0.0021126756
A98: Total de Equipes de Acompanhamento das Frentes de Serviços Complementares | G98: =SUM(G94:G97) -> 2.2271907
A100: Equipes de acompanhamento das frentes de serviço de proteção ambiental
A101: Item da Planilha | B101: Código SICRO | C101: Discriminação | D101: Unidade | E101: Quantidade | F101: Produção Horária | G101: Efs
A102: 10.1 | B102: 4413905 | C102: Hidrossemeadura | D102: m² | E102: 145404.73 | F102: 415 | G102: =0.2*(E102/(F102*182.49)) -> 0.38399128
A103: Total de Equipes para Proteção Ambiental | G103: =SUM(G102:G102) -> 0.38399128
A105: TOTAL DAS EQUIPES DE ACOMPANHAMENTO DAS FRENTES DE SERVIÇOS | G105: =G103+G48+G36+G98+G75+G90+G68+G25 -> 18.861029
A107: Equipes de controle tecnológico
A109: Item da Planilha | B109: Código SICRO | C109: Discriminação | D109: Unidade | E109: Quantidade | F109: QE | G109: Efs
A110: Laboratório de solos para terraplenagem
A111: =A22 -> 5.42 | B111: =B22 -> 5503041 | C111: =C22 -> Compactação de aterros a 100% do Proctor intermediário | D111: =D22 -> m³ | E111: =E22 -> 3850.14 | F111: 24300 | G111: =E111/F111 -> 0.15844198
A112: =A23 -> 5.43 | B112: =B23 -> 5502978 | C112: =C23 -> Compactação de aterros a 100% do Proctor normal | D112: =D23 -> m³ | E112: =E23 -> 24920.61 | F112: 165000 | G112: =E112/F112 -> 0.151034
A113: =A24 -> 6.9 | B113: =B24 -> 5502978 | C113: =C24 -> Compactação de aterros a 100% do Proctor normal | D113: =D24 -> m³ | E113: =E24 -> 5177 | F113: 165000 | G113: =E113/F113 -> 0.031375758
A114: Total das equipes de laboratório de solos para terraplenagem | G114: =SUM(G111:G113) -> 0.34085173
A116: Item da Planilha | B116: Código SICRO | C116: Discriminação | D116: Unidade | E116: Quantidade | F116: QE | G116: Efs
A117: Laboratório de solos para pavimentação
A118: =A29 -> 6.1 | B118: =B29 -> 4011484 | C118: =C29 -> Reciclagem com incorporação do revestimento asfáltico à base e adição de brita comercial - 100% Proctor modificado | D118: =D29 -> m³ | E118: =E29 -> 27193.6 | F118: 8100 | G118: =E118/F118 -> 3.3572346
A119: =A30 -> 6.2 | B119: =B30 -> 4011276 | C119: =C30 -> Base ou sub-base de brita graduada com brita comercial - 100% Proctor modificado | D119: =D30 -> m³ | E119: =E30 -> 1412.64 | F119: 10700 | G119: =E119/F119 -> 0.13202243
A120: Total das equipes de laboratório de solos para pavimentação | G120: =SUM(G118:G119) -> 3.489257
...

Sheet 05-ADM-Variavel$
B1: PE-219 TRECHO: ENTR. PE-197 (PESQUEIRA) / CIMBRES EXTENSÃO: 18,30 KM
A5: ADMINISTRAÇÃO LOCAL
A6: PARCELA VARIÁVEL - EQUIPES PADRÃO
G7: Data-base: | H7: ='01-ADM-Resumo'!$F$6 -> 45931 | I7: Não desonerado
A10: Composição de custo das equipes da parcela variável da administração local
A11: Código | B11: Discriminação | C11: Código SICRO | D11: Unidade | E11: Quantidade | F11: Custo Unitário (R$) | G11: Custo Totral (R$)
A12: Mão de obra de acompanhamento de frentes de serviço
A13: 1.1. | B13: Encarregado de turma | C13: P9875 | D13: mês | E13: 1 | F13: =VLOOKUP(C13,[2]MO!$A$6:$F$115,6,FALSE) -> 6191.2078 | G13: =F13*E13 -> 6191.2078
A14: 1.2. | B14: Apontador | C14: P9804 | D14: mês | E14: 0.5 | F14: =VLOOKUP(C14,[2]MO!$A$6:$F$115,6,FALSE) -> 5278.6116 | G14: =F14*E14 -> 2639.3058 | L14: =E15+E26+E37+E48 -> 10.5
A15: Total da mão de obra da equipe de acompanhamento de frentes de serviço | E15: =SUM(E13:E14) -> 1.5 | G15: =SUM(G13:G14) -> 8830.5136
A17: Mão de obra da equipe de laboratório de solos
A18: 1. | B18: Mão de obra
A19: 1.1. | B19: Laboratorista | C19: P9858 | D19: mês | E19: 1 | F19: =VLOOKUP(C19,[2]MO!$A$6:$F$115,6,FALSE) -> 7854.3998 | G19: =F19*E19 -> 7854.3998
A20: 1.2. | B20: Auxiliar de laboratório | C20: P9833 | D20: mês | E20: 2 | F20: =VLOOKUP(C20,[2]MO!$A$6:$F$115,6,FALSE) -> 5946.8743 | G20: =F20*E20 -> 11893.749
A21: 2. | B21: Veículos
B22: Discriminação | C22: Código SICRO | D22: Unidade | E22: Quantidade | F22: Utilização (h) | H22: Custo horário (R$) | J22: Custo Total
F23: Produtiva | G23: Improdutiva | H23: Produtivo | I23: Improdutivo
A24: 2.1. | B24: Veículo leve - 53 kW | C24: E9093 | D24: mês | E24: 0 | F24: 44 | G24: 176 | H24: =VLOOKUP($C24,[2]EQ!$A$5:$D$526,3,FALSE) -> 35.8043 | I24: =VLOOKUP($C24,[2]EQ!$A$5:$D$526,4,FALSE) -> 6.6485 | J24: =E24*(H24*F24+I24*G24) -> 0
A26: Total da mão de obra da equipe de laboratório de solos | E26: =SUM(E19:E20) -> 3 | G26: =(SUM(G19:G20))+J24 -> 19748.148
A28: Mão de obra da equipe de laboratório de asfalto
A29: 1. | B29: Mão de obra
A30: 1.1. | B30: Laboratorista | C30: P9858 | D30: mês | E30: 1 | F30: =VLOOKUP(C30,[2]MO!$A$6:$F$115,6,FALSE) -> 7854.3998 | G30: =F30*E30 -> 7854.3998
A31: 1.2. | B31: Auxiliar de laboratório | C31: P9833 | D31: mês | E31: 2 | F31: =VLOOKUP(C31,[2]MO!$A$6:$F$115,6,FALSE) -> 5946.8743 | G31: =F31*E31 -> 11893.749
A32: 2. | B32: Veículos
B33: Discriminação | C33: Código SICRO | D33: Unidade | E33: Quantidade | F33: Utilização (h) | H33: Custo horário (R$) | J33: Custo Total | Q33: =G112+G42+G35+G106+G75+G97+G56+G23 -> #VALUE!
F34: Produtiva | G34: Improdutiva | H34: Produtivo | I34: Improdutivo
A35: 2.1. | B35: Veículo leve - 53 kW | C35: E9093 | D35: mês | E35: 1 | F35: 44 | G35: 176 | H35: =VLOOKUP($C35,[2]EQ!$A$5:$D$526,3,FALSE) -> 35.8043 | I35: =VLOOKUP($C35,[2]EQ!$A$5:$D$526,4,FALSE) -> 6.6485 | J35: =E35*(H35*F35+I35*G35) -> 2745.5252
A37: Total da mão de obra da equipe de laboratório de asfalto | E37: =SUM(E30:E31) -> 3 | G37: =(SUM(G30:G31))+J35 -> 22493.674
A39: Mão de obra da equipe de laboratório de concreto
A40: 1. | B40: Mão de obra
A41: 1.1. | B41: Laboratorista | C41: P9858 | D41: mês | E41: 1 | F41: =VLOOKUP(C41,[2]MO!$A$6:$F$115,6,FALSE) -> 7854.3998 | G41: =F41*E41 -> 7854.3998
A42: 1.2. | B42: Auxiliar de laboratório | C42: P9833 | D42: mês | E42: 2 | F42: =VLOOKUP(C42,[2]MO!$A$6:$F$115,6,FALSE) -> 5946.8743 | G42: =F42*E42 -> 11893.749
A43: 2. | B43: Veículos
B44: Discriminação | C44: Código SICRO | D44: Unidade | E44: Quantidade | F44: Utilização (h) | H44: Custo horário (R$) | J44: Custo Total
F45: Produtiva | G45: Improdutiva | H45: Produtivo | I45: Improdutivo
A46: 2.1. | B46: Veículo leve - 53 kW | C46: E9093 | D46: mês | E46: 1 | F46: 44 | G46: 176 | H46: =VLOOKUP($C46,[2]EQ!$A$5:$D$526,3,FALSE) -> 35.8043 | I46: =VLOOKUP($C46,[2]EQ!$A$5:$D$526,4,FALSE) -> 6.6485 | J46: =E46*(H46*F46+I46*G46) -> 2745.5252
A48: Total da mão de obra da equipe de laboratório de concreto | E48: =SUM(E41:E42) -> 3 | G48: =(SUM(G41:G42))+J46 -> 22493.674
A50: Código | B50: Discriminação | C50: Código SICRO | D50: Unidade | E50: Quantidade | F50: Custo Unitário (R$) | G50: Custo Totral (R$)
A51: Mão de obra da equipe de Controle e Manejo Florestal
A52: 1.1. | B52: Encarregado de turma | C52: P9947 | D52: mês | E52: 0.5 | F52: =VLOOKUP(C52,[2]MO!$A$6:$F$150,6,FALSE) -> 8029.9043 | G52: =F52*E52 -> 4014.9522
A53: Total da mão de obra da equipe de Controle e Manejo Florestal | E53: =SUM(E52:E52) -> 0.5 | G53: =SUM(G52:G52) -> 4014.9522

Sheet 06-Manutenção Canteiro
B1: PE-219 TRECHO: ENTR. PE-197 (PESQUEIRA) / CIMBRES EXTENSÃO: 18,30 KM
A6: ADMINISTRAÇÃO LOCAL
A7: Manutenção do Canteiro de Obras e Acampamentos
F8: Data-base: | G8: ='01-ADM-Resumo'!$F$6 -> 45931 | H8: Não desonerado
A10: Equipe de Manutenção do Canteiro de Obras e Acampamentos
A11: Código | B11: Discriminação | C11: Código SICRO | D11: Unidade | E11: Quantidade | F11: Custo Unitário (R$) | G11: Custo Totral (R$)
A12: 1. | B12: Manutenção do Canteiro de Obras e Acampamentos
A13: 1.1. | B13: Mão de obra
A14: 1.1.1. | B14: Pedreiro - mensalista | C14: P9952 | D14: mês | E14: =(44/220)*0.5 -> 0.1 | F14: =VLOOKUP(C14,[2]MO!A:G,6,0) -> 5316.0622 | G14: =F14*E14 -> 531.60622
A15: 1.1.2. | B15: Servente - mensalista | C15: P9954 | D15: mês | E15: =(44/220)*0.5 -> 0.1 | F15: =VLOOKUP(C15,[2]MO!A:G,6,0) -> 4313.2129 | G15: =F15*E15 -> 431.32129
A16: 1.1.3. | B16: Eletricista - mensalista | C16: P9953 | D16: mês | E16: =(44/220)*0.5 -> 0.1 | F16: =VLOOKUP(C16,[2]MO!A:G,6,0) -> 6146.8213 | G16: =F16*E16 -> 614.68213
A17: Total da Equipe para Manutenção do Canteiro de Obras e Acampamentos | G17: =SUM(G14:G16) -> 1577.6096
A19: Equipamentos para Manutenção do Canteiro de Obras e Acampamentos
A20: Código | B20: Discriminação | C20: Código SICRO | D20: Unidade | E20: Quantidade | F20: Custo Produtivo (R$) | G20: Custo Totral (R$)
A21: 1.2. | B21: Equipamentos
A22: 1.2.1. | B22: Caminhão tanque com capacidade de 6.000 l - 136 kW | C22: E9509 | D22: h/mês | E22: =(22)*0.5 -> 11 | F22: =VLOOKUP(C22,[2]EQ!$A$5:$D$567,3,FALSE) -> 333.8549 | G22: =F22*E22 -> 3672.4039
A23: 1.2.1. | B23: Caminhão carroceria com guindauto com capacidade de 20 t.m - 136 kW | C23: E9686 | D23: h/mês | E23: =(11)*0.5 -> 5.5 | F23: =VLOOKUP(C23,[2]EQ!$A$5:$D$567,3,FALSE) -> 316.3314 | G23: =F23*E23 -> 1739.8227
A24: 1.2.1. | B24: Motoniveladora - 93 kW | C24: E9524 | D24: h/mês | E24: =(11)*0.5 -> 5.5 | F24: =VLOOKUP(C24,[2]EQ!$A$5:$D$567,3,FALSE) -> 340.6087 | G24: =F24*E24 -> 1873.3479
A27: Total de Equip. para Manutenção do Canteiro de Obras e Acampamentos | G27: =SUM(G22:G25) -> 7285.5745
A28: Total da Manutenção do Canteiro de Obras e Acampamentos | G28: =G27+G17 -> 8863.1841
C31: CAC = | D31: ( ACP ) | E31: = | F31: =C36 -> 140.85 | G31: = | H31: =ROUND(C36/C37,2) -> 1
D32: ( ACR ) | F32: =C37 -> 140.85
A35: CAC = | B35: Representa o Coeficiente de Proporcionalidade de Áreas Cobertas; | C35: =H31 -> 1
A36: ACP = | B36: Representa a Área das Instalações Cobertas Previstas em Projeto (m²); | C36: 140.85
A37: ACR = | B37: Representa a Área das Instalações Cobertas Referenciais (m²). | C37: 140.85

Sheet 7.FIT
A1: GOVERNO DO ESTADO DE PERNAMBUCO
A2: SECRETARIA DE MOBILIDADE E INFRAESTRUTURA - SEMOBI/PE
A3: DEPARTAMENTO DE ESTRADAS DE RODAGEM - DER/PE
A5: RODOVIA: | B5: ='7.BDI'!C6 -> PE-219
A6: TRECHO: | B6: ='7.BDI'!C7 -> ENTR. PE-197 (PESQUEIRA) / CIMBRES
A7: EXTENSÃO: | B7: ='7.BDI'!C8 -> 18.3
A8: DATA BASE: | B8: ='7.BDI'!C9 -> OUTUBRO/2025
A9: TIPO: | B9: ='7.BDI'!C10 -> SEM DESONERAÇÃO
A11: CÁLCULO DO FIT
A12: CÁLCULO DO FIT:
A13: RODOVIA | B13: MUNICÍPIO | D13: ALÍQUOTA | E13: DEDUÇÃO | F13: ALÍQUOTA REDUZIDA | G13: KM INICIAL | H13: KM FINAL | I13: EXTENSÃO (KM) | J13: % | K13: TRECHO URBANO (KM)
K14: KM INICIAL | L14: KM FINAL | M14: EXTENSÃO (KM)
A15: PE-219 | B15: PESQUEIRA/PE | D15: 0.05 | E15: 0.4 | F15: =D15*(1-E15) -> 0.03 | G15: 0 | H15: 18.3 | I15: =H15-G15 -> 18.3 | J15: =I15/(SUM($I$15:$I$17)) -> 1
E18: ALÍQUOTA REDUZIDA (MÉDIA PONDERADA) = | F18: =ROUND(SUMPRODUCT(F15:F17,J15:J17),4) -> 0.03 | I18: =SUM(I15:I17) -> 18.3 | J18: =SUM(J15:J17) -> 1 | M18: =SUM(M15:M17) -> 0
I19: Percentual de trecho urbano na Rodovia | M19: =M18/I18 -> 0
A20: VMD = | B20: 781 | C20: (Conforme Tabelas 25, 26, 27, 28, Volume 1)
A31: =ROUND(IF(B20<2000,0%,IF(AND(B20>=2000,B20<=11000),(((B20-2000)/600)/100),IF(B20>11000,15%,"-"))),4) -> 0
A32: FIT = 0,00% + (0,00% x 5%)
A34: FIT = | B34: =0+(0*0.05) -> 0

Sheet COMP PRÓPRIAS
C1: Composições Analíticas com Preço Unitário | E1: Bancos | G1: B.D.I. | I1: Encargos Sociais
C2: RESTAURAÇÃO DA RODOVIA PE-219 | E2: SINAPI - 10/2025 - Pernambuco SICRO3 - 10/2025 - Pernambuco | G2: 21,23% | I2: Não Desonerado: embutido nos preços unitário dos insumos de mão de obra, de acordo com as bases.
A3: Composições Analíticas com Preço Unitário
A4: Composições Principais
A5: 1.1 | B5: Código | C5: Banco | D5: Descrição | E5: Tipo | G5: Und | H5: Quant. | I5: Valor Unit | J5: Total
A6: Composição | B6: CP ADM | C6: Próprio | D6: Administração Local da obra | G6: un | H6: 1 | I6: 1402843.4 | J6: 1402843.4
A7: Insumo | B7: ADM.01 | C7: Próprio | D7: ADMINISTRAÇÃO LOCAL DA OBRA | E7: Serviços | G7: un | H7: 1 | I7: 1402843.4 | J7: 1402843.4
E8: MO sem LS => | F8: 0 | G8: LS => | H8: 0 | I8: MO com LS => | J8: 0
E9: Valor do BDI => | F9: 297823.64 | H9: Valor com BDI => | J9: 1700667
A11: 2.1 | B11: Código | C11: Banco | D11: Descrição | E11: Tipo | G11: Und | H11: Quant. | I11: Valor Unit | J11: Total
A12: Composição | B12: CP CANT | C12: Próprio | D12: Instalação do canteiro de obras | G12: un | H12: 1 | I12: 71672.13 | J12: 71672.13
A13: Insumo | B13: APROPRIADA | C13: Próprio | D13: Instalação do canteiro de obras | E13: Serviços | G13: un | H13: 1 | I13: 71672.13 | J13: 71672.13
E14: MO sem LS => | F14: 0 | G14: LS => | H14: 0 | I14: MO com LS => | J14: 0
E15: Valor do BDI => | F15: 15215.99 | H15: Valor com BDI => | J15: 86888.12
A17: 2.2 | B17: Código | C17: Banco | D17: Descrição | E17: Tipo | G17: Und | H17: Quant. | I17: Valor Unit | J17: Total
A18: Composição | B18: COMP_001 | C18: Próprio | D18: Placa de obra em chapa de aço galvanizado | E18: CANT - CANTEIRO DE OBRAS | G18: m² | H18: 1 | I18: 487.58 | J18: 487.58
A19: Insumo | B19: M1358 | C19: SICRO3 | D19: Sarrafo em madeira de terceira - E = 2,5 cm e L = 5 cm | E19: Material | G19: m | H19: 3.2083 | I19: 3.125 | J19: 10.025937
A20: Insumo | B20: P9808 | C20: SICRO3 | D20: Carpinteiro | E20: Mão de Obra | G20: h | H20: 1 | I20: 28.8512 | J20: 28.8512
A21: Insumo | B21: 00004813 | C21: SINAPI | D21: PLACA DE OBRA (PARA CONSTRUCAO CIVIL) EM CHAPA GALVANIZADA *N. 22*, ADESIVADA, DE *2,4 X 1,2* M (SEM POSTES PARA FIXACAO) | E21: Material | G21: m² | H21: 1 | I21: 400 | J21: 400
A22: Insumo | B22: M1205 | C22: SICRO3 | D22: Prego de ferro | E22: Material | G22: kg | H22: 0.15 | I22: 13.1562 | J22: 1.97343
A23: Insumo | B23: P9824 | C23: SICRO3 | D23: Servente | E23: Mão de Obra | G23: h | H23: 2 | I23: 23.3737 | J23: 46.7474
E24: MO sem LS => | F24: 75.59 | G24: LS => | H24: 0 | I24: MO com LS => | J24: 75.59
E25: Valor do BDI => | F25: 103.51 | H25: Valor com BDI => | J25: 591.09
A26: Observação
A27: Composição com base ORSE COD. 00051
A29: 2.3 | B29: Código | C29: Banco | D29: Descrição | E29: Tipo | G29: Und | H29: Quant. | I29: Valor Unit | J29: Total
A30: Composição | B30: COMP_002 | C30: Próprio | D30: Tapume com telha metálica | E30: CANT - CANTEIRO DE OBRAS | G30: m² | H30: 1 | I30: 96.6 | J30: 96.6
A31: A | B31: Código | C31: Banco | D31: Equipamentos | E31: Quantidade | F31: Utilização | H31: Custo Horário | J31: Custo Horário Total
F32: Operativa | G32: Improdutiva | H32: Operativa | I32: Improdutiva
A33: Insumo | B33: E9535 | C33: SICRO3 | D33: Serra circular com bancada - D = 30 cm - 4 kW | E33: 1 | F33: 0.01 | G33: 0.03 | H33: 29.88 | I33: 29.5 | J33: 0.98
F34: Custo horário total de equipamentos | J34: 0.9759
A35: B | B35: Código | C35: Banco | D35: Mão de Obra | E35: Quantidade | F35: Custo Horário | J35: Custo Horário Total
A36: Insumo | B36: P9808 | C36: SICRO3 | D36: Carpinteiro | E36: 0.735 | I36: 28,85 | J36: 21,21
A37: Insumo | B37: P9801 | C37: SICRO3 | D37: Ajudante | E37: 0.492 | I37: 23,49 | J37: 11,56
F38: Adicional de Mão de obra (0.0%) | J38: 0
F39: Custo horário total de mão de obra | J39: 32.7618
F40: Custo horário total de execução | J40: 33.7377
F41: Produção de equipe | J41: 1
F42: Custo unitário de execução | J42: 33.7377
F43: Custo do FIC | J43: 0
A44: C | B44: Código | C44: Banco | D44: MATERIAL | E44: Quantidade | F44: Unidade | G44: Preço Unitário | J44: Custo Horário
A45: Insumo | B45: M1205 | C45: SICRO3 | D45: Prego de ferro | E45: 0.068 | F45: kg | G45: 13,16 | J45: 0,89
A46: Insumo | B46: M0289 | C46: SICRO3 | D46: Tábua - E = 2,5 cm e L = 15 cm | E46: 2 | F46: m | G46: 10,80 | J46: 21,60
A47: Insumo | B47: M1546 | C47: SICRO3 | D47: Telha trapezoidal em aço zincado - E = 0,43 mm | E47: 0.5853 | F47: m² | G47: 41,62 | J47: 24,36
A48: Insumo | B48: 00004491 | C48: SINAPI | D48: PONTALETE *7,5 X 7,5* CM EM PINUS, MISTA OU EQUIVALENTE DA REGIAO - BRUTA | E48: 1.2273 | F48: M | G48: 10,85 | J48: 13,32
F49: Custo unitário total de material | J49: 60.1717
A50: D | B50: Código | C50: Banco | D50: ATIVIDADES AUXILIARES | E50: Quantidade | F50: Unidade | G50: Preço Unitário | J50: Custo Horário
A51: Composição | B51: 1106057 | C51: SICRO3 | D51: Concreto magro - confecção em betoneira e lançamento manual - areia e brita comerciais | E51: 0.0061 | F51: m³ | G51: 441,52 | J51: 2,69
F52: Custo total de atividades auxiliares | J52: 2.6933
A53: F | B53: Momento de Transporte | C53: Banco | D53: Descrição | E53: Quantidade | F53: Distância Média de Transporte (DMT) | J53: Custo Horário
F54: LN | G54: RP | H54: P | I54: FE
F55: Custo total de transporte | J55: 0
E56: MO sem LS => | F56: 33.15 | G56: LS => | H56: 0 | I56: MO com LS => | J56: 33.152593
E57: Valor do BDI => | F57: 20.5 | H57: Valor com BDI => | J57: 117.1
A58: Observação
A59: Composição com base SINAPI 10/2025 COD. 98459
A61: 2.4 | B61: Código | C61: Banco | D61: Descrição | E61: Tipo | G61: Und | H61: Quant. | I61: Valor Unit | J61: Total
A62: Composição | B62: COMP_003 | C62: Próprio | D62: Canteiro intinerante | G62: mês | H62: 1 | I62: 4567.81 | J62: 4567.81
A63: Insumo | B63: E9199 | C63: SICRO3 | D63: Caminhão com sistema de hidrojateamento de alta pressão e vácuo para limpeza e desobstrução de bueiros com capacidade total de 15.600 l - 188 kW | E63: Equipamento | G63: H | H63: 10.50667 | I63: 409.1411 | J63: 4298.7105
A64: Insumo | B64: COT.02_PE-219 | C64: Próprio | D64: Tenda | E64: Material | G64: UN | H64: 0.02083 | I64: 222.8 | J64: 4.640924
A65: Insumo | B65: COT.01_PE-219 | C65: Próprio | D65: Conj mesa + cadeira | E65: Material | G65: un | H65: 0.00833 | I65: 269.9 | J65: 2.248267
A66: Insumo | B66: COT_PE-219 | C66: Próprio | D66: Banheiro químico | E66: Material | G66: un | H66: 0.00833 | I66: 1999.99 | J66: 16.659917
A67: Insumo | B67: P9824 | C67: SICRO3 | D67: Servente | E67: Mão de Obra | G67: h | H67: 10.50667 | I67: 23.3737 | J67: 245.57975
E68: MO sem LS => | F68: 245.57 | G68: LS => | H68: 0 | I68: MO com LS => | J68: 245.57
E69: Valor do BDI => | F69: 969.74 | H69: Valor com BDI => | J69: 5537.55
A71: 3.1 | B71: Código | C71: Banco | D71: Descrição | E71: Tipo | G71: Und | H71: Quant. | I71: Valor Unit | J71: Total
A72: Composição | B72: COMP_MOB | C72: Próprio | D72: Mobilização e desmobilização de equipamento | G72: un | H72: 1 | I72: 415032.44 | J72: 415032.44
A73: Insumo | B73: MOB.01 | C73: Próprio | D73: MOBILIZAÇÃO E DESMOBILIZAÇÃO DA OBRA | E73: Serviços | G73: un | H73: 1 | I73: 415032.44 | J73: 415032.44
E74: MO sem LS => | F74: 0 | G74: LS => | H74: 0 | I74: MO com LS => | J74: 0
E75: Valor do BDI => | F75: 88111.38 | H75: Valor com BDI => | J75: 503143.82
A77: 4.1.14 | B77: Código | C77: Banco | D77: Descrição | E77: Tipo | G77: Und | H77: Quant. | I77: Valor Unit | J77: Total
A78: Composição | B78: COMP_004 | C78: Próprio | D78: Descida d'água de aterros tipo rápido com tampa - DAR 60-30 - areia e brita comerciais | E78: URBA - URBANIZAÇÃO | G78: m | H78: 1 | I78: 392.61 | J78: 392.61
F79: Custo horário total de execução | J79: 0
F80: Produção de equipe | J80: 1
F81: Custo unitário de execução | J81: 0
F82: Custo do FIC | J82: 0
A83: D | B83: Código | C83: Banco | D83: ATIVIDADES AUXILIARES | E83: Quantidade | F83: Unidade | G83: Preço Unitário | J83: Custo Horário
A84: Composição | B84: 0407819 | C84: SICRO3 | D84: Armação em aço CA-50 - fornecimento, preparo e colocação | E84: 11.5628 | F84: kg | G84: 12,71 | J84: 146,96
A85: Composição | B85: 4805750 | C85: SICRO3 | D85: Escavação manual em material de 1ª categoria na profundidade de até 1 m | E85: 0.2019 | F85: m³ | G85: 47,43 | J85: 9,58
A86: Composição | B86: 1100657 | C86: SICRO3 | D86: Adensamento de concreto por vibrador de imersão | E86: 0.1901 | F86: m³ | G86: 3,61 | J86: 0,69
A87: Composição | B87: 1107892 | C87: SICRO3 | D87: Concreto fck = 20 MPa - confecção em betoneira e lançamento manual - areia e brita comerciais | E87: 0.1901 | F87: m³ | G87: 455,86 | J87: 86,66
A88: Composição | B88: 1107892 | C88: SICRO3 | D88: Concreto fck = 20 MPa - confecção em betoneira e lançamento manual - areia e brita comerciais | E88: 0.048 | F88: m³ | G88: 455,86 | J88: 21,88
A89: Composição | B89: 3103302 | C89: SICRO3 | D89: Fôrmas de tábuas de pinho para dispositivos de drenagem - utilização de 3 vezes - confecção, instalação e retirada | E89: 1.44 | F89: m² | G89: 84,97 | J89: 122,36
A90: Composição | B90: 4805756 | C90: SICRO3 | D90: Apiloamento manual de superfície com espessura de 15 cm | E90: 0.84 | F90: m² | G90: 5,34 | J90: 4,49
F91: Custo total de atividades auxiliares | J91: 392.6083
A92: F | B92: Momento de Transporte | C92: Banco | D92: Descrição | E92: Quantidade | F92: Distância Média de Transporte (DMT) | J92: Custo Horário
F93: LN | G93: RP | H93: P | I93: FE
F94: Custo total de transporte | J94: 0
E95: MO sem LS => | F95: 155.99 | G95: LS => | H95: 0 | I95: MO com LS => | J95: 155.99148
E96: Valor do BDI => | F96: 83.35 | H96: Valor com BDI => | J96: 475.96
A97: Observação
A98: REF. SICRO 2003393
A100: 4.1.29 | B100: Código | C100: Banco | D100: Descrição | E100: Tipo | G100: Und | H100: Quant. | I100: Valor Unit | J100: Total
A101: Composição | B101: COMP_005 | C101: Próprio | D101: Dreno de pavimento em microvala com geocomposto drenante H = 0,60 m - inclusive corte, enchimento com areia e selo asfáltico | E101: URBA - URBANIZAÇÃO | G101: m | H101: 1 | I101: 97.37 | J101: 97.37
A102: B | B102: Código | C102: Banco | D102: Mão de Obra | E102: Quantidade | F102: Custo Horário | J102: Custo Horário Total
A103: Insumo | B103: P9824 | C103: SICRO3 | D103: Servente | E103: 2 | I103: 23,37 | J103: 46,75
A104: Insumo | B104: P9821 | C104: SICRO3 | D104: Pedreiro | E104: 1 | I104: 28,82 | J104: 28,82
F105: Adicional de Mão de obra (%) | J105: 0
F106: Custo horário total de mão de obra | J106: 75.5662
F107: Custo horário total de execução | J107: 75.5662
...

Sheet COMP REF
C1: Composições Analíticas com Preço Unitário | E1: Bancos | G1: B.D.I. | I1: Encargos Sociais
C2: RESTAURAÇÃO DA RODOVIA PE-219 | E2: SINAPI - 10/2025 - Pernambuco SICRO3 - 10/2025 - Pernambuco | G2: 21,23% | I2: Não Desonerado: embutido nos preços unitário dos insumos de mão de obra, de acordo com as bases.
A3: Composições Analíticas com Preço Unitário
A4: Composições Principais
A5: 2.5 | B5: Código | C5: Banco | D5: Descrição | E5: Tipo | G5: Und | H5: Quant. | I5: Valor Unit | J5: Total
A6: Composição | B6: 0903802 | C6: SICRO3 | D6: Bacia de contenção para tanque de emulsão de 30.000 l - inclusive demolição | G6: un | H6: 1 | I6: 15545.71 | J6: 15545.71
F7: Custo horário total de execução | J7: 0
F8: Produção de equipe | J8: 1
F9: Custo unitário de execução | J9: 0
F10: Custo do FIC | J10: 0
A11: D | B11: Código | C11: Banco | D11: ATIVIDADES AUXILIARES | E11: Quantidade | F11: Unidade | G11: Preço Unitário | J11: Custo Horário
A12: Composição | B12: 0919250 | C12: SICRO3 | D12: Fornecimento e instalação de extintor de espuma 10 l | E12: 1 | F12: un | G12: 703,46 | J12: 703,46
A13: Composição | B13: 2009619 | C13: SICRO3 | D13: Alvenaria de blocos de concreto 19 x 19 x 39 cm com espessura de 20 cm - areia comercial | E13: 26.384 | F13: m² | G13: 148,74 | J13: 3.924,36
A14: Composição | B14: 0903818 | C14: SICRO3 | D14: Tinta látex - duas camadas com aplicação manual | E14: 58.976 | F14: m² | G14: 16,33 | J14: 963,08
A15: Composição | B15: 1106057 | C15: SICRO3 | D15: Concreto magro - confecção em betoneira e lançamento manual - areia e brita comerciais | E15: 2.79439 | F15: m³ | G15: 441,52 | J15: 1.233,78
A16: Composição | B16: 3107997 | C16: SICRO3 | D16: Fôrmas de compensado resinado 10 mm - uso geral - utilização de 3 vezes - confecção, instalação e retirada | E16: 6.392 | F16: m² | G16: 85,43 | J16: 546,07
A17: Composição | B17: 0903789 | C17: SICRO3 | D17: Emboço com argamassa de cimento, cal hidratada e areia 1:2:8 com espessura de 2 cm - aplicação manual | E17: 58.976 | F17: m² | G17: 33,68 | J17: 1.986,31
A18: Composição | B18: 1619006 | C18: SICRO3 | D18: Demolição mecânica de concreto simples com escavadeira hidráulica | E18: 13.97193 | F18: m³ | G18: 43,71 | J18: 610,71
A19: Composição | B19: 0903860 | C19: SICRO3 | D19: Selador acrílico - camada de fundo com aplicação manual | E19: 58.976 | F19: m² | G19: 2,96 | J19: 174,57
A20: Composição | B20: 1619004 | C20: SICRO3 | D20: Demolição mecânica de alvenaria com carregadeira de pneus | E20: 5.2768 | F20: m³ | G20: 8,07 | J20: 42,58
A21: Composição | B21: 1107892 | C21: SICRO3 | D21: Concreto fck = 20 MPa - confecção em betoneira e lançamento manual - areia e brita comerciais | E21: 11.17754 | F21: m³ | G21: 455,86 | J21: 5.095,39
A22: Composição | B22: 0903788 | C22: SICRO3 | D22: Chapisco com argamassa de cimento e areia 1:3 - aplicação manual | E22: 58.976 | F22: m² | G22: 4,50 | J22: 265,39
F23: Custo total de atividades auxiliares | J23: 15545.705
A24: F | B24: Momento de Transporte | C24: Banco | D24: Descrição | E24: Quantidade | F24: Distância Média de Transporte (DMT) | J24: Custo Horário
F25: LN | G25: RP | H25: P | I25: FE
F26: Custo do FIT | J26: 0
F27: Custo total de transporte | J27: 0
E28: MO sem LS => | F28: 4814.05 | G28: LS => | H28: 0.01 | I28: MO com LS => | J28: 4814.0551
E29: Valor do BDI => | F29: 3300.35 | H29: Valor com BDI => | J29: 18846.06
A31: 2.6 | B31: Código | C31: Banco | D31: Descrição | E31: Tipo | G31: Und | H31: Quant. | I31: Valor Unit | J31: Total
A32: Composição | B32: 0903810 | C32: SICRO3 | D32: Instalação da usina de asfalto a quente capacidade de 120 t/h | G32: un | H32: 1 | I32: 209639.81 | J32: 209639.81
F33: Custo horário total de execução | J33: 0
F34: Produção de equipe | J34: 1
F35: Custo unitário de execução | J35: 0
F36: Custo do FIC | J36: 0
A37: D | B37: Código | C37: Banco | D37: ATIVIDADES AUXILIARES | E37: Quantidade | F37: Unidade | G37: Preço Unitário | J37: Custo Horário
A38: Composição | B38: 4011209 | C38: SICRO3 | D38: Regularização do subleito - 100% Proctor intermediário | E38: 6592 | F38: m² | G38: 1,85 | J38: 12.195,20
A39: Composição | B39: 0903845 | C39: SICRO3 | D39: Lastro de brita comercial - espalhamento mecânico | E39: 136.9743 | F39: m³ | G39: 125,25 | J39: 17.156,03
A40: Composição | B40: 3713608 | C40: SICRO3 | D40: Cerca com 4 fios de arame farpado e mourão de madeira a cada 2,5 m e esticador a cada 50 m | E40: 334 | F40: m | G40: 24,91 | J40: 8.319,94
A41: Composição | B41: 5502986 | C41: SICRO3 | D41: Expurgo de jazida | E41: 1648 | F41: m³ | G41: 4,47 | J41: 7.366,56
A42: Composição | B42: 0919013 | C42: SICRO3 | D42: Montagem e desmontagem da usina de asfalto a quente com capacidade de 120 t/h - inclusive construção e demolição de bases, rampas, depósitos de agregados e dique de contenção | E42: 1 | F42: un | G42: 139.064,67 | J42: 139.064,67
A43: Composição | B43: 4011211 | C43: SICRO3 | D43: Reforço do subleito com material de jazida - 100% Proctor intermediário | E43: 1318.4 | F43: m³ | G43: 15,42 | J43: 20.329,73
A44: Composição | B44: 5502985 | C44: SICRO3 | D44: Limpeza mecanizada da camada vegetal | E44: 6592 | F44: m² | G44: 0,79 | J44: 5.207,68
F45: Custo total de atividades auxiliares | J45: 209639.81
A46: F | B46: Momento de Transporte | C46: Banco | D46: Descrição | E46: Quantidade | F46: Distância Média de Transporte (DMT) | J46: Custo Horário
F47: LN | G47: RP | H47: P | I47: FE
F48: Custo do FIT | J48: 0
F49: Custo total de transporte | J49: 0
E50: MO sem LS => | F50: 51648.8 | G50: LS => | H50: 0 | I50: MO com LS => | J50: 51648.804
E51: Valor do BDI => | F51: 44506.53 | H51: Valor com BDI => | J51: 254146.34
A53: 4.1.1 | B53: Código | C53: Banco | D53: Descrição | E53: Tipo | G53: Und | H53: Quant. | I53: Valor Unit | J53: Total
A54: Composição | B54: 2003373 | C54: SICRO3 | D54: Meio-fio de concreto - MFC 03 - areia e brita comerciais - fôrma de madeira | G54: m | H54: 1 | I54: 68.33 | J54: 68.33
F55: Custo horário total de execução | J55: 0
F56: Produção de equipe | J56: 1
F57: Custo unitário de execução | J57: 0
F58: Custo do FIC | J58: 0
A59: D | B59: Código | C59: Banco | D59: ATIVIDADES AUXILIARES | E59: Quantidade | F59: Unidade | G59: Preço Unitário | J59: Custo Horário
A60: Composição | B60: 4805750 | C60: SICRO3 | D60: Escavação manual em material de 1ª categoria na profundidade de até 1 m | E60: 0.03 | F60: m³ | G60: 47,43 | J60: 1,42
A61: Composição | B61: 3103302 | C61: SICRO3 | D61: Fôrmas de tábuas de pinho para dispositivos de drenagem - utilização de 3 vezes - confecção, instalação e retirada | E61: 0.5615 | F61: m² | G61: 84,97 | J61: 47,71
A62: Composição | B62: 1109669 | C62: SICRO3 | D62: Argamassa de cimento e areia 1:3 - confecção em betoneira e lançamento manual - areia comercial | E62: 0.0001 | F62: m³ | G62: 514,93 | J62: 0,05
A63: Composição | B63: 1107892 | C63: SICRO3 | D63: Concreto fck = 20 MPa - confecção em betoneira e lançamento manual - areia e brita comerciais | E63: 0.042 | F63: m³ | G63: 455,86 | J63: 19,15
F64: Custo total de atividades auxiliares | J64: 68.3312
A65: F | B65: Momento de Transporte | C65: Banco | D65: Descrição | E65: Quantidade | F65: Distância Média de Transporte (DMT) | J65: Custo Horário
F66: LN | G66: RP | H66: P | I66: FE
F67: Custo do FIT | J67: 0
F68: Custo total de transporte | J68: 0
E69: MO sem LS => | F69: 30.63 | G69: LS => | H69: 0 | I69: MO com LS => | J69: 30.633905
E70: Valor do BDI => | F70: 14.5 | H70: Valor com BDI => | J70: 82.83
A72: 4.1.2 | B72: Código | C72: Banco | D72: Descrição | E72: Tipo | G72: Und | H72: Quant. | I72: Valor Unit | J72: Total
A73: Composição | B73: 2003377 | C73: SICRO3 | D73: Meio-fio de concreto - MFC 05 - areia e brita comerciais - fôrma de madeira | G73: m | H73: 1 | I73: 59.81 | J73: 59.81
F74: Custo horário total de execução | J74: 0
F75: Produção de equipe | J75: 1
F76: Custo unitário de execução | J76: 0
F77: Custo do FIC | J77: 0
A78: D | B78: Código | C78: Banco | D78: ATIVIDADES AUXILIARES | E78: Quantidade | F78: Unidade | G78: Preço Unitário | J78: Custo Horário
A79: Composição | B79: 1109669 | C79: SICRO3 | D79: Argamassa de cimento e areia 1:3 - confecção em betoneira e lançamento manual - areia comercial | E79: 0.0001 | F79: m³ | G79: 514,93 | J79: 0,05
A80: Composição | B80: 1107892 | C80: SICRO3 | D80: Concreto fck = 20 MPa - confecção em betoneira e lançamento manual - areia e brita comerciais | E80: 0.0334 | F80: m³ | G80: 455,86 | J80: 15,23
A81: Composição | B81: 4805750 | C81: SICRO3 | D81: Escavação manual em material de 1ª categoria na profundidade de até 1 m | E81: 0.018 | F81: m³ | G81: 47,43 | J81: 0,85
A82: Composição | B82: 3103302 | C82: SICRO3 | D82: Fôrmas de tábuas de pinho para dispositivos de drenagem - utilização de 3 vezes - confecção, instalação e retirada | E82: 0.5141 | F82: m² | G82: 84,97 | J82: 43,68
F83: Custo total de atividades auxiliares | J83: 59.814
A84: F | B84: Momento de Transporte | C84: Banco | D84: Descrição | E84: Quantidade | F84: Distância Média de Transporte (DMT) | J84: Custo Horário
F85: LN | G85: RP | H85: P | I85: FE
F86: Custo do FIT | J86: 0
F87: Custo total de transporte | J87: 0
E88: MO sem LS => | F88: 27.28 | G88: LS => | H88: 0 | I88: MO com LS => | J88: 27.28183
E89: Valor do BDI => | F89: 12.69 | H89: Valor com BDI => | J89: 72.5
A91: 4.1.3 | B91: Código | C91: Banco | D91: Descrição | E91: Tipo | G91: Und | H91: Quant. | I91: Valor Unit | J91: Total
A92: Composição | B92: 2003257 | C92: SICRO3 | D92: Sarjeta triangular de concreto - STC 100-20 - escavação mecânica - areia e brita comerciais | G92: m | H92: 1 | I92: 57.84 | J92: 57.84
F93: Custo horário total de execução | J93: 0
F94: Produção de equipe | J94: 1
F95: Custo unitário de execução | J95: 0
F96: Custo do FIC | J96: 0
A97: D | B97: Código | C97: Banco | D97: ATIVIDADES AUXILIARES | E97: Quantidade | F97: Unidade | G97: Preço Unitário | J97: Custo Horário
A98: Composição | B98: 2004520 | C98: SICRO3 | D98: Escavação mecânica de vala trapezoidal ou triangular em material de 1ª categoria para drenagem superficial com retroescavadeira - 0,15 m² ≤ seção < 0,20 m² | E98: 0.1946 | F98: m³ | G98: 22,61 | J98: 4,40
A99: Composição | B99: 1107892 | C99: SICRO3 | D99: Concreto fck = 20 MPa - confecção em betoneira e lançamento manual - areia e brita comerciais | E99: 0.0946 | F99: m³ | G99: 455,86 | J99: 43,12
A100: Composição | B100: 3108022 | C100: SICRO3 | D100: Guia de madeira de 2,5 x 8,0 cm - confecção e instalação | E100: 0.6291 | F100: m | G100: 5,63 | J100: 3,54
A101: Composição | B101: 1109669 | C101: SICRO3 | D101: Argamassa de cimento e areia 1:3 - confecção em betoneira e lançamento manual - areia comercial | E101: 0.0001 | F101: m³ | G101: 514,93 | J101: 0,05
A102: Composição | B102: 4805756 | C102: SICRO3 | D102: Apiloamento manual de superfície com espessura de 15 cm | E102: 1.2581 | F102: m² | G102: 5,34 | J102: 6,72
F103: Custo total de atividades auxiliares | J103: 57.8359
A104: F | B104: Momento de Transporte | C104: Banco | D104: Descrição | E104: Quantidade | F104: Distância Média de Transporte (DMT) | J104: Custo Horário
...

Sheet 10.CRONOGRAMA
A2: GOVERNO DO ESTADO DE PERNAMBUCO
A3: DEPARTAMENTO DE ESTRADAS DE RODAGEM DO ESTADO DE PERNAMBUCO
A5: OBJETO: | B5: ='5.SINTETICO'!B2 -> ELABORAÇÃO DO PROJETO EXECUTIVO DE ENGENHARIA PARA RESTAURAÇÃO DA RODOVIA PE-219. | G5: BDI OBRA | K5: ='5.SINTETICO'!K2 -> 0.2123
G6: BDI DIF | K6: 0.15
A7: OBRA: | B7: ='5.SINTETICO'!B3 -> PE-219 TRECHO: ENTR. PE-197 (PESQUEIRA) / CIMBRES EXTENSÃO: 18,30 KM | G7: DATA BASE | K7: ='5.SINTETICO'!K4 -> 45931
A9: CRONOGRAMA FÍSICO-FINANCEIRO SEM DESONERAÇÃO
A12: ITEM | B12: DESCRIÇÃO | C12: TOTAL | D12: 1º MÊS | E12: 2º MÊS | F12: 3º MÊS | G12: 4º MÊS | H12: 5º MÊS | I12: 6º MÊS | J12: 7º MÊS | K12: 8º MÊS
A13: 1.0 | B13: =VLOOKUP(A13,'4.RESUMO'!A:B,2,FALSE) -> ADMINISTRAÇAO | C13: =VLOOKUP(A13,'5.SINTETICO'!A:K,11,FALSE) -> 1700667 | D13: =$C$13*D14 -> 47868.954 | E13: =$C$13*E14 -> 264481.29 | F13: =$C$13*F14 -> 235079.96 | G13: =$C$13*G14 -> 232300.2 | H13: =$C$13*H14 -> 243639.85 | I13: =$C$13*I14 -> 301845.97 | J13: =$C$13*J14 -> 326257.97 | K13: =$C$13*K14 -> 49192.802 | L13: =SUM(D13:K13) -> 1700667
D14: =(D15+D17+D19+D21+D23+D25+D31+D27+D29)/($C$15+$C$17+$C$19+$C$21+$C$23+$C$25+$C$31+$C$27+$C$29) -> 0.028147164 | E14: =(E15+E17+E19+E21+E23+E25+E31+E27+E29)/($C$15+$C$17+$C$19+$C$21+$C$23+$C$25+$C$31+$C$27+$C$29) -> 0.15551622 | F14: =(F15+F17+F19+F21+F23+F25+F31+F27+F29)/($C$15+$C$17+$C$19+$C$21+$C$23+$C$25+$C$31+$C$27+$C$29) -> 0.13822809 | G14: =(G15+G17+G19+G21+G23+G25+G31+G27+G29)/($C$15+$C$17+$C$19+$C$21+$C$23+$C$25+$C$31+$C$27+$C$29) -> 0.13659359 | H14: =(H15+H17+H19+H21+H23+H25+H31+H27+H29)/($C$15+$C$17+$C$19+$C$21+$C$23+$C$25+$C$31+$C$27+$C$29) -> 0.14326135 | I14: =(I15+I17+I19+I21+I23+I25+I31+I27+I29)/($C$15+$C$17+$C$19+$C$21+$C$23+$C$25+$C$31+$C$27+$C$29) -> 0.17748681 | J14: =(J15+J17+J19+J21+J23+J25+J31+J27+J29)/($C$15+$C$17+$C$19+$C$21+$C$23+$C$25+$C$31+$C$27+$C$29) -> 0.19184118 | K14: =(K15+K17+K19+K21+K23+K25+K31+K27+K29)/($C$15+$C$17+$C$19+$C$21+$C$23+$C$25+$C$31+$C$27+$C$29) -> 0.028925593 | L14: =SUM(D14:K14) -> 1
A15: 2.0 | B15: =VLOOKUP(A15,'4.RESUMO'!A:B,2,FALSE) -> CANTEIRODEOBRAS | C15: =VLOOKUP(A15,'5.SINTETICO'!A:K,11,FALSE) -> 578571.52 | D15: =$C$15*D16 -> 173571.46 | E15: =$C$15*E16 -> 173571.46 | F15: =$C$15*F16 -> 173571.46 | K15: =$C$15*K16 -> 57857.152 | L15: =SUM(D15:K15) -> 578571.52
D16: 0.3 | E16: 0.3 | F16: 0.3 | K16: 0.1 | L16: =SUM(D16:K16) -> 1
A17: 3.0 | B17: =VLOOKUP(A17,'4.RESUMO'!A:B,2,FALSE) -> MOBILIZAÇAO/DESMOBILIZAÇÃO | C17: =VLOOKUP(A17,'5.SINTETICO'!A:K,11,FALSE) -> 503143.82 | D17: =D18*$C$17 -> 251571.91 | K17: =K18*$C$17 -> 251571.91 | L17: =SUM(D17:K17) -> 503143.82
D18: 0.5 | K18: 0.5 | L18: =SUM(D18:K18) -> 1
A19: 4.0 | B19: =VLOOKUP(A19,'4.RESUMO'!A:B,2,FALSE) -> DRENAGEM | C19: =VLOOKUP(A19,'5.SINTETICO'!A:K,11,FALSE) -> 8460701.6 | E19: =E20*$C$19 -> 1410116.9 | F19: =F20*$C$19 -> 1410116.9 | G19: =G20*$C$19 -> 1410116.9 | H19: =H20*$C$19 -> 1410116.9 | I19: =I20*$C$19 -> 1410116.9 | J19: =J20*$C$19 -> 1410116.9 | L19: =SUM(D19:K19) -> 8460701.6
E20: =1/6 -> 0.16666667 | F20: =1/6 -> 0.16666667 | G20: =1/6 -> 0.16666667 | H20: =1/6 -> 0.16666667 | I20: =1/6 -> 0.16666667 | J20: =1/6 -> 0.16666667 | L20: =SUM(D20:K20) -> 1
A21: 5.0 | B21: =VLOOKUP(A21,'4.RESUMO'!A:B,2,FALSE) -> TERRAPLENAGEM | C21: =VLOOKUP(A21,'5.SINTETICO'!A:K,11,FALSE) -> 1353697.8 | D21: =D22*$C$21 -> 676848.88 | E21: =E22*$C$21 -> 676848.88 | L21: =SUM(D21:K21) -> 1353697.8
D22: 0.5 | E22: 0.5 | L22: =SUM(D22:K22) -> 1
A23: 6.0 | B23: =VLOOKUP(A23,'4.RESUMO'!A:B,2,FALSE) -> PAVIMENTAÇÃO | C23: =VLOOKUP(A23,'5.SINTETICO'!A:K,11,FALSE) -> 22968555 | E23: =E24*$C$23 -> 3828092.5 | F23: =F24*$C$23 -> 3828092.5 | G23: =G24*$C$23 -> 3828092.5 | H23: =H24*$C$23 -> 3828092.5 | I23: =I24*$C$23 -> 3828092.5 | J23: =J24*$C$23 -> 3828092.5 | L23: =SUM(D23:K23) -> 22968555
E24: =1/6 -> 0.16666667 | F24: =1/6 -> 0.16666667 | G24: =1/6 -> 0.16666667 | H24: =1/6 -> 0.16666667 | I24: =1/6 -> 0.16666667 | J24: =1/6 -> 0.16666667 | L24: =SUM(D24:K24) -> 1
A25: 7.0 | B25: =VLOOKUP(A25,'4.RESUMO'!A:B,2,FALSE) -> SINALIZAÇÃO | C25: =VLOOKUP(A25,'5.SINTETICO'!A:K,11,FALSE) -> 1044201 | D25: =D26*$C$25 -> 0 | E25: =E26*$C$25 -> 0 | H25: =H26*$C$25 -> 261050.25 | I25: =I26*$C$25 -> 261050.25 | J25: =J26*$C$25 -> 261050.25 | K25: =K26*$C$25 -> 261050.25 | L25: =SUM(D25:K25) -> 1044201
H26: 0.25 | I26: 0.25 | J26: 0.25 | K26: 0.25 | L26: =SUM(D26:K26) -> 1
A27: 8.0 | B27: =VLOOKUP(A27,'4.RESUMO'!A:B,2,FALSE) -> OBRASCOMPLEMENTARES | C27: =VLOOKUP(A27,'5.SINTETICO'!A:K,11,FALSE) -> 2899086.1 | D27: =D28*$C$25 -> 0 | E27: =E28*$C$25 -> 0 | H27: =H28*$C$25 -> 0 | I27: =I28*$C$27 -> 1449543 | J27: =J28*$C$27 -> 1449543 | K27: =K28*$C$25 -> 0 | L27: =SUM(D27:K27) -> 2899086.1
I28: 0.5 | J28: 0.5 | L28: =SUM(D28:K28) -> 1
A29: 9.0 | B29: =VLOOKUP(A29,'4.RESUMO'!A:B,2,FALSE) -> OBRASDEARTEESPECIAL | C29: =VLOOKUP(A29,'5.SINTETICO'!A:K,11,FALSE) -> 219157.47 | D29: =D30*$C$25 -> 0 | E29: =E30*$C$25 -> 0 | G29: =G30*$C$29 -> 109578.73 | H29: =H30*$C$29 -> 109578.73 | I29: =I30*$C$25 -> 0 | J29: =J30*$C$25 -> 0 | K29: =K30*$C$25 -> 0 | L29: =SUM(D29:K29) -> 219157.47
G30: 0.5 | H30: 0.5 | L30: =SUM(D30:K30) -> 1
A31: 10.0 | B31: ='4.RESUMO'!B18 -> PROTEÇÃOVEGETAL | C31: =VLOOKUP(A31,'5.SINTETICO'!A:K,11,FALSE) -> 1123978.6 | F31: =F32*$C$31 -> 0 | G31: =G32*$C$31 -> 0 | H31: =H32*$C$31 -> 0 | I31: =I32*$C$31 -> 0 | J31: =J32*$C$31 -> 561989.28 | K31: =K32*$C$31 -> 561989.28 | L31: =SUM(D31:K31) -> 1123978.6
J32: 0.5 | K32: 0.5 | L32: =SUM(D32:K32) -> 1
A33: TOTAL = | C33: =SUM(C13,C15,C17,C19,C21,C23,C25,C31,C27,C29) -> 40851760 | D33: =D13+D15+D17+D19+D21+D23+D25+D31+D27+D29 -> 1149861.2 | E33: =E13+E15+E17+E19+E21+E23+E25+E31+E27+E29 -> 6353111 | F33: =F13+F15+F17+F19+F21+F23+F25+F31+F27+F29 -> 5646860.8 | G33: =G13+G15+G17+G19+G21+G23+G25+G31+G27+G29 -> 5580088.3 | H33: =H13+H15+H17+H19+H21+H23+H25+H31+H27+H29 -> 5852478.2 | I33: =I13+I15+I17+I19+I21+I23+I25+I31+I27+I29 -> 7250648.6 | J33: =J13+J15+J17+J19+J21+J23+J25+J31+J27+J29 -> 7837049.9 | K33: =K13+K15+K17+K19+K21+K23+K25+K31+K27+K29 -> 1181661.4 | L33: =SUM(D33:K33) -> 40851760
D34: =D33/$C$33 -> 0.028147164 | E34: =E33/$C$33 -> 0.15551622 | F34: =F33/$C$33 -> 0.13822809 | G34: =G33/$C$33 -> 0.13659359 | H34: =H33/$C$33 -> 0.14326135 | I34: =I33/$C$33 -> 0.17748681 | J34: =J33/$C$33 -> 0.19184118 | K34: =K33/$C$33 -> 0.028925593
A35: TOTAL ACUMULADO = | D35: =D33 -> 1149861.2 | E35: =E33+D35 -> 7502972.2 | F35: =F33+E35 -> 13149833 | G35: =G33+F35 -> 18729921 | H35: =H33+G35 -> 24582400 | I35: =I33+H35 -> 31833048 | J35: =J33+I35 -> 39670098 | K35: =K33+J35 -> 40851760
D36: =D35/$C$33 -> 0.028147164 | E36: =E35/$C$33 -> 0.18366338 | F36: =F35/$C$33 -> 0.32189147 | G36: =G35/$C$33 -> 0.45848506 | H36: =H35/$C$33 -> 0.60174641 | I36: =I35/$C$33 -> 0.77923322 | J36: =J35/$C$33 -> 0.97107441 | K36: =K35/$C$33 -> 1

Sheet REFINARIAS-ANP
B2: GOVERNO DO ESTADO DE PERNAMBUCO
B3: SECRETARIA DE MOBILIDADE E INFRAESTRUTURA
B4: DEPARTAMENTO DE ESTRADAS DE RODAGEM - DER/PE
B6: OBRA: | C6: PE-219
B7: TRECHO: | C7: TRECHO: ENTR. PE-197 (PESQUEIRA) / CIMBRES EXTENSÃO: 18,30 KM | I7: DATA BASE: | J7: OUT/2025 COM DESONERAÇÃO
B11: TRANSPORTE DE MATERIAL BETUMINOSO
C13: Refinaria | E13: Localidade | G13: DMT | H13: Produtos
C14: Refinaria Lubrificantes e Derivados do Nordeste (Lubnor) | E14: Fortaleza/CE | G14: 733 | H14: CAP 50/70 / RR-1C / CM-30 / RR-2C
C16: Refinaria Mataripe | E16: São Francisco do Conde/BA | G16: 677 | H16: CAP 50/70
H17: CM-30
C18: Refinaria Gabriel PassoS (Regap) | E18: Betim/MG | G18: 1904 | H18: CAP 50/70 / RR-1C
C20: REFAP | E20: Canos/RS | G20: 3613 | H20: CM-30 / RR-1C / RR-2C
C22: AFAPETRO | E22: Sinop/MT | G22: 2909 | H22: CM-30 / RR-2C
B27: PREÇOS DE DISTRIBUIÇÃO DE PRODUTOS ASFÁLTICOS
B28: Agência Nacional do Petróleo, Gás Natural e Biocombustíveis
B29: Superintendência de Defesa da Concorrência, Estudos e Regulação Econômica
B30: PREÇO MÉDIO MENSAL PONDERADO PRATICADO PELOS DISTRIBUIDORES DE PRODUTOS ASFÁLTICOS (R$/KG)
D32: Mês | E32: Produto | G32: Estado/Região | H32: Preço
D33: 45931 | E33: ASFALTOS DILUÍDOS CM-30 | G33: Ceará | H33: 4.2711866
D34: 45931 | G34: Sul | H34: 4.553685
D35: 45931 | G35: Centro Oeste | H35: 5.5206504
D36: 45931 | E36: CIMENTOS ASFÁLTICOS CAP-50-70 | G36: Ceará | H36: 3.0976682
D37: 45931 | G37: Bahia | H37: 3.4211924
D38: 45931 | G38: Minas Gerais | H38: 3.5016574
D39: 45931 | E39: EMULSÕES ASFÁLTICAS RR-1C | G39: Ceará | H39: 2.9898729
D40: 45931 | G40: Rio Grande do Sul | H40: 2.6963804
D41: 45931 | G41: Minas Gerais | H41: 2.4310573
D42: 45931 | E42: EMULSÕES ASFÁLTICAS RR-2C | G42: Ceará | H42: 2.3972662
D43: 45931 | G43: Rio Grande do Sul | H43: 2.9587381
D44: 45931 | G44: Mato Grosso | H44: 3.447197
D45: https://www.gov.br/anp/pt-br/assuntos/precos-e-defesa-da-concorrencia/precos/precos-de-distribuicao-de-produtos-asfalticos
B48: REFINARIA LUBNOR
B92: REFINARIA MATARIPE
B136: REFINARIA GABRIEL PASSOS (REGAP)
B169: REFAP
B204: ARAPETRO

Sheet BETUMINOSO
B3: GOVERNO DO ESTADO DE PERNAMBUCO
B4: SECRETARIA DE MOBILIDADE E INFRAESTRUTURA
B5: DEPARTAMENTO DE ESTRADAS DE RODAGEM - DER/PE
B6: OBRA: | C6: ELABORAÇÃO DO PROJETO EXECUTIVO DE ENGENHARIA PARA RESTAURAÇÃO DA RODOVIA PE-219.
B7: LOCAL: | C7: PE-219 TRECHO: ENTR. PE-197 (PESQUEIRA) / CIMBRES EXTENSÃO: 18,30 KM | J7: DATA BASE: | K7: OUT/2025 SEM DESONERAÇÃO
B11: CUSTO DO MATERIAL BETUMINOSO - BINÔMIO DE AQUISIÇÃO E TRANSPORTE
B12: COM BASE NA PORTARIA Nº 1977 DE 25 DE OUTUBRO DE 2017 E PORTARIA COMPLEMENTAR Nº 434 DE 14 DE MARÇO DE 2017
B15: CIMENTO ASFÁLTICO CAP 50/70
C17: UF | D17: Local | E17: FLU (D) | F17: PAV (D1) | G17: N PAV (D2) | H17: L N (D3) | I17: ICMS (%) | J17: COFINS (%) | K17: PIS (%) | L17: BDI (%) | M17: AQUISIÇÃO ANP (R$/kg)
B18: R-1 | C18: Ceará | D18: Fortaleza/CE | E18: 0 | F18: ='REFINARIAS-ANP'!G14 -> 733 | G18: 0 | I18: 0.205 | J18: 0.03 | K18: 0.0065 | L18: 0.2123 | M18: ='REFINARIAS-ANP'!$H$36 -> 3.0976682
B19: R-2 | C19: Bahia | D19: São Francisco do Conde/BA | E19: 0 | F19: ='REFINARIAS-ANP'!G16 -> 677 | G19: 0 | I19: 0.205 | J19: 0.03 | K19: 0.0065 | L19: 0.2123 | M19: ='REFINARIAS-ANP'!$H$37 -> 3.4211924
B20: R-3 | C20: Minas Gerais | D20: Betim/MG | E20: 0 | F20: ='REFINARIAS-ANP'!G18 -> 1904 | G20: 0 | I20: 0.205 | J20: 0.03 | K20: 0.0065 | L20: 0.2123 | M20: ='REFINARIAS-ANP'!$H$38 -> 3.5016574
C22: Transporte Rodoviário | H22: Indice Reajuste | I22: DATA BASE | K22: Fator Correção
C23: T.R. = 26,939 + (0,253 x D1) + (0,299xD2) + (0,412xD3) | I23: I0 | J23: I1
I24: 41821 | J24: 45931
H25: PAVIMENTAÇÃO | I25: 270.237 | J25: 590.239 | K25: =ROUND((J25/I25),4) -> 2.1842
B28: Serviço | D28: R-1 Sem ICMS | E28: Unidade | G28: R-2 Sem ICMS | H28: Unidade | J28: R-3 Sem ICMS | K28: Unidade
B29: Aquisição | D29: =TRUNC(M18*1000,2) -> 3097.66 | E29: R$/T | G29: =TRUNC(M19*1000,2) -> 3421.19 | H29: R$/T | J29: =TRUNC(M20*1000,2) -> 3501.65 | K29: R$/T
B30: Transporte | D30: =TRUNC(($K$25*((26.939+(0.253*F18)+(0.299*G18)+(0.412*H18)))),2) -> 463.89 | E30: R$/T | G30: =TRUNC(($K$25*((26.939+(0.253*F19)+(0.299*G19)+(0.412*H19)))),2) -> 432.95 | H30: R$/T | J30: =TRUNC(($K$25*((26.939+(0.253*F20)+(0.299*G20)+(0.412*H20)))),2) -> 1110.99 | K30: R$/T
B32: Serviço | D32: R-1 Com Impostos | E32: Unidade | G32: R-2 Com Impostos | H32: Unidade | J32: R-3 Com Impostos | K32: Unidade
B33: Aquisição | D33: =TRUNC(D29/(1-($I$18+$K$18+$J$18-($K$18+$J$18)*$I$18))) -> 4044 | E33: R$/T | G33: =TRUNC(((G29/(1-($I$18+$K$18+$J$18-($K$18+$J$18)*$I$18))))) -> 4466 | H33: R$/T | J33: =TRUNC(((J29/(1-($I$18+$K$18+$J$18-($K$18+$J$18)*$I$18))))) -> 4571 | K33: R$/T
B34: Transporte | D34: =TRUNC(D30*(1+I18),2) -> 558.98 | E34: R$/T | G34: =TRUNC(G30*(1+I19),2) -> 521.7 | H34: R$/T | J34: =TRUNC(J30*(1+I20),2) -> 1338.74 | K34: R$/T
B36: Serviço | D36: BDI | E36: Unidade | G36: BDI | H36: Unidade | J36: BDI | K36: Unidade
B37: Aquisição | D37: =TRUNC(D33*$L$18,2) -> 858.54 | E37: R$/T | G37: =TRUNC(G33*$L$19,2) -> 948.13 | H37: R$/T | J37: =TRUNC(J33*$L$20,2) -> 970.42 | K37: R$/T
B38: Transporte | D38: =TRUNC(D34*$L$18,2) -> 118.67 | E38: R$/T | G38: =TRUNC(G34*$L$19,2) -> 110.75 | H38: R$/T | J38: =TRUNC(J34*$L$20,2) -> 284.21 | K38: R$/T
B40: Serviço | D40: R-1 Total | E40: Unidade | G40: R-2 Total | H40: Unidade | J40: R-3 Total | K40: Unidade
B41: Aquisição | D41: =SUM(D33,D37) -> 4902.54 | E41: R$ | G41: =SUM(G33,G37) -> 5414.13 | H41: R$ | J41: =SUM(J33,J37) -> 5541.42 | K41: R$
B42: Transporte | D42: =SUM(D34,D38) -> 677.65 | E42: R$ | G42: =SUM(G34,G38) -> 632.45 | H42: R$ | J42: =SUM(J34,J38) -> 1622.95 | K42: R$
B43: Total | D43: =IF(D41=0,0,SUM(D41:D42)) -> 5580.19 | E43: R$ | G43: =IF(G41=0,0,SUM(G41:G42)) -> 6046.58 | H43: R$ | J43: =IF(J41=0,0,SUM(J41:J42)) -> 7164.37 | K43: R$
B46: ASFALTOS DILUÍDOS CM-30
C48: UF | D48: Local | E48: FLU (D) | F48: PAV (D1) | G48: N PAV (D2) | H48: L N (D3) | I48: ICMS (%) | J48: COFINS (%) | K48: PIS (%) | L48: BDI (%) | M48: AQUISIÇÃO ANP (R$/kg)
B49: R-1 | C49: Ceará | E49: 0 | F49: ='REFINARIAS-ANP'!$G$14 -> 733 | G49: 0 | H49: 0 | I49: 0.205 | J49: 0.03 | K49: 0.0065 | L49: =L18 -> 0.2123 | M49: ='REFINARIAS-ANP'!$H$33 -> 4.2711866
B50: R-2 | C50: Rio Grande do Sul | E50: 0 | F50: ='REFINARIAS-ANP'!$G$20 -> 3613 | G50: 0 | H50: 0 | I50: 0.205 | J50: 0.03 | K50: 0.0065 | L50: =L19 -> 0.2123 | M50: ='REFINARIAS-ANP'!$H$34 -> 4.553685
B51: R-3 | C51: Mato Grosso | E51: 0 | F51: ='REFINARIAS-ANP'!$G$22 -> 2909 | G51: 0 | H51: 0 | I51: 0.205 | J51: 0.03 | K51: 0.0065 | L51: =L20 -> 0.2123 | M51: ='REFINARIAS-ANP'!$H$35 -> 5.5206504
C53: Transporte Rodoviário | H53: Indice Reajuste | I53: DATA BASE | K53: Fator Correção
C54: T.R. = 26,939 + (0,253 x D1) + (0,299xD2) + (0,412xD3) | I54: I0 | J54: I1
I55: 41821 | J55: =$J$24 -> 45931
H56: PAVIMENTAÇÃO | I56: 270.237 | J56: =J25 -> 590.239 | K56: =ROUND((J56/I56),4) -> 2.1842
B59: Serviço | D59: R-1 Sem ICMS | E59: Unidade | G59: R-2 Sem ICMS | H59: Unidade | J59: R-3 Sem ICMS | K59: Unidade
B60: Aquisição | D60: =TRUNC(M49*1000,2) -> 4271.18 | E60: R$/T | G60: =TRUNC(M50*1000,2) -> 4553.68 | H60: R$/T | J60: =TRUNC(M51*1000,2) -> 5520.65 | K60: R$/T
B61: Transporte | D61: =TRUNC(($K$25*((26.939+(0.253*F49)+(0.299*G49)+(0.412*H49)))),2) -> 463.89 | E61: R$/T | G61: =TRUNC(($K$25*((26.939+(0.253*F50)+(0.299*G50)+(0.412*H50)))),2) -> 2055.39 | H61: R$/T | J61: =TRUNC(($K$25*((26.939+(0.253*F51)+(0.299*G51)+(0.412*H51)))),2) -> 1666.36 | K61: R$/T
B63: Serviço | D63: R-1 Com Impostos | E63: Unidade | G63: R-2 Com Impostos | H63: Unidade | J63: R-3 Com Impostos | K63: Unidade
B64: Aquisição | D64: =TRUNC(D60/(1-($I$18+$K$18+$J$18-($K$18+$J$18)*$I$18))) -> 5576 | E64: R$/T | G64: =TRUNC(((G60/(1-($I$18+$K$18+$J$18-($K$18+$J$18)*$I$18))))) -> 5944 | H64: R$/T | J64: =TRUNC(((J60/(1-($I$18+$K$18+$J$18-($K$18+$J$18)*$I$18))))) -> 7207 | K64: R$/T
B65: Transporte | D65: =TRUNC(D61*(1+I49),2) -> 558.98 | E65: R$/T | G65: =TRUNC(G61*(1+I50),2) -> 2476.74 | H65: R$/T | J65: =TRUNC(J61*(1+I51),2) -> 2007.96 | K65: R$/T
J66: =J65+J64 -> 9214.96
B67: Serviço | D67: BDI | E67: Unidade | G67: BDI | H67: Unidade | J67: BDI | K67: Unidade
B68: Aquisição | D68: =TRUNC(D64*$L$18,2) -> 1183.78 | E68: R$/T | G68: =TRUNC(G64*$L$19,2) -> 1261.91 | H68: R$/T | J68: =TRUNC(J64*$L$20,2) -> 1530.04 | K68: R$/T
B69: Transporte | D69: =TRUNC(D65*$L$18,2) -> 118.67 | E69: R$/T | G69: =TRUNC(G65*$L$19,2) -> 525.81 | H69: R$/T | J69: =TRUNC(J65*$L$20,2) -> 426.28 | K69: R$/T
B71: Serviço | D71: R-1 Total | E71: Unidade | G71: R-2 Total | H71: Unidade | J71: R-3 Total | K71: Unidade
B72: Aquisição | D72: =SUM(D64,D68) -> 6759.78 | E72: R$ | G72: =SUM(G64,G68) -> 7205.91 | H72: R$ | J72: =SUM(J64,J68) -> 8737.04 | K72: R$
B73: Transporte | D73: =SUM(D65,D69) -> 677.65 | E73: R$ | G73: =SUM(G65,G69) -> 3002.55 | H73: R$ | J73: =SUM(J65,J69) -> 2434.24 | K73: R$
B74: Total | D74: =IF(D72=0,0,SUM(D72:D73)) -> 7437.43 | E74: R$ | G74: =IF(G72=0,0,SUM(G72:G73)) -> 10208.46 | H74: R$ | J74: =IF(J72=0,0,SUM(J72:J73)) -> 11171.28 | K74: R$
B76: EMULSÕES ASFÁLTICAS RR-1C
C78: UF | D78: Local | E78: FLU (D) | F78: PAV (D1) | G78: N PAV (D2) | H78: L N (D3) | I78: ICMS (%) | J78: COFINS (%) | K78: PIS (%) | L78: BDI (%) | M78: AQUISIÇÃO ANP (R$/kg)
B79: R-1 | C79: Ceará | E79: 0 | F79: ='REFINARIAS-ANP'!$G$14 -> 733 | G79: 0 | H79: 0 | I79: 0.205 | J79: 0.03 | K79: 0.0065 | L79: =L18 -> 0.2123 | M79: ='REFINARIAS-ANP'!$H$39 -> 2.9898729
B80: R-2 | C80: Rio Grande do Sul | E80: 0 | F80: ='REFINARIAS-ANP'!$G$20 -> 3613 | G80: 0 | H80: 0 | I80: 0.205 | J80: 0.03 | K80: 0.0065 | L80: =L19 -> 0.2123 | M80: ='REFINARIAS-ANP'!$H$40 -> 2.6963804
B81: R-3 | C81: Minas Gerais | E81: 0 | F81: ='REFINARIAS-ANP'!$G$18 -> 1904 | G81: 0 | H81: 0 | I81: 0.205 | J81: 0.03 | K81: 0.0065 | L81: =L20 -> 0.2123 | M81: ='REFINARIAS-ANP'!$H$41 -> 2.4310573
C83: Transporte Rodoviário | H83: Indice Reajuste | I83: DATA BASE | K83: Fator Correção
C84: T.R. = 26,939 + (0,253 x D1) + (0,299xD2) + (0,412xD3) | I84: I0 | J84: I1
I85: 41821 | J85: =$J$24 -> 45931
H86: PAVIMENTAÇÃO | I86: 270.237 | J86: =J25 -> 590.239 | K86: =ROUND((J86/I86),4) -> 2.1842
B89: Serviço | D89: R-1 Sem ICMS | E89: Unidade | G89: R-2 Sem ICMS | H89: Unidade | J89: R-3 Sem ICMS | K89: Unidade
B90: Aquisição | D90: =TRUNC(M79*1000,2) -> 2989.87 | E90: R$/T | G90: =TRUNC(M80*1000,2) -> 2696.38 | H90: R$/T | J90: =TRUNC(M81*1000,2) -> 2431.05 | K90: R$/T
B91: Transporte | D91: =TRUNC(($K$25*((26.939+(0.253*F79)+(0.299*G79)+(0.412*H79)))),2) -> 463.89 | E91: R$/T | G91: =TRUNC(($K$25*((26.939+(0.253*F80)+(0.299*G80)+(0.412*H80)))),2) -> 2055.39 | H91: R$/T | J91: =TRUNC(($K$25*((26.939+(0.253*F81)+(0.299*G81)+(0.412*H81)))),2) -> 1110.99 | K91: R$/T
B93: Serviço | D93: R-1 Com Impostos | E93: Unidade | G93: R-2 Com Impostos | H93: Unidade | J93: R-3 Com Impostos | K93: Unidade
B94: Aquisição | D94: =TRUNC(D90/(1-($I$18+$K$18+$J$18-($K$18+$J$18)*$I$18))) -> 3903 | E94: R$/T | G94: =TRUNC(((G90/(1-($I$18+$K$18+$J$18-($K$18+$J$18)*$I$18))))) -> 3520 | H94: R$/T | J94: =TRUNC(((J90*I79)+(J90*J79)+(J90*K79))+J90,2) -> 3018.14 | K94: R$/T
B95: Transporte | D95: =TRUNC(D91*(1+I79),2) -> 558.98 | E95: R$/T | G95: =TRUNC(G91*(1+I80),2) -> 2476.74 | H95: R$/T | J95: =TRUNC(J91*(1+I81),2) -> 1338.74 | K95: R$/T
B97: Serviço | D97: BDI | E97: Unidade | G97: BDI | H97: Unidade | J97: BDI | K97: Unidade
B98: Aquisição | D98: =TRUNC(D94*$L$18,2) -> 828.6 | E98: R$/T | G98: =TRUNC(G94*$L$19,2) -> 747.29 | H98: R$/T | J98: =TRUNC(J94*$L$20,2) -> 640.75 | K98: R$/T
B99: Transporte | D99: =TRUNC(D95*$L$18,2) -> 118.67 | E99: R$/T | G99: =TRUNC(G95*$L$19,2) -> 525.81 | H99: R$/T | J99: =TRUNC(J95*$L$20,2) -> 284.21 | K99: R$/T
B101: Serviço | D101: R-1 Total | E101: Unidade | G101: R-2 Total | H101: Unidade | J101: R-3 Total | K101: Unidade
B102: Aquisição | D102: =SUM(D94,D98) -> 4731.6 | E102: R$ | G102: =SUM(G94,G98) -> 4267.29 | H102: R$ | J102: =SUM(J94,J98) -> 3658.89 | K102: R$
B103: Transporte | D103: =SUM(D95,D99) -> 677.65 | E103: R$ | G103: =SUM(G95,G99) -> 3002.55 | H103: R$ | J103: =SUM(J95,J99) -> 1622.95 | K103: R$
B104: Total | D104: =IF(D102=0,0,SUM(D102:D103)) -> 5409.25 | E104: R$ | G104: =IF(G102=0,0,SUM(G102:G103)) -> 7269.84 | H104: R$ | J104: =IF(J102=0,0,SUM(J102:J103)) -> 5281.84 | K104: R$
B108: EMULSÕES ASFÁLTICAS RR-2C
C110: UF | D110: Local | E110: FLU (D) | F110: PAV (D1) | G110: N PAV (D2) | H110: L N (D3) | I110: ICMS (%) | J110: COFINS (%) | K110: PIS (%) | L110: BDI (%) | M110: AQUISIÇÃO ANP (R$/kg)
B111: R-1 | C111: Ceará | E111: 0 | F111: ='REFINARIAS-ANP'!$G$14 -> 733 | G111: 0 | H111: 0 | I111: 0.205 | J111: 0.03 | K111: 0.0065 | L111: =L50 -> 0.2123 | M111: ='REFINARIAS-ANP'!$H$42 -> 2.3972662
B112: R-2 | C112: Rio Grande do Sul | E112: 0 | F112: ='REFINARIAS-ANP'!$G$20 -> 3613 | G112: 0 | H112: 0 | I112: 0.205 | J112: 0.03 | K112: 0.0065 | L112: =L51 -> 0.2123 | M112: ='REFINARIAS-ANP'!$H$43 -> 2.9587381
B113: R-3 | C113: Mato Grosso | E113: 0 | F113: ='REFINARIAS-ANP'!$G$22 -> 2909 | G113: 0 | H113: 0 | I113: 0.205 | J113: 0.03 | K113: 0.0065 | L113: 0.2131 | M113: ='REFINARIAS-ANP'!$H$44 -> 3.447197
C115: Transporte Rodoviário | H115: Indice Reajuste | I115: DATA BASE | K115: Fator Correção
C116: T.R. = 26,939 + (0,253 x D1) + (0,299xD2) + (0,412xD3) | I116: I0 | J116: I1
I117: 41821 | J117: =$J$24 -> 45931
H118: PAVIMENTAÇÃO | I118: 270.237 | J118: =$J$25 -> 590.239 | K118: =ROUND((J118/I118),4) -> 2.1842
B121: Serviço | D121: R-1 Sem ICMS | E121: Unidade | G121: R-2 Sem ICMS | H121: Unidade | J121: R-3 Sem ICMS | K121: Unidade
B122: Aquisição | D122: =TRUNC(M111*1000,2) -> 2397.26 | E122: R$/T | G122: =TRUNC(M112*1000,2) -> 2958.73 | H122: R$/T | J122: =TRUNC(M113*1000,2) -> 3447.19 | K122: R$/T
B123: Transporte | D123: =TRUNC(($K$25*((26.939+(0.253*F111)+(0.299*G111)+(0.412*H111)))),2) -> 463.89 | E123: R$/T | G123: =TRUNC(($K$25*((26.939+(0.253*F112)+(0.299*G112)+(0.412*H112)))),2) -> 2055.39 | H123: R$/T | J123: =TRUNC(($K$25*((26.939+(0.253*F113)+(0.299*G113)+(0.412*H113)))),2) -> 1666.36 | K123: R$/T
B125: Serviço | D125: R-1 Com Impostos | E125: Unidade | G125: R-2 Com Impostos | H125: Unidade | J125: R-3 Com Impostos | K125: Unidade
B126: Aquisição | D126: =TRUNC(D122/(1-($I$18+$K$18+$J$18-($K$18+$J$18)*$I$18))) -> 3129 | E126: R$/T | G126: =TRUNC(((G122/(1-($I$18+$K$18+$J$18-($K$18+$J$18)*$I$18))))) -> 3862 | H126: R$/T | J126: =TRUNC(((J122*I111)+(J122*J111)+(J122*K111))+J122,2) -> 4279.68 | K126: R$/T
B127: Transporte | D127: =TRUNC(D123*(1+I111),2) -> 558.98 | E127: R$/T | G127: =TRUNC(G123*(1+I112),2) -> 2476.74 | H127: R$/T | J127: =TRUNC(J123*(1+I113),2) -> 2007.96 | K127: R$/T
B129: Serviço | D129: BDI | E129: Unidade | G129: BDI | H129: Unidade | J129: BDI | K129: Unidade
B130: Aquisição | D130: =TRUNC(D126*$L$18,2) -> 664.28 | E130: R$/T | G130: =TRUNC(G126*$L$19,2) -> 819.9 | H130: R$/T | J130: =TRUNC(J126*$L$20,2) -> 908.57 | K130: R$/T
B131: Transporte | D131: =TRUNC(D127*$L$18,2) -> 118.67 | E131: R$/T | G131: =TRUNC(G127*$L$19,2) -> 525.81 | H131: R$/T | J131: =TRUNC(J127*$L$20,2) -> 426.28 | K131: R$/T
B133: Serviço | D133: R-1 Total | E133: Unidade | G133: R-2 Total | H133: Unidade | J133: R-3 Total | K133: Unidade
B134: Aquisição | D134: =SUM(D126,D130) -> 3793.28 | E134: R$ | G134: =SUM(G126,G130) -> 4681.9 | H134: R$ | J134: =SUM(J126,J130) -> 5188.25 | K134: R$
B135: Transporte | D135: =SUM(D127,D131) -> 677.65 | E135: R$ | G135: =SUM(G127,G131) -> 3002.55 | H135: R$ | J135: =SUM(J127,J131) -> 2434.24 | K135: R$
B136: Total | D136: =IF(D134=0,0,SUM(D134:D135)) -> 4470.93 | E136: R$ | G136: =IF(G134=0,0,SUM(G134:G135)) -> 7684.45 | H136: R$ | J136: =IF(J134=0,0,SUM(J134:J135)) -> 7622.49 | K136: R$
E138: RESUMO
E139: PRODUTO | F139: CÓDIGO | G139: SERVIÇO | I139: UNIDADE | J139: CUSTO DIRETO | K139: PREÇO UNITARIO
E140: CAP 50/70 | F140: AQ-01 | G140: Aquisição de CAP 50/70 | I140: t | J140: =D33 -> 4044 | K140: =D41 -> 4902.54
F141: TR-01 | G141: Transporte de CAP 50/70 | I141: t | J141: =D34 -> 558.98 | K141: =D42 -> 677.65
...

Sheet Planilha1
A1: CODIGO | B1: MATERIAL | C1: und | D1: VALOR
A2: COT-01 | B2: Brita 0 | C2: m³ | D2: 117.93 | F2: t | G2: 88
A3: COT-02 | B3: Brita 1 | C3: m³ | D3: 118.32 | F3: t | G3: 87
A4: COT-03 | B4: Brita 2 | C4: m³ | D4: 118.13 | F4: t | G4: 85
A5: COT-04 | B5: Pedra De Mão ou Rachão | C5: m³ | D5: 118.75 | F5: t | G5: 75
A6: COT-05 | B6: Pó de Pedra | C6: m³ | D6: 99.77 | F6: t
A7: COT-06 | B7: BGS | C7: m³ | D7: 135.01 | F7: t | G7: 80
A8: COT-08 | B8: CTR CONCRETO | C8: t | D8: 80 | F8: t | G8: 80
A9: COT-09 | B9: CTR SOLO | C9: t | D9: 95 | F9: t | G9: 95
A10: COT-10 | B10: Areia Média | C10: m³ | D10: 39.71

Sheet sicro-jan25
A1: CGCIT | B1: SISTEMA DE CUSTOS REFERENCIAIS DE OBRAS - SICRO | D1: DNIT
B2: Pernambuco - Janeiro/2025
A3: Código | B3: Descrição do Serviço | C3: Unidade | D3: Custo Unitário (R$)
A4: 307731 | B4: Aparelho de apoio de neoprene fretado para estruturas moldadas no local - fornecimento e instalação | C4: dm³ | D4: 137.13
A5: 307732 | B5: Aparelho de apoio de neoprene fretado para estruturas pré-moldadas - fornecimento e instalação | C5: dm³ | D5: 112.21
A6: 308308 | B6: Aparelho de apoio metálico elastomérico fixo com capacidade de 1.500 kN - fornecimento e instalação | C6: un | D6: 5551.48
A7: 308313 | B7: Aparelho de apoio metálico elastomérico fixo com capacidade de 10.000 kN - fornecimento e instalação | C7: un | D7: 34528.07
A8: 308309 | B8: Aparelho de apoio metálico elastomérico fixo com capacidade de 2.500 kN - fornecimento e instalação | C8: un | D8: 9137.43
A9: 308310 | B9: Aparelho de apoio metálico elastomérico fixo com capacidade de 4.000 kN - fornecimento e instalação | C9: un | D9: 12669.32
A10: 308311 | B10: Aparelho de apoio metálico elastomérico fixo com capacidade de 5.500 kN - fornecimento e instalação | C10: un | D10: 17780.47
A11: 308312 | B11: Aparelho de apoio metálico elastomérico fixo com capacidade de 7.500 kN - fornecimento e instalação | C11: un | D11: 24753.05
A12: 308307 | B12: Aparelho de apoio metálico elastomérico fixo com capacidade de 700 kN - fornecimento e instalação | C12: un | D12: 3431.12
A13: 308322 | B13: Aparelho de apoio metálico elastomérico multidirecional com capacidade de 1.500 kN - fornecimento e instalação | C13: un | D13: 4877.9
A14: 308327 | B14: Aparelho de apoio metálico elastomérico multidirecional com capacidade de 10.000 kN - fornecimento e instalação | C14: un | D14: 29588.12
A15: 308323 | B15: Aparelho de apoio metálico elastomérico multidirecional com capacidade de 2.500 kN - fornecimento e instalação | C15: un | D15: 7500.75
... A6492: 7107378 | B6492: Tratamento superficial e pintura do fundo do flutuante | C6492: m² | D6492: 162.8
A6502: E9001 | B6502: Conjunto vibratório para tubos de concreto com encaixe PB e 3 jogos de fôrmas - D = 0,60 m - 2,20 kW | C6502: 17.2065 | D6502: 10.6934
A6503: E9002 | B6503: Conjunto vibratório para tubos de concreto com encaixe PB e 3 jogos de fôrmas - D = 0,80 m - 2,20 kW | C6503: 23.3892 | D6503: 14.5358
A6504: E9003 | B6504: Conjunto vibratório para tubos de concreto com encaixe PB e 3 jogos de fôrmas - D = 1,00 m - 2,20 kW | C6504: 28.0246 | D6504: 17.4166
A6505: E9004 | B6505: Conjunto vibratório para tubos de concreto com encaixe PB e 3 jogos de fôrmas - D = 1,20 m - 2,20 kW | C6505: 29.7129 | D6505: 18.4658
A6506: E9005 | B6506: Conjunto vibratório para tubos de concreto com encaixe PB e 3 jogos de fôrmas - D = 1,50 m - 2,20 kW | C6506: 35.285 | D6506: 21.9287
A6507: E9006 | B6507: Equipamento para sondagem manual | C6507: 1.3938 | D6507: 0.9398
A6508: E9007 | B6508: Bomba de pistão triplex com capacidade de 7,80 m³/h (130 l/min) - 8,20 kW | C6508: 35.1053 | D6508: 15.6643
A6509: E9008 | B6509: Transportador manual de tubos de concreto com capacidade de 1 t | C6509: 2.3621 | D6509: 1.5541
A6510: E9009 | B6510: Embarcação rebocadora - 268 kW | C6510: 438.7846 | D6510: 147.8111
A6511: E9010 | B6511: Balança plataforma digital à bateria, com mesa de 75 x 75 cm e capacidade de 500 kg | C6511: 1.1991 | D6511: 0.8055
A6512: E9011 | B6512: Carro manual modelo plataforma de 200 x 80 cm com capacidade de 800 kg | C6512: 0.5929 | D6512: 0.4059
A6513: E9014 | B6513: Deflectômetro de impacto (FWD) instalado em picape com reboque e faixa de carga de 7 a 120 kN - 147 kW | C6513: 367.7432 | D6513: 255.348
... A7039: A9362 | B7039: Tanque para hidrossemeadura com capacidade de 7.500 l | C7039: 112.2213 | D7039: 71.7701
A7046: P9801 | B7046: Ajudante | C7046: h | D7046: 22.3398
A7047: P9802 | B7047: Ajudante especializado | C7047: h | D7047: 26.0956
A7048: P9803 | B7048: Almoxarife | C7048: mês | D7048: 6204.3107
A7049: P9804 | B7049: Apontador | C7049: mês | D7049: 4985.1408
A7050: P9805 | B7050: Armador | C7050: h | D7050: 30.6915
A7051: P9806 | B7051: Auxiliar administrativo | C7051: mês | D7051: 4979.7912
A7052: P9807 | B7052: Bombeiro hidráulico | C7052: h | D7052: 31.2411
A7053: P9808 | B7053: Carpinteiro | C7053: h | D7053: 27.5862
A7054: P9809 | B7054: Encarregado administrativo | C7054: mês | D7054: 7206.5762
A7055: P9810 | B7055: Eletricista | C7055: h | D7055: 31.1718
A7056: P9811 | B7056: Encarregado especializado | C7056: mês | D7056: 7778.0818
A7057: P9812 | B7057: Engenheiro | C7057: mês | D7057: 24699.586
... A7228: M0103 | B7228: Aditivo acelerador de pega para concreto e argamassa projetados | C7228: kg | D7228: 7.3842
A7229: M0104 | B7229: Asfalto diluído de petróleo - CM-30 | C7229: t | D7229: -
A7230: M0105 | B7230: Ancoragem ativa para 4 cordoalhas - D = 15,2 mm | C7230: un | D7230: 472.7071
A7231: M0106 | B7231: Ancoragem ativa para 6 cordoalhas - D = 15,2 mm | C7231: un | D7231: 627.4604
A7232: M0107 | B7232: Geocomposto para drenagem | C7232: m² | D7232: 45.2578
A7233: M0108 | B7233: Ancoragem ativa para 7 cordoalhas - D = 15,2 mm | C7233: un | D7233: 738.994
A7234: M0109 | B7234: Geodreno vertical - L = 10 cm e E = 5 mm | C7234: m | D7234: 5.18
A7235: M0110 | B7235: Ancoragem ativa para 10 cordoalhas - D = 15,2 mm | C7235: un | D7235: 1140.167
A7236: M0111 | B7236: Ancoragem ativa para 9 cordoalhas - D = 15,2 mm | C7236: un | D7236: 1015.6145
A7237: M0112 | B7237: Disco diamantado segmentado para corte de pavimento - D = 1.000 mm | C7237: un | D7237: 5880.8537
A7238: M0113 | B7238: Ancoragem ativa para 12 cordoalhas - D = 15,2 mm | C7238: un | D7238: 1394.4375
A7239: M0114 | B7239: Disco diamantado segmentado para corte de pavimento - D = 1.500 mm | C7239: un | D7239: 26165.052
A7240: M0115 | B7240: Biomanta vegetal de fibras de coco entrelaçadas com fios de polipropileno biodegradáveis - densidade 0,4 kg/m² | C7240: m² | D7240: 6.5
A7241: M0116 | B7241: Mangote flangeado de borracha reforçada com lonas sintéticas - C = 1,80 m e D = 0,30 m | C7241: un | D7241: 16772.43
... A7373: M0450 | B7373: Compensado de virola - E = 6 mm | C7373: m² | D7373: 43.3007
A7374: M0451 | B7374: Concreto usinado - fck = 20 MPa (comercial) | C7374: m³ | D7374: -
A7375: M0452 | B7375: Concreto usinado - fck = 25 MPa (comercial) | C7375: m³ | D7375: -
A7376: M0453 | B7376: Concreto usinado - fck = 30 MPa (comercial) | C7376: m³ | D7376: -
A7377: M0454 | B7377: Concreto usinado - fck = 35 MPa (comercial) | C7377: m³ | D7377: -
A7378: M0459 | B7378: Compensado plastificado - E = 14 mm | C7378: m² | D7378: 53.946
A7379: M0467 | B7379: Luva em aço para emenda tipo prensada - D = 20,0 mm | C7379: un | D7379: 35.5962
A7380: M0468 | B7380: Luva em aço para emenda tipo prensada - D = 25,0 mm | C7380: un | D7380: 63.7775
A7381: M0469 | B7381: Luva em aço para emenda tipo prensada - D = 32,0 mm | C7381: un | D7381: 142.7545
A7382: M0470 | B7382: Luva em aço para emenda com rosca cônica - D = 12,5 mm | C7382: un | D7382: 14.6284
A7383: M0471 | B7383: Luva em aço para emenda com rosca cônica - D = 16,0 mm | C7383: un | D7383: 25.0504
A7384: M0472 | B7384: Luva em aço para emenda com rosca cônica - D = 20,0 mm | C7384: un | D7384: 34.6698
A7385: M0481 | B7385: Luva em aço para emenda com rosca cônica - D = 25,0 mm | C7385: un | D7385: 45.7096
A7386: M0502 | B7386: Luva em aço para emenda com rosca cônica - D = 32,0 mm | C7386: un | D7386: 67.4103
A7387: M0505 | B7387: Broca de widia - D = 6,5 mm e C = 100 mm | C7387: un | D7387: 4.2704
A7388: M0506 | B7388: Broca de widia - D = 8 mm e C = 120 mm | C7388: un | D7388: 7.779
A7389: M0511 | B7389: Abrasivo tipo granalha de aço | C7389: kg | D7389: 11.1115
... A7428: M0603 | B7428: Ponteiro para rompedor hidráulico de 520 kg | C7428: un | D7428: 6044.5585
A7429: M0614 | B7429: Concreto usinado - fctM,k = 4,5 MPa (comercial) | C7429: m³ | D7429: -
A7430: M0615 | B7430: Aditivo incorporador de ar para concreto e argamassa | C7430: kg | D7430: 7.1773
A7431: M0639 | B7431: Bico para corte a plasma CNC - 130A | C7431: un | D7431: 139.9042
A7432: M0640 | B7432: Bocal para corte a plasma CNC - 130A | C7432: un | D7432: 124.85
A7433: M0641 | B7433: Capa do bico para corte a plasma CNC - 130A | C7433: un | D7433: 1537
A7434: M0642 | B7434: Capa do bocal para corte a plasma CNC - 130A | C7434: un | D7434: 774.08
A7435: M0643 | B7435: Distribuidor de gás para corte a plasma CNC - 130A | C7435: un | D7435: 207.43
A7436: M0644 | B7436: Eletrodo para corte a plasma CNC - 130A | C7436: un | D7436: 125.04
A7437: M0645 | B7437: Tubo de água para corte a plasma CNC - 130A | C7437: un | D7437: 196.62
A7438: M0646 | B7438: Estaca pré-moldada de concreto protendido com compressão admissível de 100 t | C7438: m | D7438: 263.4586
A7439: M0647 | B7439: Estaca pré-moldada de concreto protendido com compressão admissível de 25 t | C7439: m | D7439: 86.9984
A7440: M0648 | B7440: Estaca pré-moldada de concreto protendido com compressão admissível de 35 t | C7440: m | D7440: 113.7989
A7441: M0649 | B7441: Estaca pré-moldada de concreto protendido com compressão admissível de 60 t | C7441: m | D7441: 124
... A7469: M0773 | B7469: Perfil de alumínio tipo L463 para placa de sinalização - seção de 50 x 50 mm | C7469: m | D7469: 53.9447
A7470: M0785 | B7470: Massa asfáltica comercial | C7470: t | D7470: -
A7471: M0786 | B7471: Placa de poliestireno expandido (EPS) | C7471: m³ | D7471: 356
A7472: M0787 | B7472: Suporte em aço-carbono galvanizado tipo perfil C para placa de sinalização | C7472: kg | D7472: 29.9364
A7473: M0789 | B7473: Conjunto para fixação de placas em aço galvanizado composto por barra chata, abraçadeira, parafusos, porcas e arruelas | C7473: kg | D7473: 29.7301
A7474: M0796 | B7474: Semipórtico metálico para vão de 8,3 m e vento de 35 m/s | C7474: un | D7474: 61070.056
A7475: M0798 | B7475: Apoio de neoprene fretado | C7475: dm³ | D7475: 107.5693
A7476: M0804 | B7476: Cabo de aço - D = 12,70 mm (1/2") | C7476: m | D7476: 30.2767
A7477: M0805 | B7477: Semipórtico duplo metálico para vão de 2 x 8,3 m e vento de 35 m/s | C7477: un | D7477: 98751.707
A7478: M0808 | B7478: Brita 4 | C7478: m³ | D7478: 119.004
A7479: M0809 | B7479: Cabo de aço - D = 6,35 mm (1/4") | C7479: m | D7479: 11.0227
A7480: M0810 | B7480: Cabo de aço - D = 52,00 mm (2") | C7480: m | D7480: 679.0115
A7481: M0812 | B7481: Sapatilha em aço inox - D = 6,35 mm (1/4") | C7481: un | D7481: 3.7699
A7482: M0818 | B7482: Semipórtico metálico para vão de 8,3 m e vento de 40 m/s | C7482: un | D7482: 65210.916
...
